Workbook
Name __xlnm_Print_Area: 'Cronograma GERAL'!$A$1:$AS$81

Sheet SINAPI JAN26
A1: Observação: | B1: %AS (porcentagem Atribuído São Paulo) corresponde a porcentagem do custo total da
B2: composição que foi obtida utilizando preços de insumos de São Paulo por indisponibilidade
B3: dos preços de insumos necessários à composição no estado em questão. Custo zerado (hífen) | C3: Encargos sociais sobre a mão de obra:
B4: indica que pelo menos um dos itens da composição não tem custo/preço. | C4: (SEM DESONERAÇÃO)
C5: Localidade
A6: Mês de Referência: | B6: 01/2026 | C6: Horista | D6: 1.1548
A7: Data de emissão: | B7: 10/02/2026 | C7: Mensalista | D7: 0.7154
C10: Unidade | E10: %AS
A11: 104658 | B11: PISO PODOTÁTIL DE ALERTA OU DIRECIONAL, DE CONCRETO, ASSENTADO SOBRE ARGAMASSA. AF_03/2024 | C11: M2 | D11: 194.52 | E11: 0
A12: 105002 | B12: RAMPA DE ACESSIBILIDADE EM CONCRETO MOLDADO IN LOCO, EM CALÇADA NOVA COM LARGURA MAIOR OU IGUAL À 3,00 M, FCK 25MPA, COM PISO PODOTÁTIL. AF_03/2024 | C12: UN | D12: 795.96 | E12: 0
A13: 105004 | B13: RAMPA DE ACESSIBILIDADE EM CONCRETO MOLDADO IN LOCO, EM CALÇADA NOVA COM LARGURA MENOR À 3,00 M, FCK 25MPA, COM PISO PODOTÁTIL. AF_03/2024 | C13: M2 | D13: 134.96 | E13: 0
A14: 105003 | B14: RAMPA DE ACESSIBILIDADE EM CONCRETO MOLDADO IN LOCO, EM CALÇADA PRÉ EXISTENTE COM LARGURA MAIOR OU IGUAL À 3,00 M, FCK 25MPA, COM PISO PODOTÁTIL. AF_03/2024 | C14: UN | D14: 1364.85 | E14: 0
A15: 105005 | B15: RAMPA DE ACESSIBILIDADE EM CONCRETO MOLDADO IN LOCO, EM CALÇADA PRÉ EXISTENTE COM LARGURA MENOR À 3,00 M, FCK 25MPA, COM PISO PODOTÁTIL. AF_03/2024 | C15: M2 | D15: 240.29 | E15: 0
A16: 105006 | B16: RAMPA DE ACESSIBILIDADE EM CONCRETO PRÉ MOLDADO, EM CALÇADA NOVA COM LARGURA MAIOR OU IGUAL À 3,00 M, FCK 25MPA, COM PISO PODOTÁTIL. AF_03/2024 | C16: UN | D16: 0
A17: 104999 | B17: RAMPA DE ACESSIBILIDADE EM CONCRETO PRÉ MOLDADO, EM CALÇADA PRÉ EXISTENTE COM LARGURA MAIOR OU IGUAL À 3,00 M, FCK 25MPA, COM PISO PODOTÁTIL. AF_03/2024 | C17: UN | D17: 0
A18: 105000 | B18: RAMPA DE ACESSIBILIDADE PARA ACESSO A EDIFICAÇÕES COM INCLINAÇÃO DE 8,33% EM CONCRETO MOLDADO IN LOCO, COM LARGURA DE 1,20M, FCK 25MPA, NÃO ARMADA, COM JUNTA A CADA 2M COM CORTE À SECO. AF_03/2024 | C18: M | D18: 1317.89 | E18: 0
A19: 105001 | B19: RAMPA DE ACESSIBILIDADE PARA ACESSO A EDIFICAÇÕES COM INCLINAÇÃO DE 8,33% EM CONCRETO MOLDADO IN LOCO, COM LARGURA DE 1,50M, FCK 25MPA, NÃO ARMADA, COM JUNTA A CADA 2M COM CORTE À SECO. AF_03/2024 | C19: M | D19: 1348.47 | E19: 0
A20: 89306 | B20: ALVENARIA ESTRUTURAL DE BLOCOS CERÂMICOS 14X19X29, (ESPESSURA DE 14 CM), UTILIZANDO COLHER DE PEDREIRO E ARGAMASSA DE ASSENTAMENTO COM PREPARO EM BETONEIRA. AF_03/2023 | C20: M2 | D20: 109.23 | E20: 0
A21: 89307 | B21: ALVENARIA ESTRUTURAL DE BLOCOS CERÂMICOS 14X19X29, (ESPESSURA DE 14 CM), UTILIZANDO COLHER DE PEDREIRO E ARGAMASSA DE ASSENTAMENTO COM PREPARO MANUAL. AF_03/2023 | C21: M2 | D21: 112.43 | E21: 0
A22: 89290 | B22: ALVENARIA ESTRUTURAL DE BLOCOS CERÂMICOS 14X19X29, (ESPESSURA DE 14 CM), UTILIZANDO PALHETA E ARGAMASSA DE ASSENTAMENTO COM PREPARO EM BETONEIRA. AF_03/2023 | C22: M2 | D22: 88.84 | E22: 0
A23: 89291 | B23: ALVENARIA ESTRUTURAL DE BLOCOS CERÂMICOS 14X19X29, (ESPESSURA DE 14 CM), UTILIZANDO PALHETA E ARGAMASSA DE ASSENTAMENTO COM PREPARO MANUAL. AF_03/2023 | C23: M2 | D23: 91.22 | E23: 0
A24: 89298 | B24: ALVENARIA ESTRUTURAL DE BLOCOS CERÂMICOS 14X19X39, (ESPESSURA DE 14 CM), UTILIZANDO COLHER DE PEDREIRO E ARGAMASSA DE ASSENTAMENTO COM PREPARO EM BETONEIRA. AF_03/2023 | C24: M2 | D24: 92.57 | E24: 0
A25: 89299 | B25: ALVENARIA ESTRUTURAL DE BLOCOS CERÂMICOS 14X19X39, (ESPESSURA DE 14 CM), UTILIZANDO COLHER DE PEDREIRO E ARGAMASSA DE ASSENTAMENTO COM PREPARO MANUAL. AF_03/2023 | C25: M2 | D25: 95.44 | E25: 0
A26: 89282 | B26: ALVENARIA ESTRUTURAL DE BLOCOS CERÂMICOS 14X19X39, (ESPESSURA DE 14 CM), UTILIZANDO PALHETA E ARGAMASSA DE ASSENTAMENTO COM PREPARO EM BETONEIRA. AF_03/2023 | C26: M2 | D26: 78.36 | E26: 0
A27: 89283 | B27: ALVENARIA ESTRUTURAL DE BLOCOS CERÂMICOS 14X19X39, (ESPESSURA DE 14 CM), UTILIZANDO PALHETA E ARGAMASSA DE ASSENTAMENTO COM PREPARO MANUAL. AF_03/2023 | C27: M2 | D27: 80.5 | E27: 0
A28: 89480 | B28: ALVENARIA DE BLOCOS DE CONCRETO ESTRUTURAL 14X19X29 CM (ESPESSURA 14 CM), FBK = 14 MPA, UTILIZANDO COLHER DE PEDREIRO. AF_10/2022 | C28: M2 | D28: 173.18 | E28: 0
A29: 89464 | B29: ALVENARIA DE BLOCOS DE CONCRETO ESTRUTURAL 14X19X29 CM (ESPESSURA 14 CM), FBK = 14,0 MPA, UTILIZANDO PALHETA. AF_10/2022 | C29: M2 | D29: 147.69 | E29: 0
... A31: 89462 | B31: ALVENARIA DE BLOCOS DE CONCRETO ESTRUTURAL 14X19X29 CM (ESPESSURA 14 CM), FBK = 4,5 MPA, UTILIZANDO PALHETA. AF_10/2022 | C31: M2 | D31: 126.62 | E31: 0
A32: 104444 | B32: ALVENARIA DE BLOCOS DE CONCRETO ESTRUTURAL 14X19X29 CM (ESPESSURA 14 CM), FBK = 8 MPA, UTILIZANDO COLHER DE PEDREIRO. AF_10/2022 | C32: M2 | D32: 0
A33: 104442 | B33: ALVENARIA DE BLOCOS DE CONCRETO ESTRUTURAL 14X19X29 CM (ESPESSURA 14 CM), FBK = 8 MPA, UTILIZANDO PALHETA. AF_10/2022 | C33: M2 | D33: 0
A34: 89472 | B34: ALVENARIA DE BLOCOS DE CONCRETO ESTRUTURAL 14X19X39 CM (ESPESSURA 14 CM), FBK = 14 MPA, UTILIZANDO COLHER DE PEDREIRO. AF_10/2022 | C34: M2 | D34: 128.8 | E34: 0
A35: 89455 | B35: ALVENARIA DE BLOCOS DE CONCRETO ESTRUTURAL 14X19X39 CM (ESPESSURA 14 CM), FBK = 14 MPA, UTILIZANDO PALHETA. AF_10/2022 | C35: M2 | D35: 113.06 | E35: 0
A36: 89470 | B36: ALVENARIA DE BLOCOS DE CONCRETO ESTRUTURAL 14X19X39 CM (ESPESSURA 14 CM), FBK = 4,5 MPA, UTILIZANDO COLHER DE PEDREIRO. AF_10/2022 | C36: M2 | D36: 108.55 | E36: 0
A37: 89453 | B37: ALVENARIA DE BLOCOS DE CONCRETO ESTRUTURAL 14X19X39 CM (ESPESSURA 14 CM), FBK = 4,5 MPA, UTILIZANDO PALHETA. AF_10/2022 | C37: M2 | D37: 94.13 | E37: 0
A38: 104443 | B38: ALVENARIA DE BLOCOS DE CONCRETO ESTRUTURAL 14X19X39 CM (ESPESSURA 14 CM), FBK = 8 MPA, UTILIZANDO COLHER DE PEDREIRO. AF_10/2022 | C38: M2 | D38: 0
A39: 104441 | B39: ALVENARIA DE BLOCOS DE CONCRETO ESTRUTURAL 14X19X39 CM (ESPESSURA 14 CM), FBK = 8 MPA, UTILIZANDO PALHETA. AF_10/2022 | C39: M2 | D39: 0
A40: 103354 | B40: ALVENARIA DE VEDAÇÃO DE BLOCOS CERÂMICOS FURADOS NA HORIZONTAL DE 11,5X14X24 CM (ESPESSURA 11,5 CM) E ARGAMASSA DE ASSENTAMENTO COM PREPARO EM BETONEIRA. AF_12/2021 | C40: M2 | D40: 103.95 | E40: 0
A41: 103355 | B41: ALVENARIA DE VEDAÇÃO DE BLOCOS CERÂMICOS FURADOS NA HORIZONTAL DE 11,5X14X24 CM (ESPESSURA 11,5 CM) E ARGAMASSA DE ASSENTAMENTO COM PREPARO MANUAL. AF_12/2021 | C41: M2 | D41: 105.84 | E41: 0
A42: 103330 | B42: ALVENARIA DE VEDAÇÃO DE BLOCOS CERÂMICOS FURADOS NA HORIZONTAL DE 11,5X19X19 CM (ESPESSURA 11,5 CM) E ARGAMASSA DE ASSENTAMENTO COM PREPARO EM BETONEIRA. AF_12/2021 | C42: M2 | D42: 95.31 | E42: 0
A43: 103331 | B43: ALVENARIA DE VEDAÇÃO DE BLOCOS CERÂMICOS FURADOS NA HORIZONTAL DE 11,5X19X19 CM (ESPESSURA 11,5 CM) E ARGAMASSA DE ASSENTAMENTO COM PREPARO MANUAL. AF_12/2021 | C43: M2 | D43: 97.09 | E43: 0
A44: 103358 | B44: ALVENARIA DE VEDAÇÃO DE BLOCOS CERÂMICOS FURADOS NA HORIZONTAL DE 11,5X19X29 CM (ESPESSURA 11,5 CM) E ARGAMASSA DE ASSENTAMENTO COM PREPARO EM BETONEIRA. AF_12/2021 | C44: M2 | D44: 79.91 | E44: 0
A45: 103359 | B45: ALVENARIA DE VEDAÇÃO DE BLOCOS CERÂMICOS FURADOS NA HORIZONTAL DE 11,5X19X29 CM (ESPESSURA 11,5 CM) E ARGAMASSA DE ASSENTAMENTO COM PREPARO MANUAL. AF_12/2021 | C45: M2 | D45: 81.42 | E45: 0
A46: 103366 | B46: ALVENARIA DE VEDAÇÃO DE BLOCOS CERÂMICOS FURADOS NA HORIZONTAL DE 11,5X19X39 CM (ESPESSURA 11,5 CM) E ARGAMASSA DE ASSENTAMENTO COM PREPARO EM BETONEIRA. AF_12/2021 | C46: M2 | D46: 68.74 | E46: 0
A47: 103367 | B47: ALVENARIA DE VEDAÇÃO DE BLOCOS CERÂMICOS FURADOS NA HORIZONTAL DE 11,5X19X39 CM (ESPESSURA 11,5 CM) E ARGAMASSA DE ASSENTAMENTO COM PREPARO MANUAL. AF_12/2021 | C47: M2 | D47: 70.1 | E47: 0
A48: 103360 | B48: ALVENARIA DE VEDAÇÃO DE BLOCOS CERÂMICOS FURADOS NA HORIZONTAL DE 14X19X29 CM (ESPESSURA 14 CM) E ARGAMASSA DE ASSENTAMENTO COM PREPARO EM BETONEIRA. AF_12/2021 | C48: M2 | D48: 93.6 | E48: 0
A49: 103361 | B49: ALVENARIA DE VEDAÇÃO DE BLOCOS CERÂMICOS FURADOS NA HORIZONTAL DE 14X19X29 CM (ESPESSURA 14 CM) E ARGAMASSA DE ASSENTAMENTO COM PREPARO MANUAL. AF_12/2021 | C49: M2 | D49: 95.51 | E49: 0
A50: 103368 | B50: ALVENARIA DE VEDAÇÃO DE BLOCOS CERÂMICOS FURADOS NA HORIZONTAL DE 14X19X39 CM (ESPESSURA 14 CM) E ARGAMASSA DE ASSENTAMENTO COM PREPARO EM BETONEIRA. AF_12/2021 | C50: M2 | D50: 78.18 | E50: 0
A51: 103369 | B51: ALVENARIA DE VEDAÇÃO DE BLOCOS CERÂMICOS FURADOS NA HORIZONTAL DE 14X19X39 CM (ESPESSURA 14 CM) E ARGAMASSA DE ASSENTAMENTO COM PREPARO MANUAL. AF_12/2021 | C51: M2 | D51: 79.9 | E51: 0
... A101: 101161 | B101: ALVENARIA DE VEDAÇÃO COM ELEMENTO VAZADO DE CONCRETO (COBOGÓ) DE 7X50X50CM E ARGAMASSA DE ASSENTAMENTO COM PREPARO EM BETONEIRA. AF_05/2020 | C101: M2 | D101: 250.52 | E101: 0
A102: 101160 | B102: ALVENARIA DE VEDAÇÃO DE BLOCO DE SOLO-CIMENTO (TIJOLO ECOLÓGICO) DE 7X15X30CM (ESPESSURA 15CM). AF_05/2020 | C102: M2 | D102: 0
A103: 101159 | B103: ALVENARIA DE VEDAÇÃO DE BLOCOS CERÂMICOS MACIÇOS DE 5X10X20CM (ESPESSURA 10CM) E ARGAMASSA DE ASSENTAMENTO COM PREPARO EM BETONEIRA. AF_05/2020 | C103: M2 | D103: 157.3 | E103: 0
A104: 101154 | B104: ALVENARIA DE VEDAÇÃO DE BLOCOS DE CONCRETO CELULAR DE 10X30X60CM (ESPESSURA 10CM) E ARGAMASSA DE ASSENTAMENTO COM PREPARO EM BETONEIRA. AF_05/2020 | C104: M2 | D104: 158.15 | E104: 0
A105: 101155 | B105: ALVENARIA DE VEDAÇÃO DE BLOCOS DE CONCRETO CELULAR DE 15X30X60CM (ESPESSURA 15CM) E ARGAMASSA DE ASSENTAMENTO COM PREPARO EM BETONEIRA. AF_05/2020 | C105: M2 | D105: 222.64 | E105: 0
A106: 101156 | B106: ALVENARIA DE VEDAÇÃO DE BLOCOS DE CONCRETO CELULAR DE 20X30X60CM (ESPESSURA 20CM) E ARGAMASSA DE ASSENTAMENTO COM PREPARO EM BETONEIRA. AF_05/2020 | C106: M2 | D106: 326.63 | E106: 0
A107: 101158 | B107: ALVENARIA DE VEDAÇÃO DE BLOCOS DE GESSO DE 10X50X66CM (ESPESSURA 10CM). AF_05/2020 | C107: M2 | D107: 88.67 | E107: 0
A108: 101157 | B108: ALVENARIA DE VEDAÇÃO DE BLOCOS DE GESSO DE 7X50X66CM (ESPESSURA 7CM). AF_05/2020 | C108: M2 | D108: 68.53 | E108: 0
A109: 87382 | B109: ARGAMASSA INDUSTRIALIZADA MULTIUSO PARA REVESTIMENTOS E ASSENTAMENTO DA ALVENARIA, PREPARO COM MISTURADOR DE EIXO HORIZONTAL DE 160 KG. AF_08/2019 | C109: M3 | D109: 1760.26 | E109: 0
A110: 87383 | B110: ARGAMASSA INDUSTRIALIZADA MULTIUSO PARA REVESTIMENTOS E ASSENTAMENTO DA ALVENARIA, PREPARO COM MISTURADOR DE EIXO HORIZONTAL DE 300 KG. AF_08/2019 | C110: M3 | D110: 1743.27 | E110: 0
A111: 87384 | B111: ARGAMASSA INDUSTRIALIZADA MULTIUSO PARA REVESTIMENTOS E ASSENTAMENTO DA ALVENARIA, PREPARO COM MISTURADOR DE EIXO HORIZONTAL DE 600 KG. AF_08/2019 | C111: M3 | D111: 1722.81 | E111: 0
A112: 87398 | B112: ARGAMASSA INDUSTRIALIZADA MULTIUSO PARA REVESTIMENTOS E ASSENTAMENTO DA ALVENARIA, PREPARO MANUAL. AF_08/2019 | C112: M3 | D112: 2036.47 | E112: 0
A113: 87395 | B113: ARGAMASSA INDUSTRIALIZADA PARA CHAPISCO COLANTE, PREPARO COM MISTURADOR DE EIXO HORIZONTAL DE 160 KG. AF_08/2019 | C113: M3 | D113: 3395.11 | E113: 0
A114: 87396 | B114: ARGAMASSA INDUSTRIALIZADA PARA CHAPISCO COLANTE, PREPARO COM MISTURADOR DE EIXO HORIZONTAL DE 300 KG. AF_08/2019 | C114: M3 | D114: 3400.05 | E114: 0
... A132: 88627 | B132: ARGAMASSA TRAÇO 1:0,5:4,5 (EM VOLUME DE CIMENTO, CAL E AREIA MÉDIA ÚMIDA) PARA ASSENTAMENTO DE ALVENARIA, PREPARO MANUAL. AF_08/2019 | C132: M3 | D132: 683.11 | E132: 0
A133: 100463 | B133: ARGAMASSA TRAÇO 1:0,5:4,5 (EM VOLUME DE CIMENTO, CAL E AREIA MÉDIA ÚMIDA), PREPARO MECÂNICO COM BETONEIRA 250 L. AF_08/2019 | C133: M3 | D133: 0
A134: 88626 | B134: ARGAMASSA TRAÇO 1:0,5:4,5 (EM VOLUME DE CIMENTO, CAL E AREIA MÉDIA ÚMIDA), PREPARO MECÂNICO COM BETONEIRA 400 L. AF_08/2019 | C134: M3 | D134: 545.07 | E134: 0
A135: 100488 | B135: ARGAMASSA TRAÇO 1:0,5:4,5 (EM VOLUME DE CIMENTO, CAL E AREIA MÉDIA ÚMIDA), PREPARO MECÂNICO COM BETONEIRA 600 L. AF_08/2019 | C135: M3 | D135: 526.89 | E135: 0
A136: 100464 | B136: ARGAMASSA TRAÇO 1:0,5:4,5 (EM VOLUME DE CIMENTO, CAL E AREIA MÉDIA ÚMIDA), PREPARO MECÂNICO COM MISTURADOR DE EIXO HORIZONTAL DE 160 KG. AF_08/2019 | C136: M3 | D136: 589.56 | E136: 0
A137: 100465 | B137: ARGAMASSA TRAÇO 1:0,5:4,5 (EM VOLUME DE CIMENTO, CAL E AREIA MÉDIA ÚMIDA), PREPARO MECÂNICO COM MISTURADOR DE EIXO HORIZONTAL DE 300 KG. AF_08/2019 | C137: M3 | D137: 528.88 | E137: 0
A138: 100466 | B138: ARGAMASSA TRAÇO 1:0,5:4,5 (EM VOLUME DE CIMENTO, CAL E AREIA MÉDIA ÚMIDA), PREPARO MECÂNICO COM MISTURADOR DE EIXO HORIZONTAL DE 600 KG. AF_08/2019 | C138: M3 | D138: 497.28 | E138: 0
A139: 87368 | B139: ARGAMASSA TRAÇO 1:1,5:7,5 (EM VOLUME DE CIMENTO, CAL E AREIA MÉDIA ÚMIDA) PARA EMBOÇO/MASSA ÚNICA/ASSENTAMENTO DE ALVENARIA DE VEDAÇÃO, PREPARO MANUAL. AF_08/2019 | C139: M3 | D139: 748.65 | E139: 0
A140: 100450 | B140: ARGAMASSA TRAÇO 1:1,5:7,5 (EM VOLUME DE CIMENTO, CAL E AREIA MÉDIA ÚMIDA) PARA EMBOÇO/MASSA ÚNICA/ASSENTAMENTO DE ALVENARIA DE VEDAÇÃO, PREPARO MECÂNICO COM BETONEIRA 250 L. AF_08/2019 | C140: M3 | D140: 0
A141: 87289 | B141: ARGAMASSA TRAÇO 1:1,5:7,5 (EM VOLUME DE CIMENTO, CAL E AREIA MÉDIA ÚMIDA) PARA EMBOÇO/MASSA ÚNICA/ASSENTAMENTO DE ALVENARIA DE VEDAÇÃO, PREPARO MECÂNICO COM BETONEIRA 400 L. AF_08/2019 | C141: M3 | D141: 572.91 | E141: 0
A142: 87290 | B142: ARGAMASSA TRAÇO 1:1,5:7,5 (EM VOLUME DE CIMENTO, CAL E AREIA MÉDIA ÚMIDA) PARA EMBOÇO/MASSA ÚNICA/ASSENTAMENTO DE ALVENARIA DE VEDAÇÃO, PREPARO MECÂNICO COM BETONEIRA 600 L. AF_08/2019 | C142: M3 | D142: 553.08 | E142: 0
A143: 87333 | B143: ARGAMASSA TRAÇO 1:1,5:7,5 (EM VOLUME DE CIMENTO, CAL E AREIA MÉDIA ÚMIDA) PARA EMBOÇO/MASSA ÚNICA/ASSENTAMENTO DE ALVENARIA DE VEDAÇÃO, PREPARO MECÂNICO COM MISTURADOR DE EIXO HORIZONTAL DE 300 KG. AF_08/2019 | C143: M3 | D143: 584.62 | E143: 0
A144: 87334 | B144: ARGAMASSA TRAÇO 1:1,5:7,5 (EM VOLUME DE CIMENTO, CAL E AREIA MÉDIA ÚMIDA) PARA EMBOÇO/MASSA ÚNICA/ASSENTAMENTO DE ALVENARIA DE VEDAÇÃO, PREPARO MECÂNICO COM MISTURADOR DE EIXO HORIZONTAL DE 600 KG. AF_08/2019 | C144: M3 | D144: 525.16 | E144: 0
A145: 105515 | B145: ARGAMASSA TRAÇO 1:1,93 (EM VOLUME DE CIMENTO E AREIA MÉDIA ÚMIDA), FCK 20MPA, PREPARO MECÂNICO COM MISTURADOR DUPLO HORIZONTAL DE ALTA TURBULÊNCIA. AF_03/2020 | C145: M3 | D145: 825.88 | E145: 0
A146: 87367 | B146: ARGAMASSA TRAÇO 1:1:6 (EM VOLUME DE CIMENTO, CAL E AREIA MÉDIA ÚMIDA) PARA EMBOÇO/MASSA ÚNICA/ASSENTAMENTO DE ALVENARIA DE VEDAÇÃO, PREPARO MANUAL. AF_08/2019 | C146: M3 | D146: 756.56 | E146: 0
A147: 100449 | B147: ARGAMASSA TRAÇO 1:1:6 (EM VOLUME DE CIMENTO, CAL E AREIA MÉDIA ÚMIDA) PARA EMBOÇO/MASSA ÚNICA/ASSENTAMENTO DE ALVENARIA DE VEDAÇÃO, PREPARO MECÂNICO COM BETONEIRA 250 L. AF_08/2019 | C147: M3 | D147: 0
A148: 87286 | B148: ARGAMASSA TRAÇO 1:1:6 (EM VOLUME DE CIMENTO, CAL E AREIA MÉDIA ÚMIDA) PARA EMBOÇO/MASSA ÚNICA/ASSENTAMENTO DE ALVENARIA DE VEDAÇÃO, PREPARO MECÂNICO COM BETONEIRA 400 L. AF_08/2019 | C148: M3 | D148: 589.94 | E148: 0
A149: 87287 | B149: ARGAMASSA TRAÇO 1:1:6 (EM VOLUME DE CIMENTO, CAL E AREIA MÉDIA ÚMIDA) PARA EMBOÇO/MASSA ÚNICA/ASSENTAMENTO DE ALVENARIA DE VEDAÇÃO, PREPARO MECÂNICO COM BETONEIRA 600 L. AF_08/2019 | C149: M3 | D149: 554.18 | E149: 0
A150: 87331 | B150: ARGAMASSA TRAÇO 1:1:6 (EM VOLUME DE CIMENTO, CAL E AREIA MÉDIA ÚMIDA) PARA EMBOÇO/MASSA ÚNICA/ASSENTAMENTO DE ALVENARIA DE VEDAÇÃO, PREPARO MECÂNICO COM MISTURADOR DE EIXO HORIZONTAL DE 300 KG. AF_08/2019 | C150: M3 | D150: 625.54 | E150: 0
A151: 87332 | B151: ARGAMASSA TRAÇO 1:1:6 (EM VOLUME DE CIMENTO, CAL E AREIA MÉDIA ÚMIDA) PARA EMBOÇO/MASSA ÚNICA/ASSENTAMENTO DE ALVENARIA DE VEDAÇÃO, PREPARO MECÂNICO COM MISTURADOR DE EIXO HORIZONTAL DE 600 KG. AF_08/2019 | C151: M3 | D151: 528.68 | E151: 0
A152: 87369 | B152: ARGAMASSA TRAÇO 1:2:8 (EM VOLUME DE CIMENTO, CAL E AREIA MÉDIA ÚMIDA) PARA EMBOÇO/MASSA ÚNICA/ASSENTAMENTO DE ALVENARIA DE VEDAÇÃO, PREPARO MANUAL. AF_08/2019 | C152: M3 | D152: 766.72 | E152: 0
A153: 100451 | B153: ARGAMASSA TRAÇO 1:2:8 (EM VOLUME DE CIMENTO, CAL E AREIA MÉDIA ÚMIDA) PARA EMBOÇO/MASSA ÚNICA/ASSENTAMENTO DE ALVENARIA DE VEDAÇÃO, PREPARO MECÂNICO COM BETONEIRA 250 L. AF_08/2019 | C153: M3 | D153: 0
A154: 87292 | B154: ARGAMASSA TRAÇO 1:2:8 (EM VOLUME DE CIMENTO, CAL E AREIA MÉDIA ÚMIDA) PARA EMBOÇO/MASSA ÚNICA/ASSENTAMENTO DE ALVENARIA DE VEDAÇÃO, PREPARO MECÂNICO COM BETONEIRA 400 L. AF_08/2019 | C154: M3 | D154: 585.41 | E154: 0
A155: 87335 | B155: ARGAMASSA TRAÇO 1:2:8 (EM VOLUME DE CIMENTO, CAL E AREIA MÉDIA ÚMIDA) PARA EMBOÇO/MASSA ÚNICA/ASSENTAMENTO DE ALVENARIA DE VEDAÇÃO, PREPARO MECÂNICO COM MISTURADOR DE EIXO HORIZONTAL DE 300 KG. AF_08/2019 | C155: M3 | D155: 572.26 | E155: 0
A156: 87336 | B156: ARGAMASSA TRAÇO 1:2:8 (EM VOLUME DE CIMENTO, CAL E AREIA MÉDIA ÚMIDA) PARA EMBOÇO/MASSA ÚNICA/ASSENTAMENTO DE ALVENARIA DE VEDAÇÃO, PREPARO MECÂNICO COM MISTURADOR DE EIXO HORIZONTAL DE 600 KG. AF_08/2019 | C156: M3 | D156: 544.85 | E156: 0
A157: 87370 | B157: ARGAMASSA TRAÇO 1:2:9 (EM VOLUME DE CIMENTO, CAL E AREIA MÉDIA ÚMIDA) PARA EMBOÇO/MASSA ÚNICA/ASSENTAMENTO DE ALVENARIA DE VEDAÇÃO, PREPARO MANUAL. AF_08/2019 | C157: M3 | D157: 742.54 | E157: 0
A158: 100452 | B158: ARGAMASSA TRAÇO 1:2:9 (EM VOLUME DE CIMENTO, CAL E AREIA MÉDIA ÚMIDA) PARA EMBOÇO/MASSA ÚNICA/ASSENTAMENTO DE ALVENARIA DE VEDAÇÃO, PREPARO MECÂNICO COM BETONEIRA 250 L. AF_08/2019 | C158: M3 | D158: 0
A159: 88715 | B159: ARGAMASSA TRAÇO 1:2:9 (EM VOLUME DE CIMENTO, CAL E AREIA MÉDIA ÚMIDA) PARA EMBOÇO/MASSA ÚNICA/ASSENTAMENTO DE ALVENARIA DE VEDAÇÃO, PREPARO MECÂNICO COM BETONEIRA 400 L. AF_08/2019 | C159: M3 | D159: 550.89 | E159: 0
A160: 87294 | B160: ARGAMASSA TRAÇO 1:2:9 (EM VOLUME DE CIMENTO, CAL E AREIA MÉDIA ÚMIDA) PARA EMBOÇO/MASSA ÚNICA/ASSENTAMENTO DE ALVENARIA DE VEDAÇÃO, PREPARO MECÂNICO COM BETONEIRA 600 L. AF_08/2019 | C160: M3 | D160: 557.18 | E160: 0
A161: 87337 | B161: ARGAMASSA TRAÇO 1:2:9 (EM VOLUME DE CIMENTO, CAL E AREIA MÉDIA ÚMIDA) PARA EMBOÇO/MASSA ÚNICA/ASSENTAMENTO DE ALVENARIA DE VEDAÇÃO, PREPARO MECÂNICO COM MISTURADOR DE EIXO HORIZONTAL DE 300 KG. AF_08/2019 | C161: M3 | D161: 567.53 | E161: 0
A162: 100487 | B162: ARGAMASSA TRAÇO 1:2:9 (EM VOLUME DE CIMENTO, CAL E AREIA MÉDIA ÚMIDA) PARA EMBOÇO/MASSA ÚNICA/ASSENTAMENTO DE ALVENARIA DE VEDAÇÃO, PREPARO MECÂNICO COM MISTURADOR DE EIXO HORIZONTAL DE 600 KG. AF_08/2019 | C162: M3 | D162: 514.49 | E162: 0
A163: 87380 | B163: ARGAMASSA TRAÇO 1:3 (EM VOLUME DE CIMENTO E AREIA GROSSA ÚMIDA) COM ADIÇÃO DE EMULSÃO POLIMÉRICA PARA CHAPISCO ROLADO, PREPARO MANUAL. AF_08/2019 | C163: M3 | D163: 3350.95 | E163: 0
A164: 100461 | B164: ARGAMASSA TRAÇO 1:3 (EM VOLUME DE CIMENTO E AREIA GROSSA ÚMIDA) COM ADIÇÃO DE EMULSÃO POLIMÉRICA PARA CHAPISCO ROLADO, PREPARO MECÂNICO COM BETONEIRA 250 L. AF_08/2019 | C164: M3 | D164: 0
A165: 87322 | B165: ARGAMASSA TRAÇO 1:3 (EM VOLUME DE CIMENTO E AREIA GROSSA ÚMIDA) COM ADIÇÃO DE EMULSÃO POLIMÉRICA PARA CHAPISCO ROLADO, PREPARO MECÂNICO COM BETONEIRA 400 L. AF_08/2019 | C165: M3 | D165: 3203.05 | E165: 0
A166: 87323 | B166: ARGAMASSA TRAÇO 1:3 (EM VOLUME DE CIMENTO E AREIA GROSSA ÚMIDA) COM ADIÇÃO DE EMULSÃO POLIMÉRICA PARA CHAPISCO ROLADO, PREPARO MECÂNICO COM BETONEIRA 600 L. AF_08/2019 | C166: M3 | D166: 3186.64 | E166: 0
A167: 87360 | B167: ARGAMASSA TRAÇO 1:3 (EM VOLUME DE CIMENTO E AREIA GROSSA ÚMIDA) COM ADIÇÃO DE EMULSÃO POLIMÉRICA PARA CHAPISCO ROLADO, PREPARO MECÂNICO COM MISTURADOR DE EIXO HORIZONTAL DE 160 KG. AF_08/2019 | C167: M3 | D167: 3203.22 | E167: 0
A168: 87361 | B168: ARGAMASSA TRAÇO 1:3 (EM VOLUME DE CIMENTO E AREIA GROSSA ÚMIDA) COM ADIÇÃO DE EMULSÃO POLIMÉRICA PARA CHAPISCO ROLADO, PREPARO MECÂNICO COM MISTURADOR DE EIXO HORIZONTAL DE 300 KG. AF_08/2019 | C168: M3 | D168: 3123.12 | E168: 0
A169: 87362 | B169: ARGAMASSA TRAÇO 1:3 (EM VOLUME DE CIMENTO E AREIA GROSSA ÚMIDA) COM ADIÇÃO DE EMULSÃO POLIMÉRICA PARA CHAPISCO ROLADO, PREPARO MECÂNICO COM MISTURADOR DE EIXO HORIZONTAL DE 600 KG. AF_08/2019 | C169: M3 | D169: 3104.23 | E169: 0
...

Sheet CDHU 200
B1: COMPANHIA DE DESENVOLVIMENTO HABITACIONAL E URBANO
A2: DO ESTADO DE SÃO PAULO
A3: BOLETIM REFERENCIAL DE CUSTOS - TABELA DE SERVIÇOS
A4: SEM DESONERAÇÃO
F5: Versão 200
E6: Data Base: | F6: NOV/25
C7: BDI : | D7: 0 | E7: L.S.: | F7: 1.2823
A8: Referência | B8: Descrição | C8: Un | D8: Material | E8: Mão de Obra | F8: Custo Total
A9: 01 | B9: SERVICO TECNICO ESPECIALIZADO
A10: 01.02 | B10: Parecer técnico
A11: 01.02.071 | B11: Parecer técnico de fundações, contenções e recomendações gerais, para empreendimentos com área construída até 1.000 m² | C11: UN | E11: 7204.93 | F11: 7204.93 | G11: 15
A12: 01.02.081 | B12: Parecer técnico de fundações, contenções e recomendações gerais, para empreendimentos com área construída de 1.001 a 2.000 m² | C12: UN | E12: 9581.15 | F12: 9581.15 | G12: 15
A13: 01.02.091 | B13: Parecer técnico de fundações, contenções e recomendações gerais, para empreendimentos com área construída de 2.001 a 5.000 m² | C13: UN | E13: 16366.75 | F13: 16366.75 | G13: 15
A14: 01.02.101 | B14: Parecer técnico de fundações, contenções e recomendações gerais, para empreendimentos com área construída de 5.001 a 10.000 m² | C14: UN | E14: 22440.73 | F14: 22440.73 | G14: 15
A15: 01.02.111 | B15: Parecer técnico de fundações, contenções e recomendações gerais, para empreendimentos com área construída acima de 10.000 m² | C15: UN | E15: 26151.21 | F15: 26151.21 | G15: 15
A16: 01.06 | B16: Projeto de instalações elétricas
A17: 01.06.021 | B17: Elaboração de projeto de adequação de entrada de energia elétrica junto a concessionária, com medição em baixa tensão e demanda até 75 kVA | C17: UN | E17: 9202.36 | F17: 9202.36 | G17: 15
A18: 01.06.031 | B18: Elaboração de projeto de adequação de entrada de energia elétrica junto a concessionária, com medição em média tensão, subestação simplificada e demanda de 75 kVA a 300 kVA | C18: UN | E18: 15587.22 | F18: 15587.22 | G18: 15
A19: 01.06.032 | B19: Elaboração de projeto de adequação de entrada de energia elétrica junto a concessionária, com medição em média tensão e demanda de 75 kVA a 300 kVA | C19: UN | E19: 21092.24 | F19: 21092.24 | G19: 15
A20: 01.06.041 | B20: Elaboração de projeto de adequação de entrada de energia elétrica junto a concessionária, com medição em média tensão e demanda acima de 300 kVA a 2 MVA | C20: UN | E20: 28055 | F20: 28055 | G20: 15
A21: 01.17 | B21: Projeto executivo
A22: 01.17.031 | B22: Projeto executivo de arquitetura em formato A1 | C22: UN | E22: 3624.6 | F22: 3624.6 | G22: 15
A23: 01.17.041 | B23: Projeto executivo de arquitetura em formato A0 | C23: UN | E23: 4900.14 | F23: 4900.14 | G23: 15
A24: 01.17.051 | B24: Projeto executivo de estrutura em formato A1 | C24: UN | E24: 2658.26 | F24: 2658.26 | G24: 15
A25: 01.17.061 | B25: Projeto executivo de estrutura em formato A0 | C25: UN | E25: 3637.02 | F25: 3637.02 | G25: 15
A26: 01.17.071 | B26: Projeto executivo de instalações hidráulicas em formato A1 | C26: UN | E26: 1141.18 | F26: 1141.18 | G26: 15
A27: 01.17.081 | B27: Projeto executivo de instalações hidráulicas em formato A0 | C27: UN | E27: 1519.09 | F27: 1519.09 | G27: 15
A28: 01.17.111 | B28: Projeto executivo de instalações elétricas em formato A1 | C28: UN | E28: 1267.26 | F28: 1267.26 | G28: 15
A29: 01.17.121 | B29: Projeto executivo de instalações elétricas em formato A0 | C29: UN | E29: 1757.15 | F29: 1757.15 | G29: 15
A30: 01.17.151 | B30: Projeto executivo de climatização em formato A1 | C30: UN | E30: 2439.23 | F30: 2439.23 | G30: 15
A31: 01.17.161 | B31: Projeto executivo de climatização em formato A0 | C31: UN | E31: 3324.97 | F31: 3324.97 | G31: 15
A32: 01.17.171 | B32: Projeto executivo de chuveiros automáticos em formato A1 | C32: UN | E32: 2105.98 | F32: 2105.98 | G32: 15
A33: 01.17.181 | B33: Projeto executivo de chuveiros automáticos em formato A0 | C33: UN | E33: 2722.06 | F33: 2722.06 | G33: 15
A34: 01.20 | B34: Levantamento topográfico e geofísico
A35: 01.20.010 | B35: Taxa de mobilização e desmobilização de equipamentos para execução de levantamento topográfico | C35: TX | D35: 1150.83 | F35: 1150.83 | G35: 15
A36: 01.20.280 | B36: Levantamento planimétrico de área pavimentada para veículo e pedestre | C36: M2 | D36: 0.07 | E36: 0.18 | F36: 0.25 | G36: 15
A37: 01.20.691 | B37: Levantamento planimétrico cadastral com áreas ocupadas predominantemente por comunidades - área até 20.000 m² (mínimo de 3.500 m²) | C37: M2 | D37: 0.41 | E37: 0.59 | F37: 1 | G37: 15
A38: 01.20.701 | B38: Levantamento planimétrico cadastral com áreas ocupadas predominantemente por comunidades - área acima de 20.000 m² até 200.000 m² | C38: M2 | D38: 0.32 | E38: 0.46 | F38: 0.78 | G38: 15
A39: 01.20.711 | B39: Levantamento planimétrico cadastral com áreas ocupadas predominantemente por comunidades - área acima de 200.000 m² | C39: M2 | D39: 0.27 | E39: 0.37 | F39: 0.64 | G39: 15
A40: 01.20.721 | B40: Levantamento planimétrico cadastral com áreas até 50% de ocupação - área até 20.000 m² (mínimo de 3.500 m²) | C40: M2 | D40: 0.37 | E40: 0.51 | F40: 0.88 | G40: 15
A41: 01.20.731 | B41: Levantamento planimétrico cadastral com áreas até 50% de ocupação - área acima de 20.000 m² até 200.000 m² | C41: M2 | D41: 0.17 | E41: 0.57 | F41: 0.74 | G41: 15
A42: 01.20.741 | B42: Levantamento planimétrico cadastral com áreas até 50% de ocupação - área acima de 200.000 m² | C42: M2 | D42: 0.23 | E42: 0.32 | F42: 0.55 | G42: 15
A43: 01.20.751 | B43: Levantamento planimétrico cadastral com áreas acima de 50% de ocupação - área até 20.000 m² (mínimo de 4.000 m²) | C43: M2 | D43: 0.32 | E43: 0.46 | F43: 0.78 | G43: 15
A44: 01.20.761 | B44: Levantamento planimétrico cadastral com áreas acima de 50% de ocupação - área acima de 20.000 m² até 200.000 m² | C44: M2 | D44: 0.28 | E44: 0.4 | F44: 0.68 | G44: 15
A45: 01.20.771 | B45: Levantamento planimétrico cadastral com áreas acima de 50% de ocupação - área acima de 200.000 m² | C45: M2 | D45: 0.27 | E45: 0.38 | F45: 0.65 | G45: 15
A46: 01.20.781 | B46: Levantamento planialtimétrico cadastral com áreas ocupadas predominantemente por comunidades - área até 20.000 m² (mínimo de 3.500 m²) | C46: M2 | D46: 0.45 | E46: 0.63 | F46: 1.08 | G46: 15
A47: 01.20.791 | B47: Levantamento planialtimétrico cadastral com áreas ocupadas predominantemente por comunidades - área acima de 20.000 m² até 200.000 m² | C47: M2 | D47: 0.36 | E47: 0.5 | F47: 0.86 | G47: 15
... A60: 01.20.921 | B60: Implantação de marcos através de levantamento com GPS (mínimo de 3 marcos) | C60: UN | D60: 711.95 | E60: 514.39 | F60: 1226.34 | G60: 15
A61: 01.21 | B61: Estudo geotecnico (sondagem)
A62: 01.21.010 | B62: Taxa de mobilização e desmobilização de equipamentos para execução de sondagem | C62: TX | D62: 1342.33 | F62: 1342.33 | G62: 15
A63: 01.21.090 | B63: Taxa de mobilização e desmobilização de equipamentos para execução de sondagem rotativa | C63: TX | D63: 6995.32 | F63: 6995.32 | G63: 15
A64: 01.21.100 | B64: Sondagem do terreno a trado | C64: M | D64: 104.58 | F64: 104.58 | G64: 15
A65: 01.21.110 | B65: Sondagem do terreno à percussão (mínimo de 30 m) | C65: M | D65: 91.32 | F65: 91.32 | G65: 15
A66: 01.21.120 | B66: Sondagem do terreno rotativa em solo | C66: M | D66: 412.79 | F66: 412.79 | G66: 15
A67: 01.21.130 | B67: Sondagem do terreno rotativa em rocha | C67: M | D67: 653.01 | F67: 653.01 | G67: 15
A68: 01.21.140 | B68: Sondagem do terreno à percussão com a utilização de torquímetro (mínimo de 30 m) | C68: M | D68: 101.61 | F68: 101.61 | G68: 15
A69: 01.23 | B69: Tratamento, recuperação e trabalhos especiais em concreto
A70: 01.23.010 | B70: Taxa de mobilização e desmobilização de equipamentos para execução de corte em concreto armado | C70: TX | D70: 421.15 | F70: 421.15 | G70: 15
A71: 01.23.020 | B71: Limpeza de armadura com escova de aço | C71: M2 | D71: 3.09 | E71: 6.81 | F71: 9.9 | G71: 15
A72: 01.23.030 | B72: Preparo de ponte de aderência com adesivo a base de epóxi | C72: M2 | D72: 100.85 | E72: 50.35 | F72: 151.2 | G72: 15
A73: 01.23.056 | B73: Tratamento de armadura com produto anticorrosivo a base de zinco | C73: M2 | D73: 22.13 | E73: 48.01 | F73: 70.14 | G73: 15
A74: 01.23.060 | B74: Corte de concreto deteriorado inclusive remoção dos detritos | C74: M2 | E74: 34.07 | F74: 34.07 | G74: 15
A75: 01.23.070 | B75: Demarcação de área com disco de corte diamantado | C75: M | D75: 1.07 | E75: 5.03 | F75: 6.1 | G75: 15
A76: 01.23.100 | B76: Demolição de concreto armado com preservação de armadura, para reforço e recuperação estrutural | C76: M3 | E76: 514.15 | F76: 514.15 | G76: 15
A77: 01.23.140 | B77: Furação de 1 1/4´ em concreto armado | C77: M | D77: 270.07 | F77: 270.07 | G77: 15
A78: 01.23.150 | B78: Furação de 1 1/2´ em concreto armado | C78: M | D78: 272.4 | F78: 272.4 | G78: 15
A79: 01.23.160 | B79: Furação de 2 1/4´ em concreto armado | C79: M | D79: 377.36 | F79: 377.36 | G79: 15
A80: 01.23.190 | B80: Furação de 2 1/2´ em concreto armado | C80: M | D80: 387.85 | F80: 387.85 | G80: 15
A81: 01.23.200 | B81: Taxa de mobilização e desmobilização de equipamentos para execução de perfuração em concreto | C81: TX | D81: 227.04 | F81: 227.04 | G81: 15
A82: 01.23.221 | B82: Furação para até 10mm x 100mm em concreto armado, inclusive colagem de armadura (para até 8mm) | C82: UN | D82: 13.6 | F82: 13.6 | G82: 15
A83: 01.23.222 | B83: Furação para 12,5mm x 100mm em concreto armado, inclusive colagem de armadura (para 10mm) | C83: UN | D83: 15.81 | F83: 15.81 | G83: 15
A84: 01.23.223 | B84: Furação para 16mm x 100mm em concreto armado, inclusive colagem de armadura (para 12,5mm) | C84: UN | D84: 16.31 | F84: 16.31 | G84: 15
A85: 01.23.231 | B85: Furação para até 10mm x 150mm em concreto armado, inclusive colagem de armadura (para até 8mm) | C85: UN | D85: 21.13 | F85: 21.13 | G85: 15
A86: 01.23.232 | B86: Furação para 12,5mm x 150mm em concreto armado, inclusive colagem de armadura (para 10mm) | C86: UN | D86: 21.92 | F86: 21.92 | G86: 15
A87: 01.23.233 | B87: Furação para 16mm x 150mm em concreto armado, inclusive colagem de armadura (para 12,5mm) | C87: UN | D87: 25.63 | F87: 25.63 | G87: 15
A88: 01.23.234 | B88: Furação para 20mm x 150mm em concreto armado, inclusive colagem de armadura (para 16mm) | C88: UN | D88: 27.79 | F88: 27.79 | G88: 15
... A99: 01.23.510 | B99: Corte vertical em concreto armado, espessura de 15 cm | C99: M | D99: 226.39 | F99: 226.39 | G99: 15
A100: 01.23.700 | B100: Taxa de mobilização e desmobilização para reforço estrutural com fibra de carbono | C100: TX | D100: 1629.92 | E100: 4622.41 | F100: 6252.33 | G100: 15
A101: 01.23.701 | B101: Preparação de substrato para colagem de fibra de carbono, mediante lixamento e/ou apicoamento e escovação | C101: M2 | D101: 7.49 | E101: 49.21 | F101: 56.7 | G101: 15
A102: 01.23.702 | B102: Fibra de carbono para reforço estrutural de alta resistência - 300 g/m² | C102: M2 | D102: 163.19 | E102: 350.18 | F102: 513.37 | G102: 15
A103: 01.27 | B103: Estudo e programa ambientais
A104: 01.27.011 | B104: Projeto e implementação de gerenciamento integrado de resíduos sólidos e gestão de perdas | C104: UN | D104: 196.55 | E104: 10213.45 | F104: 10410 | G104: 15
A105: 01.27.021 | B105: Projeto e implementação de educação ambiental | C105: UN | D105: 196.55 | E105: 13680.99 | F105: 13877.54 | G105: 15
A106: 01.27.031 | B106: Projeto e implementação de controle ambiental de obra | C106: UN | D106: 196.55 | E106: 12105.6 | F106: 12302.15 | G106: 15
A107: 01.27.041 | B107: Laudo de caracterização de vegetação | C107: UN | D107: 569.3 | E107: 28190.53 | F107: 28759.83 | G107: 15
A108: 01.27.051 | B108: Laudo de caracterização da fauna associada à flora | C108: UN | D108: 569.3 | E108: 43257.71 | F108: 43827.01 | G108: 15
A109: 01.27.061 | B109: Projeto e implementação de monitoramento da fauna durante a obra | C109: UN | D109: 569.3 | E109: 17148.56 | F109: 17717.86 | G109: 15
A110: 01.27.071 | B110: Laudo de autodepuração | C110: UN | D110: 462.8 | E110: 20582.26 | F110: 21045.06 | G110: 15
A111: 01.27.091 | B111: Estudo de impacto de vizinhança, em área urbana até 10.000 m² | C111: UN | D111: 281.75 | E111: 33337.13 | F111: 33618.88 | G111: 15
A112: 01.28 | B112: Poço profundo
A113: 01.28.010 | B113: Taxa de mobilização e desmobilização de equipamentos para execução de perfuração para poço profundo - profundidade até 200 m | C113: TX | D113: 8405.03 | F113: 8405.03 | G113: 15
A114: 01.28.020 | B114: Taxa de mobilização e desmobilização de equipamentos para execução de perfuração para poço profundo - profundidade acima de 200 m e até 300 m | C114: TX | D114: 13648.77 | F114: 13648.77 | G114: 15
A115: 01.28.030 | B115: Taxa de mobilização e desmobilização de equipamentos para execução de perfuração para poço profundo - profundidade acima de 300 m | C115: TX | D115: 13560.03 | F115: 13560.03 | G115: 15
A116: 01.28.040 | B116: Perfuração rotativa para poço profundo em camadas de solos sedimentares, diâmetro de 8 1/2" (215,90 mm) | C116: M | D116: 732.99 | F116: 732.99 | G116: 15
A117: 01.28.050 | B117: Perfuração rotativa para poço profundo em aluvião, arenito, ou solos sedimentados em geral, diâmetro de 10" (250 mm) | C117: M | D117: 517.99 | F117: 517.99 | G117: 15
A118: 01.28.060 | B118: Perfuração rotativa para poço profundo em aluvião, arenito, ou solos sedimentados em geral, diâmetro de 12" (300 mm) | C118: M | D118: 1288.52 | F118: 1288.52 | G118: 15
A119: 01.28.070 | B119: Perfuração rotativa para poço profundo em aluvião, arenito, ou solos sedimentados em geral, diâmetro de 14" (350 mm) | C119: M | D119: 1394.38 | F119: 1394.38 | G119: 15
A120: 01.28.080 | B120: Perfuração rotativa para poço profundo em aluvião, arenito, ou solos sedimentados em geral, diâmetro de 16" (400 mm) | C120: M | D120: 1733.69 | F120: 1733.69 | G120: 15
A121: 01.28.090 | B121: Perfuração rotativa para poço profundo em aluvião, arenito, ou solos sedimentados em geral, diâmetro de 18" (450 mm) | C121: M | D121: 2219.14 | F121: 2219.14 | G121: 15
A122: 01.28.100 | B122: Perfuração rotativa para poço profundo em aluvião, arenito, ou solos sedimentados em geral, diâmetro de 20" (500 mm) | C122: M | D122: 2510.5 | F122: 2510.5 | G122: 15
...

Sheet FDE
A1: 01.01.001 | B1: RETIRANDO A VEGETACAO, TRONCOS ATE 5CM DE DIAMETRO E RASPAGEM. | C1: M2 | D1: 4.12
A2: 01.01.010 | B2: CORTE, RECORTE E REMOCAO DE ARVORES INCL RAIZES DIAM>5<15CM | C2: UN | D2: 168.49
A3: 01.01.011 | B3: CORTE, RECORTE E REMOCAO DE ARVORES INCL RAIZES DIAM>15<30CM | C3: UN | D3: 261.99
A4: 01.01.014 | B4: CORTE, RECORTE E REMOÇAO DE ARVORES INCL. RAIZES DIAM>30<45CM | C4: UN | D4: 279.42
A5: 01.01.015 | B5: CORTE, RECORTE E REMOÇAO DE ARVORES INCL. RAIZES DIAM>45<60CM | C5: UN | D5: 835.47
A6: 01.01.016 | B6: CORTE, RECORTE E REMOÇAO DE ARVORES INCL. RAIZES DIAM>60<100CM | C6: UN | D6: 958.59
A7: 01.01.017 | B7: CORTE, RECORTE E REMOÇAO DE ARVORES INCL. RAIZES DIAM>100CM | C7: UN | D7: 1655.73
A8: 01.01.021 | B8: CORTE, RECORTE E REMOÇÃO DE ÁRVORES INCL.RAIZES 15CM<DIAM<30CM | C8: UN | D8: 861.54
A9: 01.01.023 | B9: CORTE, RECORTE E REMOÇÃO DE ÁRVORES INCL.RAIZES 45CM<DIAM<60CM | C9: UN | D9: 3701.74
A10: 01.01.024 | B10: CORTE, RECORTE E REMOÇÃO DE ÁRVORES INCL.RAIZES 60CM<DIAM<100CM | C10: UN | D10: 7308.33
A11: 01.01.099 | B11: LIMPEZAS DO TERRENO | C11: MV | D11: 403.42
A12: 01.02.001 | B12: CORTE E ATERRO DENTRO DA OBRA COM TRANSPORTE INTERNO | C12: M3 | D12: 42.28
... A238: 03.03.110 | B238: ESCORAMENTO METÁLICO PARA VIGAS ALTURA ATÉ 3,20M ESPAÇAMENTO MENOR OU IGUAL 60CM | C238: M | D238: 52.67
A239: 03.03.111 | B239: ESCORAMENTO METÁLICO PARA LAJES ALTURA ATÉ 3,20M MALHA MENOR OU IGUAL 1,50X1,50 | C239: M2 | D239: 14.57 | E239: 12.74
A240: 03.04.001 | B240: FORNECIMENTO DE EST MET - ACO ESTRUTURAL ASTM OU ABNT - NAO PATINAVEL | C240: KG | D240: 14.03
A241: 03.04.003 | B241: FORNEC DE ESTR METALICA ACO ASTM A709/A588 (RESIST A CORROSAO) | C241: KG | D241: 15.09
A242: 03.04.005 | B242: MONTAGEM DE ESTRUTURA METALICA | C242: KG | D242: 4.28
A243: 03.04.030 | B243: DESMONTAGEM DE ESTRUTURA METALICA | C243: KG | D243: 3.43
A244: 03.04.099 | B244: ESTRUTURAS METALICAS | C244: MV | D244: 403.42
A245: 03.05.010 | B245: PILAR DE MADEIRA (PASSAGEM COBERTA) | C245: UN | D245: 424.86
A246: 03.05.011 | B246: VIGA DE MADEIRA 6X12 CM (PASSAGEM COBERTA) | C246: M | D246: 28.81
A247: 03.05.012 | B247: VIGA DE MADEIRA 6X16 CM (PASSAGEM COBERTA) | C247: M | D247: 38.74
A248: 03.05.099 | B248: ESTRUTURAS DE MADEIRA | C248: MV | D248: 403.42
A249: 03.50.001 | B249: DEMOLIÇÃO DE CONCRETO INCLUINDO REVESTIMENTOS (MANUAL) | C249: M3 | D249: 338.28
A250: 03.50.005 | B250: DEMOLIÇÃO DE LAJES MISTAS OU PRÉ-MOLDADAS INCLUINDO REVESTIMENTOS (MANUAL) | C250: M2 | D250: 25.37
A251: 03.50.099 | B251: DEMOLICOES | C251: MV | D251: 403.42
... A612: 06.03.038 | B612: PERFIL L DE FERRO 1"X1"X1/8" | C612: M | D612: 53.18
A613: 06.03.039 | B613: TELA DE PROTEÇÃO CONTRA NIDIFICACAO DE PASSAROS | C613: M2 | D613: 45.65 | E613: 49.3
A614: 06.03.040 | B614: TELA ARAME GALVANIZADO MOSQUITEIRA CONTRA INSETOS | C614: M2 | D614: 361.76
A615: 06.03.060 | B615: BARRA DE APOIO P/DEFICIENTES EM INOX ESCOVADO | C615: CJ | D615: 531.54
A616: 06.03.061 | B616: CO-27 CORRIMÃO DUPLO AÇO INOX FORNECIDO E INSTALADO | C616: M | D616: 541.08
A617: 06.03.062 | B617: CO-28 CORRIMÃO DUPLO COM MONTANTE VERTICAL AÇO INOX FORNECIDO E INSTALADO | C617: M | D617: 701.89
A618: 06.03.063 | B618: CO-29 CORRIMÃO DUPLO INTERMEDIÁRIO AÇO INOX FORNECIDO E INSTALADO | C618: M | D618: 807.45
A619: 06.03.064 | B619: CO-30 GUARDA-CORPO TUBULAR AÇO INOX FORNECIDO E INSTALADO | C619: M | D619: 384.85
A620: 06.03.067 | B620: FQ-05 ALAMBRADO PARA QUADRA COBERTA TÉRREA (BROCA) | C620: M | D620: 764.94
A621: 06.03.068 | B621: FQ-06 ALAMBRADO PARA QUADRA COBERTA TERREA (SAPATA) | C621: M | D621: 714.85
A622: 06.03.069 | B622: QE-36 REDE DE PROTECAO PARA QUADRAS DE ESPORTES | C622: M2 | D622: 11.63
A623: 06.03.070 | B623: QE-38 TABELA DE BASQUETE (FUNDACAO DIRETA) | C623: UN | D623: 6891.45
A624: 06.03.073 | B624: QE-41 TABELA DE BASQUETE (SOMENTE TRELICA - FIXACAO PAREDE/PILAR) | C624: UN | D624: 2380.48
A625: 06.03.074 | B625: QE-42 POSTE PARA REDE DE VOLEIBOL (FUNDACAO DIRETA) | C625: PR | D625: 1173.98
... A847: 07.80.033 | B847: DE OITAO EM TABUA DE 10 X 1CM MACHO-FEMEA P/FORRO G1-C4 | C847: M2 | D847: 57.5
A848: 07.80.035 | B848: LIMPEZA DE TELHADO INCLUSIVE REMOÇÃO DO MATERIAL RECOLHIDO | C848: M2 | D848: 6.76 | E848: 6.67
A849: 07.80.036 | B849: TELHA TECNOLOGIA CRFS MODULAR E=8MM | C849: M2 | D849: 98.03
A850: 07.80.037 | B850: TELHA TECNOLOGIA CRFS TRAPEZOIDAL 44CM E=8MM | C850: M2 | D850: 87.61
A851: 07.80.039 | B851: TELHA TECNOLOGIA CRFS MAXIPLAC H=125MM E=8MM | C851: M2 | D851: 62.45
A852: 07.80.040 | B852: TELHA TECNOLOGIA CRFS ONDULADA E=6MM | C852: M2 | D852: 33.8
A853: 07.80.041 | B853: TELHA TECNOLOGIA CRFS ONDULADA E=8MM | C853: M2 | D853: 43.28
A854: 07.80.042 | B854: CUMEEIRA NORMAL P/ TELHA TECNOLOGIA CRFS ONDULADA | C854: M | D854: 38.38
A855: 07.80.043 | B855: CUMEEIRA ARTICULADA P/ TELHA TECNOLOGIA CRFS ONDULADA | C855: M | D855: 52.18
A856: 07.80.044 | B856: CUMEEIRA SHED P/ TELHA TECNOLOGIA CRFS ONDULADA | C856: M | D856: 33.12
A857: 07.80.045 | B857: ESPIGAO NORMAL P/ TELHA TECNOLOGIA CRFS ONDULADA | C857: M | D857: 34.66
A858: 07.80.046 | B858: TELHA DE VENTILACAO P/ TELHA TECNOLOGIA CRFS ONDULADA | C858: UN | D858: 136.67
A859: 07.80.047 | B859: TELHA DE CLARABOIA P/ TELHA TECNOLOGIA CRFS ONDULADA | C859: UN | D859: 161.15
A860: 07.80.048 | B860: ARESTA P/ TELHA TECNOLOGIA CRFS ONDULADA | C860: M | D860: 34.75
... A1146: 08.14.060 | B1146: RA-08 RESERVATORIO METALICO ACOPLADO 28M3 H=7,00M | C1146: UN | D1146: 70773.99
A1147: 08.14.061 | B1147: RA-09 RESERVATORIO METALICO ACOPLADO 40M3 H=7,00M | C1147: UN | D1147: 75349 | E1147: 61449.87
A1148: 08.14.062 | B1148: ANEIS PRE-MOLDADOS EM CONCRETO ARMADO P/ RESERVATORIO D'AGUA D=3,00M | C1148: M | D1148: 8813
A1149: 08.14.063 | B1149: LAJE PRE-MOLDADA D=3,00M E=8CM P/ RESERVATORIO | C1149: UN | D1149: 1699.65
A1150: 08.14.064 | B1150: LAJE PRE-MOLDADA D=3,00M E=15CM P/ RESERVATORIO | C1150: UN | D1150: 2549.47
A1151: 08.14.065 | B1151: RA-10 RESERVATORIO METALICO INFERIOR 9M3 | C1151: UN | D1151: 29657.06
A1152: 08.14.066 | B1152: RA-11 RESERVATORIO METALICO INFERIOR 13M3 | C1152: UN | D1152: 36952.9
A1153: 08.14.067 | B1153: RA-12 RESERVATORIO METALICO INFERIOR 17M3 | C1153: UN | D1153: 39825.06
A1154: 08.14.068 | B1154: RA-13 RESERVATORIO METALICO SUPERIOR 10M3 H=5,00M | C1154: UN | D1154: 43801.55
A1155: 08.14.069 | B1155: RA-14 RESERVATORIO METALICO SUPERIOR 15M3 H=5,00M | C1155: UN | D1155: 50739.08
A1156: 08.14.070 | B1156: RA-15 RESERVATORIO METALICO SUPERIOR 20M3 H=5,00M | C1156: UN | D1156: 54619.63
A1157: 08.14.071 | B1157: CONJ MOTOR-BOMBA (CENTRIFUGA) 1/2 HP (3400 L/H-20 MCA) | C1157: UN | D1157: 865.23
A1158: 08.14.072 | B1158: CONJ MOTOR-BOMBA(CENTRIFUGA)3/4 HP(7400 L/H-20 MCA) | C1158: UN | D1158: 956.61
A1159: 08.14.073 | B1159: CONJ MOTOR-BOMBA(CENTRIFUGA)1,5 HP(10000 L/H-20 MCA) | C1159: UN | D1159: 1305.03
... A1180: 08.15.016 | B1180: BB-01 BEBEDOURO COLETIVO | C1180: M | D1180: 738.13
A1181: 08.15.017 | B1181: BB-02 BEBEDOURO ACESSÍVEL ÁGUA REFRIGERADA PRESSÃO MÍNIMA 8MCA - FORNECIDO E INSTALADO | C1181: UN | D1181: 3242.81 | E1181: 45931
A1182: 08.15.018 | B1182: LT-06 LAVATÓRIO COLETIVO COM TORNEIRA ANTIVANDALISMO | C1182: M | D1182: 1436.69
A1183: 08.15.019 | B1183: LT-07 LAVATÓRIO COLETIVO COM TORNEIRA DE MESA- SANIT.ADMINISTRAÇÃO | C1183: M | D1183: 1813.94
A1184: 08.15.023 | B1184: MT-04 MICTORIO COLETIVO | C1184: M | D1184: 1768.29
A1185: 08.15.099 | B1185: SERVICOS EM BEBEDOUROS,LAVATORIOS E MICTORIOS PADRONIZADOS | C1185: MV | D1185: 403.42
A1186: 08.16.001 | B1186: BACIA SIFONADA DE LOUCA BRANCA (VDR 6L) C/ ASSENTO | C1186: UN | D1186: 226.54
A1187: 08.16.003 | B1187: BACIA SANITÁRIA INFANTIL | C1187: UN | D1187: 656.42
A1188: 08.16.004 | B1188: BACIA SIFONADA COM CAIXA DE DESCARGA ACOPLADA BRANCA | C1188: UN | D1188: 589.96
A1189: 08.16.010 | B1189: LAVATORIO DE LOUCA BRANCA SEM COLUNA C/ TORNEIRA DE FECHAM AUTOMATICO | C1189: UN | D1189: 1063.18
A1190: 08.16.025 | B1190: MICTORIO DE LOUCA SIFONADO/AUTO ASPIRANTE BRANCO | C1190: UN | D1190: 468.65
A1191: 08.16.045 | B1191: TANQUE DE LOUCA BRANCA,PEQUENO C/COLUNA | C1191: UN | D1191: 676.04
A1192: 08.16.046 | B1192: TANQUE DE LOUCA BRANCA,GRANDE C/COLUNA | C1192: UN | D1192: 796.69
A1193: 08.16.050 | B1193: SABONETEIRA DE LOUCA BRANCA DE 7,5X15 CM | C1193: UN | D1193: 71.07
... A1433: 09.04.049 | B1433: QUADRO GERAL - BARRAMENTO DE 600A | C1433: M | D1433: 198.6
A1434: 09.04.050 | B1434: PLACA DE ACRILICO TRANSPARENTE ESP=5MM PROTECAO A CONTATO ACIDENTAL | C1434: M2 | D1434: 306.36 | E1434: 45931
A1435: 09.04.072 | B1435: QUADRO GERAL - ELETRODUTO DE PVC RIGIDO ROSCAVEL DE 32 MM INCL CONEX | C1435: M | D1435: 31.17
A1436: 09.04.075 | B1436: QUADRO GERAL - CABO DE COBRE NU DE 6 MM2 | C1436: M | D1436: 5.24
A1437: 09.04.076 | B1437: QUADRO GERAL - CABO DE COBRE NU DE 10 MM2 | C1437: M | D1437: 8.36
A1438: 09.04.077 | B1438: QUADRO GERAL - CABO DE COBRE NU DE 16 MM2 | C1438: M | D1438: 14.15
A1439: 09.04.078 | B1439: QUADRO GERAL - CABO DE COBRE NU DE 25 MM2 | C1439: M | D1439: 27.28
A1440: 09.04.079 | B1440: QUADRO GERAL - CABO DE COBRE NU DE 35 MM2 | C1440: M | D1440: 42.69
A1441: 09.04.080 | B1441: QUADRO GERAL - CABO DE COBRE NU DE 50 MM2 | C1441: M | D1441: 58.56
A1442: 09.04.081 | B1442: QUADRO GERAL - CABO DE COBRE NU DE 70 MM2 | C1442: M | D1442: 75.65
A1443: 09.04.082 | B1443: QUADRO GERAL - CABO DE COBRE NU DE 95 MM2 | C1443: M | D1443: 106.77
A1444: 09.04.083 | B1444: QUADRO GERAL - CABO DE COBRE NU DE 120 MM2 | C1444: M | D1444: 142.44
A1445: 09.04.085 | B1445: TERRA COMPLETO 1 HASTE Ø 19MM COM CAIXA DE INSPEÇÃO | C1445: UN | D1445: 171.25
A1446: 09.04.089 | B1446: DISJUNTOR UNIPOLAR TERMOMAGNETICO 1X35A A 1X50A | C1446: UN | D1446: 19.69
... A2880: 16.06.099 | B2880: SERVICOS DE COMPLEMENTOS EXTERNOS | C2880: MV | D2880: 403.42
A2881: 16.06.101 | B2881: INSTALAÇÃO DE VENTILADOR DE PAREDE VN-02 | C2881: UN | D2881: 10.92 | E2881: 9.46
A2882: 16.06.102 | B2882: INSTALAÇÃO DE BALCÃO TÉRMICO BT-02 | C2882: UN | D2882: 29.86
A2883: 16.07.011 | B2883: BL-01 BICICLETÁRIO SOBRE LAJE DE CONCRETO ARMADO | C2883: UN | D2883: 402.73
...

Sheet JAN
E1: Material | F1: Mão Obra
A2: 02.01.001 | B2: ESCAVACAO MANUAL - PROFUNDIDADE ATE 1.80 M | C2: M3 | D2: 82.47 | E2: 0 | F2: 30.36
A3: 02.01.010 | B3: APILOAMENTO PARA SIMPLES REGULARIZACAO | C3: M2 | D3: 8.24 | E3: 0 | F3: 3.036
A4: 02.01.012 | B4: LASTRO DE PEDRA BRITADA - 5CM | C4: M2 | D4: 9.59 | E4: 5.28825 | F4: 1.1385
A5: 02.01.015 | B5: LASTRO DE CONCRETO - 5 CM | C5: M2 | D5: 40.56 | E5: 13.3761 | F5: 8.874
A6: 02.01.025 | B6: REATERRO INTERNO APILOADO | C6: M3 | D6: 61.85 | E6: 0 | F6: 22.77
A7: 02.02.085 | B7: TRANSPORTE E ATERRO INTERNO DE MATERIAL ESCAVADO DE FUNDAÇÃO-ESTACA-TUBULÃO | C7: M3 | D7: 76.29 | E7: 0 | F7: 28.083
A8: 02.02.097 | B8: TAXA DE MOBILIZACAO DE EQUIPAMENTO - ESTACAS PRE-MOLDADAS | C8: UN | D8: 7011 | E8: 5700 | F8: 0
A9: 02.02.107 | B9: ESTACA PRE-MOLDADA CONCRETO SECÃO ATE 289 CM2 CRAVADA | C9: M | D9: 126.86 | E9: 101.4653 | F9: 0.759
A10: 02.03.001 | B10: FORMA DE MADEIRA MACICA | C10: M2 | D10: 100.92 | E10: 40.875 | F10: 18.645
A11: 02.04.002 | B11: ACO CA 50 (A OU B) FYK= 500 M PA | C11: KG | D11: 16.11 | E11: 9.3461 | F11: 1.702
A12: 02.04.003 | B12: ACO CA 60 (A OU B) FYK= 600 M PA | C12: KG | D12: 18.58 | E12: 11.3471 | F12: 1.702
A13: 02.05.018 | B13: CONCRETO DOSADO E LANCADO FCK=25MPA | C13: M3 | D13: 537.53 | E13: 376.4426 | F13: 27.4266
... A130: 16.18.076 | B130: SI-07 PLACA DE SINALIZAÇÃO DE AMBIENTE 500X60MM (PAREDE INTERNA) / BRAILLE | C130: UN | D130: 175.33 | E130: 140.78 | F130: 0.802
A131: Complementares
A132: 01.01.001 | B132: RETIRANDO A VEGETACAO, TRONCOS ATE 5CM DE DIAMETRO E RASPAGEM. | C132: M2 | D132: 4.12 | E132: 0 | F132: 1.518
A133: 01.01.021 | B133: CORTE, RECORTE E REMOÇÃO DE ÁRVORES INCL.RAIZES 15CM<DIAM<30CM | C133: UN | D133: 861.54 | E133: 537.04 | F133: 73.98
A134: 01.01.023 | B134: CORTE, RECORTE E REMOÇÃO DE ÁRVORES INCL.RAIZES 45CM<DIAM<60CM | C134: UN | D134: 3701.74 | E134: 2212.12 | F134: 361.04
A135: 01.01.024 | B135: CORTE, RECORTE E REMOÇÃO DE ÁRVORES INCL.RAIZES 60CM<DIAM<100CM | C135: UN | D135: 7308.33 | E135: 4346.88 | F135: 722.08
A136: 01.03.004 | B136: ATERRO COM TRANSPORTE POR CAMINHAO NOS PRIMEIROS 100 M | C136: M3 | D136: 21.81 | E136: 17.0844 | F136: 0.2938
A137: 01.03.005 | B137: TRANSPORTE POR CAMINHAO M3X | C137: KM | D137: 1.99 | E137: 1.2936 | F137: 0.14876
A138: 01.10.001 | B138: GABARITO DE MADEIRA ESQUADRADO E NIVELADO PARA LOCAÇÃO DE OBRA | C138: M | D138: 30.65 | E138: 18.1852 | F138: 3.051
A139: 02.01.001 | B139: ESCAVACAO MANUAL - PROFUNDIDADE ATE 1.80 M | C139: M3 | D139: 82.47 | E139: 0 | F139: 30.36
A140: 02.01.010 | B140: APILOAMENTO PARA SIMPLES REGULARIZACAO | C140: M2 | D140: 8.24 | E140: 0 | F140: 3.036
A141: 02.01.012 | B141: LASTRO DE PEDRA BRITADA - 5CM | C141: M2 | D141: 9.59 | E141: 5.28825 | F141: 1.1385
A142: 02.01.015 | B142: LASTRO DE CONCRETO - 5 CM | C142: M2 | D142: 40.56 | E142: 13.3761 | F142: 8.874
A143: 02.01.025 | B143: REATERRO INTERNO APILOADO | C143: M3 | D143: 61.85 | E143: 0 | F143: 22.77
... A196: 16.15.006 | B196: ALVENARIA AUTO PORTANTE BLOCO DE CONCRETO ESTRUTURAL DE 19X19X39 CM CLASSE A | C196: M2 | D196: 121.41 | E196: 68.52193 | F196: 13.6667
D198: Preço FDE | E198: Preço sem BDI LS CDHU
A199: 16.08.028 | B199: CI-01 CAIXA DE INSPECAO 60X60CM PARA ESGOTO | C199: UN | D199: 687.97 | E199: 520.14
A201: 16.18.071 | B201: SI-02 PLACA DE SINALIZAÇÃO DE AMBIENTE 200X200MM (PAREDE INTERNA) | C201: UN | D201: 91.76 | E201: 74.14
A203: 09.05.063 | B203: BARRAMENTO DE 60A P/QUADROS DE DISTRIBUIÇÃO | C203: M | D203: 25.13 | E203: 19.82
A205: 09.09.083 | B205: IL-83 ILUMINAÇÃO AUTONOMA DE EMERGÊNCIA - LED | C205: UN | D205: 67.12 | E205: 50.8
A206: 16.18.083 | B206: SI-14 SINALIZAÇÃO DE AMBIENTE 300X300MM PAREDE EXTERNA | C206: UN | D206: 249.51 | E206: 201.4

Sheet SICRO-DNIT
A1: Atividade / Serviço
A2: Custo Unitário
A3: Und
A4: RCTR0330
A5: SICRO2
A6: Resumo dos Custos Unitários de Referência:
A7: Código
A8: Atividades Auxiliares
A9: LDI
A10: Preço Unitário
A11: São Paulo
A12: Março de 2015
A13: DNIT | B13: Sistema de Custos Rodoviários
A14: Direto Total
A15: 1 A 00 001 05 | B15: Transp. local c/ basc. 10m3 rodov. não pav (const) tkm 0,66 0,00 0,66
A16: 1 A 00 001 06 | B16: Transp. local c/ basc. 10m3 rodov. não pav (consv) tkm 0,81 0,00 0,81
A17: 1 A 00 001 07 | B17: Transp. local c/ basc. 10m3 rodov. não pav (restr) tkm 0,77 0,00 0,77
A18: 1 A 00 001 08 | B18: Transporte local c/ basc. p/ rocha rodov. não pav. tkm 0,92 0,00 0,92
A19: 1 A 00 001 40 | B19: Transp. local c/ carroceria 15 t rodov. não pav. tkm 0,89 0,00 0,89
A20: 1 A 00 001 41 | B20: Transporte local c/ carroceria 4t rodov. não pav. tkm 1,17 0,00 1,17
A21: 1 A 00 001 50 | B21: Transporte local c/ betoneira rodov. não pav. tkm 1,12 0,00 1,12
A22: 1 A 00 001 60 | B22: Transp. local c/ carroc. c/ guind. rodov. não pav. tkm 0,87 0,00 0,87
A23: 1 A 00 001 90 | B23: Transporte comercial c/ carroc. rodov. não pav. tkm 0,51 0,00 0,51
A24: 1 A 00 001 91 | B24: Transporte comercial c/ basc. 10m3 rod. não pav. tkm 0,52 0,00 0,52
A25: 1 A 00 002 00 | B25: Transporte local c/ basc. 5m3 rodov. pav. tkm 0,50 0,00 0,50
A26: 1 A 00 002 03 | B26: Transp. local material para remendos tkm 1,43 0,00 1,43
... A42: 1 A 00 202 70 | B42: Transp. local de água c/ cam. tanque rodov. pav. tkm 0,74 0,00 0,74
A43: 1 A 00 301 00 | B43: Fornecimento de Aço CA | C43: 25 kg 3,63 0,00 3,63
A44: 1 A 00 302 00 | B44: Fornecimento de Aço CA | C44: 50 kg 3,99 0,00 3,99
A45: 1 A 00 303 00 | B45: Fornecimento de Aço CA | C45: 60 kg 3,80 0,00 3,80
A46: 1 A 00 716 00 | B46: Areia comercial m3 65,60 0,00 65,60
A47: 1 A 00 717 00 | B47: Brita Comercial m3 67,86 0,00 67,86
A48: 1 A 00 901 01 | B48: Alvenaria de pedra argamassada m3 185,54 0,00 185,54
A49: 1 A 00 901 51 | B49: Alvenaria de pedra argamassada AC/PC m3 268,92 0,00 268,92
A50: 1 A 00 902 01 | B50: Alvenaria de tijolos m2 58,16 0,00 58,16
A51: (Valores em R$ ) Página 1 26/05/2015
A52: Nota: Valores internos calculados com maior precisão e arredondados para 2 casas decimais no relatório.
A53: Atividade / Serviço
A54: Custo Unitário
A55: Und
A56: RCTR0330
A57: SICRO2
A58: Resumo dos Custos Unitários de Referência:
A59: Código
A60: Atividades Auxiliares
A61: LDI
A62: Preço Unitário
... A64: Março de 2015
A65: DNIT | B65: Sistema de Custos Rodoviários
A66: Direto Total
A67: 1 A 00 902 51 | B67: Alvenaria de tijolos AC m2 60,36 0,00 60,36
A68: 1 A 00 903 01 | B68: Dentes para bueiros duplos D=1,00 m und 132,78 0,00 132,78
A69: 1 A 00 903 51 | B69: Dentes para bueiros duplos D=1,00 m AC/BC/PC und 173,17 0,00 173,17
A70: 1 A 00 904 01 | B70: Dentes para bueiros duplos D=1,20 m und 148,72 0,00 148,72
A71: 1 A 00 904 51 | B71: Dentes para bueiros duplos D=1,20 m AC/BC/PC und 195,24 0,00 195,24
A72: 1 A 00 905 01 | B72: Dentes para bueiros duplos D=1,50 m und 186,70 0,00 186,70
A73: 1 A 00 905 51 | B73: Dentes para bueiros duplos D=1,50 m AC/BC/PC und 242,25 0,00 242,25
A74: 1 A 00 906 01 | B74: Dentes para bueiros simples D=0,60 m und 45,11 0,00 45,11
A75: 1 A 00 906 51 | B75: Dentes para bueiros simples D=0,60 m AC/BC/PC und 58,60 0,00 58,60
A76: 1 A 00 907 01 | B76: Dentes para bueiros simples D=0,80 m und 55,80 0,00 55,80
A77: 1 A 00 907 51 | B77: Dentes para bueiros simples D=0,80 m AC/BC/PC und 72,62 0,00 72,62
A78: 1 A 00 908 01 | B78: Dentes para bueiros simples D=1,00 m und 66,29 0,00 66,29
... A101: 1 A 01 150 02 | B101: Rocha p/ britagem com perfuratriz manual m3 24,48 0,00 24,48
A102: 1 A 01 155 01 | B102: Rachão ou pedra | C102: de | D102: mão produzidos | E102: (const e rest) m3 21,92 0,00 21,92
A103: (Valores em R$ ) Página 2 26/05/2015
A104: Nota: Valores internos calculados com maior precisão e arredondados para 2 casas decimais no relatório.
A105: Atividade / Serviço
A106: Custo Unitário
A107: Und
A108: RCTR0330
A109: SICRO2
A110: Resumo dos Custos Unitários de Referência:
A111: Código
A112: Atividades Auxiliares
A113: LDI
A114: Preço Unitário
... A116: Março de 2015
A117: DNIT | B117: Sistema de Custos Rodoviários
A118: Direto Total
A119: 1 A 01 155 51 | B119: Rachão ou pedra | C119: de | D119: mão comercial (cont e rest)/ PC m3 97,83 0,00 97,83
A120: 1 A 01 170 01 | B120: Areia extraída com escavadeira hidráulica m3 6,61 0,00 6,61
A121: 1 A 01 170 02 | B121: Areia extraída com trator e carregadeira m3 5,03 0,00 5,03
A122: 1 A 01 170 03 | B122: Areia extraída com draga de sucção (tipo bomba) m3 26,33 0,00 26,33
A123: 1 A 01 200 01 | B123: Brita produzida em central de britagem de 80 m3/h m3 28,70 0,00 28,70
A124: 1 A 01 200 04 | B124: Pedra de mão produzida manualmente (consv) m3 52,86 0,00 52,86
A125: 1 A 01 390 02 | B125: Usinagem de CBUQ (capa de rolamento) t 47,61 0,00 47,61
A126: 1 A 01 390 03 | B126: Usinagem de CBUQ (binder) t 41,43 0,00 41,43
A127: 1 A 01 390 22 | B127: Usinagem de CBUQ c/ cal hidr. (capa de rolamento) t 51,34 0,00 51,34
A128: 1 A 01 390 52 | B128: Usinagem de CBUQ (capa de rolamento) AC/BC t 72,60 0,00 72,60
A129: 1 A 01 390 53 | B129: Usinagem de CBUQ (binder) AC/BC t 69,44 0,00 69,44
A130: 1 A 01 390 72 | B130: Usinagem de CBUQ (capa de rolam.) AC/BC c cal hidr t 76,53 0,00 76,53
A131: 1 A 01 391 02 | B131: Usinagem de areia | C131: asfalto t 51,49 0,00 51,49
A132: 1 A 01 391 52 | B132: Usinagem de areia | C132: asfalto AC t 93,97 0,00 93,97
A133: 1 A 01 395 01 | B133: Usinagem de brita graduada m3 49,84 0,00 49,84
A134: 1 A 01 395 02 | B134: Usinagem de solo | C134: brita m3 26,11 0,00 26,11
A135: 1 A 01 395 03 | B135: Usinagem de agregados p/ micro | C135: revestimento m3 31,35 0,00 31,35
A136: 1 A 01 395 51 | B136: Usinagem de brita graduada BC m3 112,49 0,00 112,49
A137: 1 A 01 395 52 | B137: Usinagem de solo | C137: brita BC m3 51,17 0,00 51,17
A138: 1 A 01 395 53 | B138: Usinagem de agregados p/ micro | C138: revestimento BC m3 70,50 0,00 70,50
A139: 1 A 01 396 01 | B139: Usinagem de solo | C139: cimento m3 82,34 0,00 82,34
...

Sheet Composição
G1: BDI | H1: 0.2188
E2: Totem (1,50X1,50m) 01 unidade para a UBS e 01 para Laboratório de Exames | J2: =SUBTOTAL(9,J3:J5) -> 4059.8746
A3: 2 | B3: =IF(A3=1,"SINAPI",IF(A3=2,"CDHU",IF(A3=3,"FDE",IF(A3=4,"SICRO","ERRO")))) -> CDHU | C3: 21.03.151 | D3: 16.6 | E3: =IF($A3=1,VLOOKUP($C3,'SINAPI JAN26'!$1:$1048576,2,0),IF($A3=2,VLOOKUP($C3,'CDHU 200'!$1:$1048576,2,0),IF($A3=3,VLOOKUP($C3,FDE!$1:$1048576,2,0),"ERRO"))) -> Revestimento em placa de alumínio composto "ACM", espessura de 4 mm e acabamento em PVDF | F3: =IF($A3=1,VLOOKUP($C3,'SINAPI JAN26'!$1:$1048576,3,0),IF($A3=2,VLOOKUP($C3,'CDHU 200'!$1:$1048576,3,0),IF($A3=3,VLOOKUP($C3,FDE!$1:$1048576,3,0)))) -> M2 | G3: 2.85 | H3: =IF($A3=1,VLOOKUP($C3,'SINAPI JAN26'!$1:$1048576,4,0),IF($A3=2,VLOOKUP($C3,'CDHU 200'!$1:$1048576,6,0),IF($A3=3,VLOOKUP($C3,FDE!$1:$1048576,4,0)))) -> 878.25 | I3: =(H3*H1)+H3 -> 1070.4111 | J3: =I3*G3 -> 3050.6716
A4: 2 | B4: =IF(A4=1,"SINAPI",IF(A4=2,"CDHU",IF(A4=3,"FDE",IF(A4=4,"SICRO","ERRO")))) -> CDHU | C4: 15.03.150 | D4: 16.7 | E4: =IF($A4=1,VLOOKUP($C4,'SINAPI JAN26'!$1:$1048576,2,0),IF($A4=2,VLOOKUP($C4,'CDHU 200'!$1:$1048576,2,0),IF($A4=3,VLOOKUP($C4,FDE!$1:$1048576,2,0),"ERRO"))) -> Fornecimento e montagem de estrutura metálica em perfil metalon, sem pintura | F4: =IF($A4=1,VLOOKUP($C4,'SINAPI JAN26'!$1:$1048576,3,0),IF($A4=2,VLOOKUP($C4,'CDHU 200'!$1:$1048576,3,0),IF($A4=3,VLOOKUP($C4,FDE!$1:$1048576,3,0)))) -> KG | G4: 8 | H4: =IF($A4=1,VLOOKUP($C4,'SINAPI JAN26'!$1:$1048576,4,0),IF($A4=2,VLOOKUP($C4,'CDHU 200'!$1:$1048576,6,0),IF($A4=3,VLOOKUP($C4,FDE!$1:$1048576,4,0)))) -> 17.34 | I4: =(H4*H1)+H4 -> 21.133992 | J4: =I4*G4 -> 169.07194
A5: 3 | B5: =IF(A5=1,"SINAPI",IF(A5=2,"CDHU",IF(A5=3,"FDE",IF(A5=4,"SICRO","ERRO")))) -> FDE | C5: 09.04.050 | D5: 16.8 | E5: =IF($A5=1,VLOOKUP($C5,'SINAPI JAN26'!$1:$1048576,2,0),IF($A5=2,VLOOKUP($C5,'CDHU 200'!$1:$1048576,2,0),IF($A5=3,VLOOKUP($C5,FDE!$1:$1048576,2,0),"ERRO"))) -> PLACA DE ACRILICO TRANSPARENTE ESP=5MM PROTECAO A CONTATO ACIDENTAL | F5: =IF($A5=1,VLOOKUP($C5,'SINAPI JAN26'!$1:$1048576,3,0),IF($A5=2,VLOOKUP($C5,'CDHU 200'!$1:$1048576,3,0),IF($A5=3,VLOOKUP($C5,FDE!$1:$1048576,3,0)))) -> M2 | G5: 2.25 | H5: =IF($A5=1,VLOOKUP($C5,'SINAPI JAN26'!$1:$1048576,4,0),IF($A5=2,VLOOKUP($C5,'CDHU 200'!$1:$1048576,6,0),IF($A5=3,VLOOKUP($C5,FDE!$1:$1048576,4,0)))) -> 306.36 | I5: =(H5*H1)+H5 -> 373.39157 | J5: =I5*G5 -> 840.13103

Sheet Orçamento GERAL
B1: PLANILHA ORÇAMENTÁRIA
C2: Local da Obra: | D2: Rua das Bem Aventuranças nº 255 - Jardim Vista Alegre
C3: Data Base: | D3: 46063 | G3: BDI | H3: 0.2127
D4: CDHU 200/SINAPI 01-26/FDE 10-25
B6: Ref. | C6: Código | D6: Item | E6: Descrição | F6: Unid. | G6: Quant. | H6: Preço Unitário (R$) | I6: Preço Unitário com BDI (R$) | J6: Preço Total (R$)
D8: 1 | E8: SERVIÇOS PRELIMINARES | J8: =SUBTOTAL(9,J9:J16) -> 26482.469
A9: 2 | B9: =IF(A9=1,"SINAPI",IF(A9=2,"CDHU",IF(A9=3,"FDE",IF(A9=4,"SICRO","ERRO")))) -> CDHU | C9: 02.08.020 | D9: 1.1 | E9: =IF($A9=1,VLOOKUP($C9,'SINAPI JAN26'!$1:$1048576,2,0),IF($A9=2,VLOOKUP($C9,'CDHU 200'!$1:$1048576,2,0),IF($A9=3,VLOOKUP($C9,FDE!$1:$1048576,2,0),"ERRO"))) -> Placa de identificação para obra | F9: =IF($A9=1,VLOOKUP($C9,'SINAPI JAN26'!$1:$1048576,3,0),IF($A9=2,VLOOKUP($C9,'CDHU 200'!$1:$1048576,3,0),IF($A9=3,VLOOKUP($C9,FDE!$1:$1048576,3,0)))) -> M2 | G9: =2*3 -> 6 | H9: =IF($A9=1,VLOOKUP($C9,'SINAPI JAN26'!$1:$1048576,4,0),IF($A9=2,VLOOKUP($C9,'CDHU 200'!$1:$1048576,6,0),IF($A9=3,VLOOKUP($C9,FDE!$1:$1048576,4,0)))) -> 924.91 | I9: =(H9*$H$3)+H9 -> 1121.6384 | J9: =I9*G9 -> 6729.8301
A10: 2 | B10: =IF(A10=1,"SINAPI",IF(A10=2,"CDHU",IF(A10=3,"FDE",IF(A10=4,"SICRO","ERRO")))) -> CDHU | C10: 01.17.051 | D10: 1.2 | E10: =IF($A10=1,VLOOKUP($C10,'SINAPI JAN26'!$1:$1048576,2,0),IF($A10=2,VLOOKUP($C10,'CDHU 200'!$1:$1048576,2,0),IF($A10=3,VLOOKUP($C10,FDE!$1:$1048576,2,0),"ERRO"))) -> Projeto executivo de estrutura em formato A1 | F10: =IF($A10=1,VLOOKUP($C10,'SINAPI JAN26'!$1:$1048576,3,0),IF($A10=2,VLOOKUP($C10,'CDHU 200'!$1:$1048576,3,0),IF($A10=3,VLOOKUP($C10,FDE!$1:$1048576,3,0)))) -> UN | G10: 1 | H10: =IF($A10=1,VLOOKUP($C10,'SINAPI JAN26'!$1:$1048576,4,0),IF($A10=2,VLOOKUP($C10,'CDHU 200'!$1:$1048576,6,0),IF($A10=3,VLOOKUP($C10,FDE!$1:$1048576,4,0)))) -> 2658.26 | I10: =(H10*$H$3)+H10 -> 3223.6719 | J10: =I10*G10 -> 3223.6719
A11: 2 | B11: =IF(A11=1,"SINAPI",IF(A11=2,"CDHU",IF(A11=3,"FDE",IF(A11=4,"SICRO","ERRO")))) -> CDHU | C11: 01.17.071 | D11: 1.3 | E11: =IF($A11=1,VLOOKUP($C11,'SINAPI JAN26'!$1:$1048576,2,0),IF($A11=2,VLOOKUP($C11,'CDHU 200'!$1:$1048576,2,0),IF($A11=3,VLOOKUP($C11,FDE!$1:$1048576,2,0),"ERRO"))) -> Projeto executivo de instalações hidráulicas em formato A1 | F11: =IF($A11=1,VLOOKUP($C11,'SINAPI JAN26'!$1:$1048576,3,0),IF($A11=2,VLOOKUP($C11,'CDHU 200'!$1:$1048576,3,0),IF($A11=3,VLOOKUP($C11,FDE!$1:$1048576,3,0)))) -> UN | G11: 2 | H11: =IF($A11=1,VLOOKUP($C11,'SINAPI JAN26'!$1:$1048576,4,0),IF($A11=2,VLOOKUP($C11,'CDHU 200'!$1:$1048576,6,0),IF($A11=3,VLOOKUP($C11,FDE!$1:$1048576,4,0)))) -> 1141.18 | I11: =(H11*$H$3)+H11 -> 1383.909 | J11: =I11*G11 -> 2767.818
A12: 2 | B12: =IF(A12=1,"SINAPI",IF(A12=2,"CDHU",IF(A12=3,"FDE",IF(A12=4,"SICRO","ERRO")))) -> CDHU | C12: 01.17.111 | D12: 1.4 | E12: =IF($A12=1,VLOOKUP($C12,'SINAPI JAN26'!$1:$1048576,2,0),IF($A12=2,VLOOKUP($C12,'CDHU 200'!$1:$1048576,2,0),IF($A12=3,VLOOKUP($C12,FDE!$1:$1048576,2,0),"ERRO"))) -> Projeto executivo de instalações elétricas em formato A1 | F12: =IF($A12=1,VLOOKUP($C12,'SINAPI JAN26'!$1:$1048576,3,0),IF($A12=2,VLOOKUP($C12,'CDHU 200'!$1:$1048576,3,0),IF($A12=3,VLOOKUP($C12,FDE!$1:$1048576,3,0)))) -> UN | G12: 2 | H12: =IF($A12=1,VLOOKUP($C12,'SINAPI JAN26'!$1:$1048576,4,0),IF($A12=2,VLOOKUP($C12,'CDHU 200'!$1:$1048576,6,0),IF($A12=3,VLOOKUP($C12,FDE!$1:$1048576,4,0)))) -> 1267.26 | I12: =(H12*$H$3)+H12 -> 1536.8062 | J12: =I12*G12 -> 3073.6124
A13: 2 | B13: =IF(A13=1,"SINAPI",IF(A13=2,"CDHU",IF(A13=3,"FDE",IF(A13=4,"SICRO","ERRO")))) -> CDHU | C13: 01.17.151 | D13: 1.5 | E13: =IF($A13=1,VLOOKUP($C13,'SINAPI JAN26'!$1:$1048576,2,0),IF($A13=2,VLOOKUP($C13,'CDHU 200'!$1:$1048576,2,0),IF($A13=3,VLOOKUP($C13,FDE!$1:$1048576,2,0),"ERRO"))) -> Projeto executivo de climatização em formato A1 | F13: =IF($A13=1,VLOOKUP($C13,'SINAPI JAN26'!$1:$1048576,3,0),IF($A13=2,VLOOKUP($C13,'CDHU 200'!$1:$1048576,3,0),IF($A13=3,VLOOKUP($C13,FDE!$1:$1048576,3,0)))) -> UN | G13: 1 | H13: =IF($A13=1,VLOOKUP($C13,'SINAPI JAN26'!$1:$1048576,4,0),IF($A13=2,VLOOKUP($C13,'CDHU 200'!$1:$1048576,6,0),IF($A13=3,VLOOKUP($C13,FDE!$1:$1048576,4,0)))) -> 2439.23 | I13: =(H13*$H$3)+H13 -> 2958.0542 | J13: =I13*G13 -> 2958.0542
A14: 2 | B14: =IF(A14=1,"SINAPI",IF(A14=2,"CDHU",IF(A14=3,"FDE",IF(A14=4,"SICRO","ERRO")))) -> CDHU | C14: 02.10.020 | D14: 1.6 | E14: =IF($A14=1,VLOOKUP($C14,'SINAPI JAN26'!$1:$1048576,2,0),IF($A14=2,VLOOKUP($C14,'CDHU 200'!$1:$1048576,2,0),IF($A14=3,VLOOKUP($C14,FDE!$1:$1048576,2,0),"ERRO"))) -> Locação de obra de edificação | F14: =IF($A14=1,VLOOKUP($C14,'SINAPI JAN26'!$1:$1048576,3,0),IF($A14=2,VLOOKUP($C14,'CDHU 200'!$1:$1048576,3,0),IF($A14=3,VLOOKUP($C14,FDE!$1:$1048576,3,0)))) -> M2 | G14: 37.14 | H14: =IF($A14=1,VLOOKUP($C14,'SINAPI JAN26'!$1:$1048576,4,0),IF($A14=2,VLOOKUP($C14,'CDHU 200'!$1:$1048576,6,0),IF($A14=3,VLOOKUP($C14,FDE!$1:$1048576,4,0)))) -> 17.85 | I14: =(H14*$H$3)+H14 -> 21.646695 | J14: =I14*G14 -> 803.95825
A15: 2 | B15: =IF(A15=1,"SINAPI",IF(A15=2,"CDHU",IF(A15=3,"FDE",IF(A15=4,"SICRO","ERRO")))) -> CDHU | C15: 02.10.060 | D15: 1.7 | E15: =IF($A15=1,VLOOKUP($C15,'SINAPI JAN26'!$1:$1048576,2,0),IF($A15=2,VLOOKUP($C15,'CDHU 200'!$1:$1048576,2,0),IF($A15=3,VLOOKUP($C15,FDE!$1:$1048576,2,0),"ERRO"))) -> Locação de vias, calçadas, tanques e lagoas | F15: =IF($A15=1,VLOOKUP($C15,'SINAPI JAN26'!$1:$1048576,3,0),IF($A15=2,VLOOKUP($C15,'CDHU 200'!$1:$1048576,3,0),IF($A15=3,VLOOKUP($C15,FDE!$1:$1048576,3,0)))) -> M2 | G15: 144.21 | H15: =IF($A15=1,VLOOKUP($C15,'SINAPI JAN26'!$1:$1048576,4,0),IF($A15=2,VLOOKUP($C15,'CDHU 200'!$1:$1048576,6,0),IF($A15=3,VLOOKUP($C15,FDE!$1:$1048576,4,0)))) -> 1.84 | I15: =(H15*$H$3)+H15 -> 2.231368 | J15: =I15*G15 -> 321.78558
A16: 2 | B16: =IF(A16=1,"SINAPI",IF(A16=2,"CDHU",IF(A16=3,"FDE",IF(A16=4,"SICRO","ERRO")))) -> CDHU | C16: 05.07.050 | D16: 1.8 | E16: =IF($A16=1,VLOOKUP($C16,'SINAPI JAN26'!$1:$1048576,2,0),IF($A16=2,VLOOKUP($C16,'CDHU 200'!$1:$1048576,2,0),IF($A16=3,VLOOKUP($C16,FDE!$1:$1048576,2,0),"ERRO"))) -> Remoção de entulho de obra com caçamba metálica - material volumoso e misturado por alvenaria, terra, madeira, papel, plástico e metal | F16: =IF($A16=1,VLOOKUP($C16,'SINAPI JAN26'!$1:$1048576,3,0),IF($A16=2,VLOOKUP($C16,'CDHU 200'!$1:$1048576,3,0),IF($A16=3,VLOOKUP($C16,FDE!$1:$1048576,3,0)))) -> M3 | G16: 41.31 | H16: =IF($A16=1,VLOOKUP($C16,'SINAPI JAN26'!$1:$1048576,4,0),IF($A16=2,VLOOKUP($C16,'CDHU 200'!$1:$1048576,6,0),IF($A16=3,VLOOKUP($C16,FDE!$1:$1048576,4,0)))) -> 131.82 | I16: =(H16*$H$3)+H16 -> 159.85811 | J16: =I16*G16 -> 6603.7387
D18: 2 | E18: DEMOLIÇÕES E RETIRADAS | J18: =SUBTOTAL(9,J19:J35) -> 37631.437
A19: 2 | B19: =IF(A19=1,"SINAPI",IF(A19=2,"CDHU",IF(A19=3,"FDE",IF(A19=4,"SICRO","ERRO")))) -> CDHU | C19: 03.01.250 | D19: 2.1 | E19: =IF($A19=1,VLOOKUP($C19,'SINAPI JAN26'!$1:$1048576,2,0),IF($A19=2,VLOOKUP($C19,'CDHU 200'!$1:$1048576,2,0),IF($A19=3,VLOOKUP($C19,FDE!$1:$1048576,2,0),"ERRO"))) -> Demolição mecanizada de pavimento ou piso em concreto, inclusive fragmentação e acomodação do material | F19: =IF($A19=1,VLOOKUP($C19,'SINAPI JAN26'!$1:$1048576,3,0),IF($A19=2,VLOOKUP($C19,'CDHU 200'!$1:$1048576,3,0),IF($A19=3,VLOOKUP($C19,FDE!$1:$1048576,3,0)))) -> M2 | G19: 278.44 | H19: =IF($A19=1,VLOOKUP($C19,'SINAPI JAN26'!$1:$1048576,4,0),IF($A19=2,VLOOKUP($C19,'CDHU 200'!$1:$1048576,6,0),IF($A19=3,VLOOKUP($C19,FDE!$1:$1048576,4,0)))) -> 30.76 | I19: =(H19*$H$3)+H19 -> 37.302652 | J19: =I19*G19 -> 10386.55
A20: 2 | B20: =IF(A20=1,"SINAPI",IF(A20=2,"CDHU",IF(A20=3,"FDE",IF(A20=4,"SICRO","ERRO")))) -> CDHU | C20: 03.02.040 | D20: 2.2 | E20: =IF($A20=1,VLOOKUP($C20,'SINAPI JAN26'!$1:$1048576,2,0),IF($A20=2,VLOOKUP($C20,'CDHU 200'!$1:$1048576,2,0),IF($A20=3,VLOOKUP($C20,FDE!$1:$1048576,2,0),"ERRO"))) -> Demolição manual de alvenaria de elevação ou elemento vazado, incluindo revestimento | F20: =IF($A20=1,VLOOKUP($C20,'SINAPI JAN26'!$1:$1048576,3,0),IF($A20=2,VLOOKUP($C20,'CDHU 200'!$1:$1048576,3,0),IF($A20=3,VLOOKUP($C20,FDE!$1:$1048576,3,0)))) -> M3 | G20: 24.01 | H20: =IF($A20=1,VLOOKUP($C20,'SINAPI JAN26'!$1:$1048576,4,0),IF($A20=2,VLOOKUP($C20,'CDHU 200'!$1:$1048576,6,0),IF($A20=3,VLOOKUP($C20,FDE!$1:$1048576,4,0)))) -> 90.84 | I20: =(H20*$H$3)+H20 -> 110.16167 | J20: =I20*G20 -> 2644.9816
A21: 2 | B21: =IF(A21=1,"SINAPI",IF(A21=2,"CDHU",IF(A21=3,"FDE",IF(A21=4,"SICRO","ERRO")))) -> CDHU | C21: 03.04.020 | D21: 2.3 | E21: =IF($A21=1,VLOOKUP($C21,'SINAPI JAN26'!$1:$1048576,2,0),IF($A21=2,VLOOKUP($C21,'CDHU 200'!$1:$1048576,2,0),IF($A21=3,VLOOKUP($C21,FDE!$1:$1048576,2,0),"ERRO"))) -> Demolição manual de revestimento cerâmico, incluindo a base | F21: =IF($A21=1,VLOOKUP($C21,'SINAPI JAN26'!$1:$1048576,3,0),IF($A21=2,VLOOKUP($C21,'CDHU 200'!$1:$1048576,3,0),IF($A21=3,VLOOKUP($C21,FDE!$1:$1048576,3,0)))) -> M2 | G21: 268.07 | H21: =IF($A21=1,VLOOKUP($C21,'SINAPI JAN26'!$1:$1048576,4,0),IF($A21=2,VLOOKUP($C21,'CDHU 200'!$1:$1048576,6,0),IF($A21=3,VLOOKUP($C21,FDE!$1:$1048576,4,0)))) -> 13.63 | I21: =(H21*$H$3)+H21 -> 16.529101 | J21: =I21*G21 -> 4430.9561
A22: 2 | B22: =IF(A22=1,"SINAPI",IF(A22=2,"CDHU",IF(A22=3,"FDE",IF(A22=4,"SICRO","ERRO")))) -> CDHU | C22: 04.03.020 | D22: 2.4 | E22: =IF($A22=1,VLOOKUP($C22,'SINAPI JAN26'!$1:$1048576,2,0),IF($A22=2,VLOOKUP($C22,'CDHU 200'!$1:$1048576,2,0),IF($A22=3,VLOOKUP($C22,FDE!$1:$1048576,2,0),"ERRO"))) -> Retirada de telhamento em barro | F22: =IF($A22=1,VLOOKUP($C22,'SINAPI JAN26'!$1:$1048576,3,0),IF($A22=2,VLOOKUP($C22,'CDHU 200'!$1:$1048576,3,0),IF($A22=3,VLOOKUP($C22,FDE!$1:$1048576,3,0)))) -> M2 | G22: 283.5 | H22: =IF($A22=1,VLOOKUP($C22,'SINAPI JAN26'!$1:$1048576,4,0),IF($A22=2,VLOOKUP($C22,'CDHU 200'!$1:$1048576,6,0),IF($A22=3,VLOOKUP($C22,FDE!$1:$1048576,4,0)))) -> 18.17 | I22: =(H22*$H$3)+H22 -> 22.034759 | J22: =I22*G22 -> 6246.8542
A23: 2 | B23: =IF(A23=1,"SINAPI",IF(A23=2,"CDHU",IF(A23=3,"FDE",IF(A23=4,"SICRO","ERRO")))) -> CDHU | C23: 04.02.050 | D23: 2.5 | E23: =IF($A23=1,VLOOKUP($C23,'SINAPI JAN26'!$1:$1048576,2,0),IF($A23=2,VLOOKUP($C23,'CDHU 200'!$1:$1048576,2,0),IF($A23=3,VLOOKUP($C23,FDE!$1:$1048576,2,0),"ERRO"))) -> Retirada de estrutura em madeira tesoura - telhas de barro | F23: =IF($A23=1,VLOOKUP($C23,'SINAPI JAN26'!$1:$1048576,3,0),IF($A23=2,VLOOKUP($C23,'CDHU 200'!$1:$1048576,3,0),IF($A23=3,VLOOKUP($C23,FDE!$1:$1048576,3,0)))) -> M2 | G23: 54.46 | H23: =IF($A23=1,VLOOKUP($C23,'SINAPI JAN26'!$1:$1048576,4,0),IF($A23=2,VLOOKUP($C23,'CDHU 200'!$1:$1048576,6,0),IF($A23=3,VLOOKUP($C23,FDE!$1:$1048576,4,0)))) -> 27.69 | I23: =(H23*$H$3)+H23 -> 33.579663 | J23: =I23*G23 -> 1828.7484
A24: 2 | B24: =IF(A24=1,"SINAPI",IF(A24=2,"CDHU",IF(A24=3,"FDE",IF(A24=4,"SICRO","ERRO")))) -> CDHU | C24: 04.03.060 | D24: 2.6 | E24: =IF($A24=1,VLOOKUP($C24,'SINAPI JAN26'!$1:$1048576,2,0),IF($A24=2,VLOOKUP($C24,'CDHU 200'!$1:$1048576,2,0),IF($A24=3,VLOOKUP($C24,FDE!$1:$1048576,2,0),"ERRO"))) -> Retirada de cumeeira ou espigão em barro | F24: =IF($A24=1,VLOOKUP($C24,'SINAPI JAN26'!$1:$1048576,3,0),IF($A24=2,VLOOKUP($C24,'CDHU 200'!$1:$1048576,3,0),IF($A24=3,VLOOKUP($C24,FDE!$1:$1048576,3,0)))) -> M | G24: 18.4 | H24: =IF($A24=1,VLOOKUP($C24,'SINAPI JAN26'!$1:$1048576,4,0),IF($A24=2,VLOOKUP($C24,'CDHU 200'!$1:$1048576,6,0),IF($A24=3,VLOOKUP($C24,FDE!$1:$1048576,4,0)))) -> 6.81 | I24: =(H24*$H$3)+H24 -> 8.258487 | J24: =I24*G24 -> 151.95616
A25: 2 | B25: =IF(A25=1,"SINAPI",IF(A25=2,"CDHU",IF(A25=3,"FDE",IF(A25=4,"SICRO","ERRO")))) -> CDHU | C25: 03.04.040 | D25: 2.7 | E25: =IF($A25=1,VLOOKUP($C25,'SINAPI JAN26'!$1:$1048576,2,0),IF($A25=2,VLOOKUP($C25,'CDHU 200'!$1:$1048576,2,0),IF($A25=3,VLOOKUP($C25,FDE!$1:$1048576,2,0),"ERRO"))) -> Demolição manual de rodapé, soleira ou peitoril, em material cerâmico e/ou ladrilho hidráulico, incluindo a base | F25: =IF($A25=1,VLOOKUP($C25,'SINAPI JAN26'!$1:$1048576,3,0),IF($A25=2,VLOOKUP($C25,'CDHU 200'!$1:$1048576,3,0),IF($A25=3,VLOOKUP($C25,FDE!$1:$1048576,3,0)))) -> M | G25: 157.03 | H25: =IF($A25=1,VLOOKUP($C25,'SINAPI JAN26'!$1:$1048576,4,0),IF($A25=2,VLOOKUP($C25,'CDHU 200'!$1:$1048576,6,0),IF($A25=3,VLOOKUP($C25,FDE!$1:$1048576,4,0)))) -> 3.41 | I25: =(H25*$H$3)+H25 -> 4.135307 | J25: =I25*G25 -> 649.36726
A26: 2 | B26: =IF(A26=1,"SINAPI",IF(A26=2,"CDHU",IF(A26=3,"FDE",IF(A26=4,"SICRO","ERRO")))) -> CDHU | C26: 04.09.020 | D26: 2.8 | E26: =IF($A26=1,VLOOKUP($C26,'SINAPI JAN26'!$1:$1048576,2,0),IF($A26=2,VLOOKUP($C26,'CDHU 200'!$1:$1048576,2,0),IF($A26=3,VLOOKUP($C26,FDE!$1:$1048576,2,0),"ERRO"))) -> Retirada de esquadria metálica em geral | F26: =IF($A26=1,VLOOKUP($C26,'SINAPI JAN26'!$1:$1048576,3,0),IF($A26=2,VLOOKUP($C26,'CDHU 200'!$1:$1048576,3,0),IF($A26=3,VLOOKUP($C26,FDE!$1:$1048576,3,0)))) -> M2 | G26: 4.8 | H26: =IF($A26=1,VLOOKUP($C26,'SINAPI JAN26'!$1:$1048576,4,0),IF($A26=2,VLOOKUP($C26,'CDHU 200'!$1:$1048576,6,0),IF($A26=3,VLOOKUP($C26,FDE!$1:$1048576,4,0)))) -> 35.25 | I26: =(H26*$H$3)+H26 -> 42.747675 | J26: =I26*G26 -> 205.18884
A27: 2 | B27: =IF(A27=1,"SINAPI",IF(A27=2,"CDHU",IF(A27=3,"FDE",IF(A27=4,"SICRO","ERRO")))) -> CDHU | C27: 04.09.040 | D27: 2.9 | E27: =IF($A27=1,VLOOKUP($C27,'SINAPI JAN26'!$1:$1048576,2,0),IF($A27=2,VLOOKUP($C27,'CDHU 200'!$1:$1048576,2,0),IF($A27=3,VLOOKUP($C27,FDE!$1:$1048576,2,0),"ERRO"))) -> Retirada de folha de esquadria metálica | F27: =IF($A27=1,VLOOKUP($C27,'SINAPI JAN26'!$1:$1048576,3,0),IF($A27=2,VLOOKUP($C27,'CDHU 200'!$1:$1048576,3,0),IF($A27=3,VLOOKUP($C27,FDE!$1:$1048576,3,0)))) -> UN | G27: 5 | H27: =IF($A27=1,VLOOKUP($C27,'SINAPI JAN26'!$1:$1048576,4,0),IF($A27=2,VLOOKUP($C27,'CDHU 200'!$1:$1048576,6,0),IF($A27=3,VLOOKUP($C27,FDE!$1:$1048576,4,0)))) -> 29.39 | I27: =(H27*$H$3)+H27 -> 35.641253 | J27: =I27*G27 -> 178.20627
A28: 2 | B28: =IF(A28=1,"SINAPI",IF(A28=2,"CDHU",IF(A28=3,"FDE",IF(A28=4,"SICRO","ERRO")))) -> CDHU | C28: 04.08.020 | D28: 2.10 | E28: =IF($A28=1,VLOOKUP($C28,'SINAPI JAN26'!$1:$1048576,2,0),IF($A28=2,VLOOKUP($C28,'CDHU 200'!$1:$1048576,2,0),IF($A28=3,VLOOKUP($C28,FDE!$1:$1048576,2,0),"ERRO"))) -> Retirada de folha de esquadria em madeira | F28: =IF($A28=1,VLOOKUP($C28,'SINAPI JAN26'!$1:$1048576,3,0),IF($A28=2,VLOOKUP($C28,'CDHU 200'!$1:$1048576,3,0),IF($A28=3,VLOOKUP($C28,FDE!$1:$1048576,3,0)))) -> UN | G28: 18 | H28: =IF($A28=1,VLOOKUP($C28,'SINAPI JAN26'!$1:$1048576,4,0),IF($A28=2,VLOOKUP($C28,'CDHU 200'!$1:$1048576,6,0),IF($A28=3,VLOOKUP($C28,FDE!$1:$1048576,4,0)))) -> 25.18 | I28: =(H28*$H$3)+H28 -> 30.535786 | J28: =I28*G28 -> 549.64415
A29: 2 | B29: =IF(A29=1,"SINAPI",IF(A29=2,"CDHU",IF(A29=3,"FDE",IF(A29=4,"SICRO","ERRO")))) -> CDHU | C29: 04.08.060 | D29: 2.11 | E29: =IF($A29=1,VLOOKUP($C29,'SINAPI JAN26'!$1:$1048576,2,0),IF($A29=2,VLOOKUP($C29,'CDHU 200'!$1:$1048576,2,0),IF($A29=3,VLOOKUP($C29,FDE!$1:$1048576,2,0),"ERRO"))) -> Retirada de batente com guarnição e peças lineares em madeira, chumbados | F29: =IF($A29=1,VLOOKUP($C29,'SINAPI JAN26'!$1:$1048576,3,0),IF($A29=2,VLOOKUP($C29,'CDHU 200'!$1:$1048576,3,0),IF($A29=3,VLOOKUP($C29,FDE!$1:$1048576,3,0)))) -> M | G29: 84.3 | H29: =IF($A29=1,VLOOKUP($C29,'SINAPI JAN26'!$1:$1048576,4,0),IF($A29=2,VLOOKUP($C29,'CDHU 200'!$1:$1048576,6,0),IF($A29=3,VLOOKUP($C29,FDE!$1:$1048576,4,0)))) -> 15.1 | I29: =(H29*$H$3)+H29 -> 18.31177 | J29: =I29*G29 -> 1543.6822
A30: 2 | B30: =IF(A30=1,"SINAPI",IF(A30=2,"CDHU",IF(A30=3,"FDE",IF(A30=4,"SICRO","ERRO")))) -> CDHU | C30: 04.09.140 | D30: 2.12 | E30: =IF($A30=1,VLOOKUP($C30,'SINAPI JAN26'!$1:$1048576,2,0),IF($A30=2,VLOOKUP($C30,'CDHU 200'!$1:$1048576,2,0),IF($A30=3,VLOOKUP($C30,FDE!$1:$1048576,2,0),"ERRO"))) -> Retirada de poste ou sistema de sustentação para alambrado ou fechamento | F30: =IF($A30=1,VLOOKUP($C30,'SINAPI JAN26'!$1:$1048576,3,0),IF($A30=2,VLOOKUP($C30,'CDHU 200'!$1:$1048576,3,0),IF($A30=3,VLOOKUP($C30,FDE!$1:$1048576,3,0)))) -> UN | G30: 32 | H30: =IF($A30=1,VLOOKUP($C30,'SINAPI JAN26'!$1:$1048576,4,0),IF($A30=2,VLOOKUP($C30,'CDHU 200'!$1:$1048576,6,0),IF($A30=3,VLOOKUP($C30,FDE!$1:$1048576,4,0)))) -> 29.52 | I30: =(H30*$H$3)+H30 -> 35.798904 | J30: =I30*G30 -> 1145.5649
... A35: 2 | B35: =IF(A35=1,"SINAPI",IF(A35=2,"CDHU",IF(A35=3,"FDE",IF(A35=4,"SICRO","ERRO")))) -> CDHU | C35: 05.07.040 | D35: 2.17 | E35: =IF($A35=1,VLOOKUP($C35,'SINAPI JAN26'!$1:$1048576,2,0),IF($A35=2,VLOOKUP($C35,'CDHU 200'!$1:$1048576,2,0),IF($A35=3,VLOOKUP($C35,FDE!$1:$1048576,2,0),"ERRO"))) -> Remoção de entulho separado de obra com caçamba metálica - terra, alvenaria, concreto, argamassa, madeira, papel, plástico ou metal | F35: =IF($A35=1,VLOOKUP($C35,'SINAPI JAN26'!$1:$1048576,3,0),IF($A35=2,VLOOKUP($C35,'CDHU 200'!$1:$1048576,3,0),IF($A35=3,VLOOKUP($C35,FDE!$1:$1048576,3,0)))) -> M3 | G35: 38 | H35: =IF($A35=1,VLOOKUP($C35,'SINAPI JAN26'!$1:$1048576,4,0),IF($A35=2,VLOOKUP($C35,'CDHU 200'!$1:$1048576,6,0),IF($A35=3,VLOOKUP($C35,FDE!$1:$1048576,4,0)))) -> 112.15 | I35: =(H35*$H$3)+H35 -> 136.00431 | J35: =I35*G35 -> 5168.1636
D37: 3 | E37: INFRAESTRUTURA | J37: =SUBTOTAL(9,J38:J51) -> 42358.852
A38: 2 | B38: =IF(A38=1,"SINAPI",IF(A38=2,"CDHU",IF(A38=3,"FDE",IF(A38=4,"SICRO","ERRO")))) -> CDHU | C38: 12.01.061 | D38: 3.1 | E38: =IF($A38=1,VLOOKUP($C38,'SINAPI JAN26'!$1:$1048576,2,0),IF($A38=2,VLOOKUP($C38,'CDHU 200'!$1:$1048576,2,0),IF($A38=3,VLOOKUP($C38,FDE!$1:$1048576,2,0),"ERRO"))) -> Broca em concreto armado diâmetro de 30 cm - completa | F38: =IF($A38=1,VLOOKUP($C38,'SINAPI JAN26'!$1:$1048576,3,0),IF($A38=2,VLOOKUP($C38,'CDHU 200'!$1:$1048576,3,0),IF($A38=3,VLOOKUP($C38,FDE!$1:$1048576,3,0)))) -> M | G38: 120 | H38: =IF($A38=1,VLOOKUP($C38,'SINAPI JAN26'!$1:$1048576,4,0),IF($A38=2,VLOOKUP($C38,'CDHU 200'!$1:$1048576,6,0),IF($A38=3,VLOOKUP($C38,FDE!$1:$1048576,4,0)))) -> 133.46 | I38: =(H38*$H$3)+H38 -> 161.84694 | J38: =I38*G38 -> 19421.633
A39: 2 | B39: =IF(A39=1,"SINAPI",IF(A39=2,"CDHU",IF(A39=3,"FDE",IF(A39=4,"SICRO","ERRO")))) -> CDHU | C39: 06.02.020 | D39: 3.2 | E39: =IF($A39=1,VLOOKUP($C39,'SINAPI JAN26'!$1:$1048576,2,0),IF($A39=2,VLOOKUP($C39,'CDHU 200'!$1:$1048576,2,0),IF($A39=3,VLOOKUP($C39,FDE!$1:$1048576,2,0),"ERRO"))) -> Escavação manual em solo de 1ª e 2ª categoria em vala ou cava até 1,5 m | F39: =IF($A39=1,VLOOKUP($C39,'SINAPI JAN26'!$1:$1048576,3,0),IF($A39=2,VLOOKUP($C39,'CDHU 200'!$1:$1048576,3,0),IF($A39=3,VLOOKUP($C39,FDE!$1:$1048576,3,0)))) -> M3 | G39: 9.74 | H39: =IF($A39=1,VLOOKUP($C39,'SINAPI JAN26'!$1:$1048576,4,0),IF($A39=2,VLOOKUP($C39,'CDHU 200'!$1:$1048576,6,0),IF($A39=3,VLOOKUP($C39,FDE!$1:$1048576,4,0)))) -> 68.13 | I39: =(H39*$H$3)+H39 -> 82.621251 | J39: =I39*G39 -> 804.73098
A40: 1 | B40: =IF(A40=1,"SINAPI",IF(A40=2,"CDHU",IF(A40=3,"FDE",IF(A40=4,"SICRO","ERRO")))) -> SINAPI | C40: 101617 | D40: 3.3 | E40: =IF($A40=1,VLOOKUP($C40,'SINAPI JAN26'!$1:$1048576,2,0),IF($A40=2,VLOOKUP($C40,'CDHU 200'!$1:$1048576,2,0),IF($A40=3,VLOOKUP($C40,FDE!$1:$1048576,2,0),"ERRO"))) -> PREPARO DE FUNDO DE VALA COM LARGURA MAIOR OU IGUAL A 1,5 M E MENOR QUE 2,5 M (ACERTO DO SOLO NATURAL), EM LOCAL COM NÍVEL BAIXO DE INTERFERÊNCIA. AF_01/2026 | F40: =IF($A40=1,VLOOKUP($C40,'SINAPI JAN26'!$1:$1048576,3,0),IF($A40=2,VLOOKUP($C40,'CDHU 200'!$1:$1048576,3,0),IF($A40=3,VLOOKUP($C40,FDE!$1:$1048576,3,0)))) -> M2 | G40: 19.13 | H40: =IF($A40=1,VLOOKUP($C40,'SINAPI JAN26'!$1:$1048576,4,0),IF($A40=2,VLOOKUP($C40,'CDHU 200'!$1:$1048576,6,0),IF($A40=3,VLOOKUP($C40,FDE!$1:$1048576,4,0)))) -> 4.64 | I40: =(H40*$H$3)+H40 -> 5.626928 | J40: =I40*G40 -> 107.64313
A41: 2 | B41: =IF(A41=1,"SINAPI",IF(A41=2,"CDHU",IF(A41=3,"FDE",IF(A41=4,"SICRO","ERRO")))) -> CDHU | C41: 09.01.020 | D41: 3.4 | E41: =IF($A41=1,VLOOKUP($C41,'SINAPI JAN26'!$1:$1048576,2,0),IF($A41=2,VLOOKUP($C41,'CDHU 200'!$1:$1048576,2,0),IF($A41=3,VLOOKUP($C41,FDE!$1:$1048576,2,0),"ERRO"))) -> Forma em madeira comum para fundação | F41: =IF($A41=1,VLOOKUP($C41,'SINAPI JAN26'!$1:$1048576,3,0),IF($A41=2,VLOOKUP($C41,'CDHU 200'!$1:$1048576,3,0),IF($A41=3,VLOOKUP($C41,FDE!$1:$1048576,3,0)))) -> M2 | G41: 27.7 | H41: =IF($A41=1,VLOOKUP($C41,'SINAPI JAN26'!$1:$1048576,4,0),IF($A41=2,VLOOKUP($C41,'CDHU 200'!$1:$1048576,6,0),IF($A41=3,VLOOKUP($C41,FDE!$1:$1048576,4,0)))) -> 110.06 | I41: =(H41*$H$3)+H41 -> 133.46976 | J41: =I41*G41 -> 3697.1124
A42: 2 | B42: =IF(A42=1,"SINAPI",IF(A42=2,"CDHU",IF(A42=3,"FDE",IF(A42=4,"SICRO","ERRO")))) -> CDHU | C42: 11.01.130 | D42: 3.5 | E42: =IF($A42=1,VLOOKUP($C42,'SINAPI JAN26'!$1:$1048576,2,0),IF($A42=2,VLOOKUP($C42,'CDHU 200'!$1:$1048576,2,0),IF($A42=3,VLOOKUP($C42,FDE!$1:$1048576,2,0),"ERRO"))) -> Concreto usinado, fck = 25 MPa | F42: =IF($A42=1,VLOOKUP($C42,'SINAPI JAN26'!$1:$1048576,3,0),IF($A42=2,VLOOKUP($C42,'CDHU 200'!$1:$1048576,3,0),IF($A42=3,VLOOKUP($C42,FDE!$1:$1048576,3,0)))) -> M3 | G42: 6.98 | H42: =IF($A42=1,VLOOKUP($C42,'SINAPI JAN26'!$1:$1048576,4,0),IF($A42=2,VLOOKUP($C42,'CDHU 200'!$1:$1048576,6,0),IF($A42=3,VLOOKUP($C42,FDE!$1:$1048576,4,0)))) -> 519.37 | I42: =(H42*$H$3)+H42 -> 629.84 | J42: =I42*G42 -> 4396.2832
A43: 2 | B43: =IF(A43=1,"SINAPI",IF(A43=2,"CDHU",IF(A43=3,"FDE",IF(A43=4,"SICRO","ERRO")))) -> CDHU | C43: 11.16.040 | D43: 3.6 | E43: =IF($A43=1,VLOOKUP($C43,'SINAPI JAN26'!$1:$1048576,2,0),IF($A43=2,VLOOKUP($C43,'CDHU 200'!$1:$1048576,2,0),IF($A43=3,VLOOKUP($C43,FDE!$1:$1048576,2,0),"ERRO"))) -> Lançamento e adensamento de concreto ou massa em fundação | F43: =IF($A43=1,VLOOKUP($C43,'SINAPI JAN26'!$1:$1048576,3,0),IF($A43=2,VLOOKUP($C43,'CDHU 200'!$1:$1048576,3,0),IF($A43=3,VLOOKUP($C43,FDE!$1:$1048576,3,0)))) -> M3 | G43: =G42 -> 6.98 | H43: =IF($A43=1,VLOOKUP($C43,'SINAPI JAN26'!$1:$1048576,4,0),IF($A43=2,VLOOKUP($C43,'CDHU 200'!$1:$1048576,6,0),IF($A43=3,VLOOKUP($C43,FDE!$1:$1048576,4,0)))) -> 191.54 | I43: =(H43*$H$3)+H43 -> 232.28056 | J43: =I43*G43 -> 1621.3183
A44: 2 | B44: =IF(A44=1,"SINAPI",IF(A44=2,"CDHU",IF(A44=3,"FDE",IF(A44=4,"SICRO","ERRO")))) -> CDHU | C44: 10.01.040 | D44: 3.7 | E44: =IF($A44=1,VLOOKUP($C44,'SINAPI JAN26'!$1:$1048576,2,0),IF($A44=2,VLOOKUP($C44,'CDHU 200'!$1:$1048576,2,0),IF($A44=3,VLOOKUP($C44,FDE!$1:$1048576,2,0),"ERRO"))) -> Armadura em barra de aço CA-50 (A ou B) fyk = 500 MPa | F44: =IF($A44=1,VLOOKUP($C44,'SINAPI JAN26'!$1:$1048576,3,0),IF($A44=2,VLOOKUP($C44,'CDHU 200'!$1:$1048576,3,0),IF($A44=3,VLOOKUP($C44,FDE!$1:$1048576,3,0)))) -> KG | G44: 218.79 | H44: =IF($A44=1,VLOOKUP($C44,'SINAPI JAN26'!$1:$1048576,4,0),IF($A44=2,VLOOKUP($C44,'CDHU 200'!$1:$1048576,6,0),IF($A44=3,VLOOKUP($C44,FDE!$1:$1048576,4,0)))) -> 10.14 | I44: =(H44*$H$3)+H44 -> 12.296778 | J44: =I44*G44 -> 2690.4121
A45: 2 | B45: =IF(A45=1,"SINAPI",IF(A45=2,"CDHU",IF(A45=3,"FDE",IF(A45=4,"SICRO","ERRO")))) -> CDHU | C45: 10.01.060 | D45: 3.8 | E45: =IF($A45=1,VLOOKUP($C45,'SINAPI JAN26'!$1:$1048576,2,0),IF($A45=2,VLOOKUP($C45,'CDHU 200'!$1:$1048576,2,0),IF($A45=3,VLOOKUP($C45,FDE!$1:$1048576,2,0),"ERRO"))) -> Armadura em barra de aço CA-60 (A ou B) fyk = 600 MPa | F45: =IF($A45=1,VLOOKUP($C45,'SINAPI JAN26'!$1:$1048576,3,0),IF($A45=2,VLOOKUP($C45,'CDHU 200'!$1:$1048576,3,0),IF($A45=3,VLOOKUP($C45,FDE!$1:$1048576,3,0)))) -> KG | G45: 55.38 | H45: =IF($A45=1,VLOOKUP($C45,'SINAPI JAN26'!$1:$1048576,4,0),IF($A45=2,VLOOKUP($C45,'CDHU 200'!$1:$1048576,6,0),IF($A45=3,VLOOKUP($C45,FDE!$1:$1048576,4,0)))) -> 10.47 | I45: =(H45*$H$3)+H45 -> 12.696969 | J45: =I45*G45 -> 703.15814
A46: 2 | B46: =IF(A46=1,"SINAPI",IF(A46=2,"CDHU",IF(A46=3,"FDE",IF(A46=4,"SICRO","ERRO")))) -> CDHU | C46: 14.01.020 | D46: 3.9 | E46: =IF($A46=1,VLOOKUP($C46,'SINAPI JAN26'!$1:$1048576,2,0),IF($A46=2,VLOOKUP($C46,'CDHU 200'!$1:$1048576,2,0),IF($A46=3,VLOOKUP($C46,FDE!$1:$1048576,2,0),"ERRO"))) -> Alvenaria de embasamento em tijolo maciço comum | F46: =IF($A46=1,VLOOKUP($C46,'SINAPI JAN26'!$1:$1048576,3,0),IF($A46=2,VLOOKUP($C46,'CDHU 200'!$1:$1048576,3,0),IF($A46=3,VLOOKUP($C46,FDE!$1:$1048576,3,0)))) -> M3 | G46: 4.31 | H46: =IF($A46=1,VLOOKUP($C46,'SINAPI JAN26'!$1:$1048576,4,0),IF($A46=2,VLOOKUP($C46,'CDHU 200'!$1:$1048576,6,0),IF($A46=3,VLOOKUP($C46,FDE!$1:$1048576,4,0)))) -> 1104.59 | I46: =(H46*$H$3)+H46 -> 1339.5363 | J46: =I46*G46 -> 5773.4014
A47: 2 | B47: =IF(A47=1,"SINAPI",IF(A47=2,"CDHU",IF(A47=3,"FDE",IF(A47=4,"SICRO","ERRO")))) -> CDHU | C47: 17.02.040 | D47: 3.10 | E47: =IF($A47=1,VLOOKUP($C47,'SINAPI JAN26'!$1:$1048576,2,0),IF($A47=2,VLOOKUP($C47,'CDHU 200'!$1:$1048576,2,0),IF($A47=3,VLOOKUP($C47,FDE!$1:$1048576,2,0),"ERRO"))) -> Chapisco com adesivo de alto desempenho | F47: =IF($A47=1,VLOOKUP($C47,'SINAPI JAN26'!$1:$1048576,3,0),IF($A47=2,VLOOKUP($C47,'CDHU 200'!$1:$1048576,3,0),IF($A47=3,VLOOKUP($C47,FDE!$1:$1048576,3,0)))) -> M2 | G47: 0.9 | H47: =IF($A47=1,VLOOKUP($C47,'SINAPI JAN26'!$1:$1048576,4,0),IF($A47=2,VLOOKUP($C47,'CDHU 200'!$1:$1048576,6,0),IF($A47=3,VLOOKUP($C47,FDE!$1:$1048576,4,0)))) -> 12.69 | I47: =(H47*$H$3)+H47 -> 15.389163 | J47: =I47*G47 -> 13.850247
A48: 2 | B48: =IF(A48=1,"SINAPI",IF(A48=2,"CDHU",IF(A48=3,"FDE",IF(A48=4,"SICRO","ERRO")))) -> CDHU | C48: 32.17.010 | D48: 3.11 | E48: =IF($A48=1,VLOOKUP($C48,'SINAPI JAN26'!$1:$1048576,2,0),IF($A48=2,VLOOKUP($C48,'CDHU 200'!$1:$1048576,2,0),IF($A48=3,VLOOKUP($C48,FDE!$1:$1048576,2,0),"ERRO"))) -> Impermeabilização em argamassa impermeável com aditivo hidrófugo | F48: =IF($A48=1,VLOOKUP($C48,'SINAPI JAN26'!$1:$1048576,3,0),IF($A48=2,VLOOKUP($C48,'CDHU 200'!$1:$1048576,3,0),IF($A48=3,VLOOKUP($C48,FDE!$1:$1048576,3,0)))) -> M3 | G48: 0.68 | H48: =IF($A48=1,VLOOKUP($C48,'SINAPI JAN26'!$1:$1048576,4,0),IF($A48=2,VLOOKUP($C48,'CDHU 200'!$1:$1048576,6,0),IF($A48=3,VLOOKUP($C48,FDE!$1:$1048576,4,0)))) -> 877.46 | I48: =(H48*$H$3)+H48 -> 1064.0957 | J48: =I48*G48 -> 723.5851
A49: 1 | B49: =IF(A49=1,"SINAPI",IF(A49=2,"CDHU",IF(A49=3,"FDE",IF(A49=4,"SICRO","ERRO")))) -> SINAPI | C49: 98557 | D49: 3.12 | E49: =IF($A49=1,VLOOKUP($C49,'SINAPI JAN26'!$1:$1048576,2,0),IF($A49=2,VLOOKUP($C49,'CDHU 200'!$1:$1048576,2,0),IF($A49=3,VLOOKUP($C49,FDE!$1:$1048576,2,0),"ERRO"))) -> IMPERMEABILIZAÇÃO DE SUPERFÍCIE COM EMULSÃO ASFÁLTICA, 2 DEMÃOS. AF_09/2023 | F49: =IF($A49=1,VLOOKUP($C49,'SINAPI JAN26'!$1:$1048576,3,0),IF($A49=2,VLOOKUP($C49,'CDHU 200'!$1:$1048576,3,0),IF($A49=3,VLOOKUP($C49,FDE!$1:$1048576,3,0)))) -> M2 | G49: 33.96 | H49: =IF($A49=1,VLOOKUP($C49,'SINAPI JAN26'!$1:$1048576,4,0),IF($A49=2,VLOOKUP($C49,'CDHU 200'!$1:$1048576,6,0),IF($A49=3,VLOOKUP($C49,FDE!$1:$1048576,4,0)))) -> 45.21 | I49: =(H49*$H$3)+H49 -> 54.826167 | J49: =I49*G49 -> 1861.8966
A50: 2 | B50: =IF(A50=1,"SINAPI",IF(A50=2,"CDHU",IF(A50=3,"FDE",IF(A50=4,"SICRO","ERRO")))) -> CDHU | C50: 06.11.040 | D50: 3.13 | E50: =IF($A50=1,VLOOKUP($C50,'SINAPI JAN26'!$1:$1048576,2,0),IF($A50=2,VLOOKUP($C50,'CDHU 200'!$1:$1048576,2,0),IF($A50=3,VLOOKUP($C50,FDE!$1:$1048576,2,0),"ERRO"))) -> Reaterro manual apiloado sem controle de compactação | F50: =IF($A50=1,VLOOKUP($C50,'SINAPI JAN26'!$1:$1048576,3,0),IF($A50=2,VLOOKUP($C50,'CDHU 200'!$1:$1048576,3,0),IF($A50=3,VLOOKUP($C50,FDE!$1:$1048576,3,0)))) -> M3 | G50: 0.49 | H50: =IF($A50=1,VLOOKUP($C50,'SINAPI JAN26'!$1:$1048576,4,0),IF($A50=2,VLOOKUP($C50,'CDHU 200'!$1:$1048576,6,0),IF($A50=3,VLOOKUP($C50,FDE!$1:$1048576,4,0)))) -> 21.19 | I50: =(H50*$H$3)+H50 -> 25.697113 | J50: =I50*G50 -> 12.591585
A51: 2 | B51: =IF(A51=1,"SINAPI",IF(A51=2,"CDHU",IF(A51=3,"FDE",IF(A51=4,"SICRO","ERRO")))) -> CDHU | C51: 11.18.040 | D51: 3.14 | E51: =IF($A51=1,VLOOKUP($C51,'SINAPI JAN26'!$1:$1048576,2,0),IF($A51=2,VLOOKUP($C51,'CDHU 200'!$1:$1048576,2,0),IF($A51=3,VLOOKUP($C51,FDE!$1:$1048576,2,0),"ERRO"))) -> Lastro de pedra britada | F51: =IF($A51=1,VLOOKUP($C51,'SINAPI JAN26'!$1:$1048576,3,0),IF($A51=2,VLOOKUP($C51,'CDHU 200'!$1:$1048576,3,0),IF($A51=3,VLOOKUP($C51,FDE!$1:$1048576,3,0)))) -> M3 | G51: 2 | H51: =IF($A51=1,VLOOKUP($C51,'SINAPI JAN26'!$1:$1048576,4,0),IF($A51=2,VLOOKUP($C51,'CDHU 200'!$1:$1048576,6,0),IF($A51=3,VLOOKUP($C51,FDE!$1:$1048576,4,0)))) -> 219.03 | I51: =(H51*$H$3)+H51 -> 265.61768 | J51: =I51*G51 -> 531.23536
D53: 4 | E53: SUPERESTRUTURA | J53: =SUBTOTAL(9,J54:J61) -> 67536.838
A54: 2 | B54: =IF(A54=1,"SINAPI",IF(A54=2,"CDHU",IF(A54=3,"FDE",IF(A54=4,"SICRO","ERRO")))) -> CDHU | C54: 14.04.210 | D54: 4.1 | E54: =IF($A54=1,VLOOKUP($C54,'SINAPI JAN26'!$1:$1048576,2,0),IF($A54=2,VLOOKUP($C54,'CDHU 200'!$1:$1048576,2,0),IF($A54=3,VLOOKUP($C54,FDE!$1:$1048576,2,0),"ERRO"))) -> Alvenaria de bloco cerâmico de vedação de 14 cm | F54: =IF($A54=1,VLOOKUP($C54,'SINAPI JAN26'!$1:$1048576,3,0),IF($A54=2,VLOOKUP($C54,'CDHU 200'!$1:$1048576,3,0),IF($A54=3,VLOOKUP($C54,FDE!$1:$1048576,3,0)))) -> M2 | G54: 291.82 | H54: =IF($A54=1,VLOOKUP($C54,'SINAPI JAN26'!$1:$1048576,4,0),IF($A54=2,VLOOKUP($C54,'CDHU 200'!$1:$1048576,6,0),IF($A54=3,VLOOKUP($C54,FDE!$1:$1048576,4,0)))) -> 87.33 | I54: =(H54*$H$3)+H54 -> 105.90509 | J54: =I54*G54 -> 30905.224
A55: 2 | B55: =IF(A55=1,"SINAPI",IF(A55=2,"CDHU",IF(A55=3,"FDE",IF(A55=4,"SICRO","ERRO")))) -> CDHU | C55: 09.01.030 | D55: 4.2 | E55: =IF($A55=1,VLOOKUP($C55,'SINAPI JAN26'!$1:$1048576,2,0),IF($A55=2,VLOOKUP($C55,'CDHU 200'!$1:$1048576,2,0),IF($A55=3,VLOOKUP($C55,FDE!$1:$1048576,2,0),"ERRO"))) -> Forma em madeira comum para estrutura | F55: =IF($A55=1,VLOOKUP($C55,'SINAPI JAN26'!$1:$1048576,3,0),IF($A55=2,VLOOKUP($C55,'CDHU 200'!$1:$1048576,3,0),IF($A55=3,VLOOKUP($C55,FDE!$1:$1048576,3,0)))) -> M2 | G55: 44.09 | H55: =IF($A55=1,VLOOKUP($C55,'SINAPI JAN26'!$1:$1048576,4,0),IF($A55=2,VLOOKUP($C55,'CDHU 200'!$1:$1048576,6,0),IF($A55=3,VLOOKUP($C55,FDE!$1:$1048576,4,0)))) -> 252.88 | I55: =(H55*$H$3)+H55 -> 306.66758 | J55: =I55*G55 -> 13520.973
A56: 1 | B56: =IF(A56=1,"SINAPI",IF(A56=2,"CDHU",IF(A56=3,"FDE",IF(A56=4,"SICRO","ERRO")))) -> SINAPI | C56: 92431 | D56: 4.3 | E56: =IF($A56=1,VLOOKUP($C56,'SINAPI JAN26'!$1:$1048576,2,0),IF($A56=2,VLOOKUP($C56,'CDHU 200'!$1:$1048576,2,0),IF($A56=3,VLOOKUP($C56,FDE!$1:$1048576,2,0),"ERRO"))) -> MONTAGEM E DESMONTAGEM DE FÔRMA DE PILARES RETANGULARES E ESTRUTURAS SIMILARES, PÉ-DIREITO SIMPLES, EM CHAPA DE MADEIRA COMPENSADA PLASTIFICADA, 10 UTILIZAÇÕES. AF_09/2020 | F56: =IF($A56=1,VLOOKUP($C56,'SINAPI JAN26'!$1:$1048576,3,0),IF($A56=2,VLOOKUP($C56,'CDHU 200'!$1:$1048576,3,0),IF($A56=3,VLOOKUP($C56,FDE!$1:$1048576,3,0)))) -> M2 | G56: 44.09 | H56: =IF($A56=1,VLOOKUP($C56,'SINAPI JAN26'!$1:$1048576,4,0),IF($A56=2,VLOOKUP($C56,'CDHU 200'!$1:$1048576,6,0),IF($A56=3,VLOOKUP($C56,FDE!$1:$1048576,4,0)))) -> 69.77 | I56: =(H56*$H$3)+H56 -> 84.610079 | J56: =I56*G56 -> 3730.4584
A57: 2 | B57: =IF(A57=1,"SINAPI",IF(A57=2,"CDHU",IF(A57=3,"FDE",IF(A57=4,"SICRO","ERRO")))) -> CDHU | C57: 11.01.130 | D57: 4.4 | E57: =IF($A57=1,VLOOKUP($C57,'SINAPI JAN26'!$1:$1048576,2,0),IF($A57=2,VLOOKUP($C57,'CDHU 200'!$1:$1048576,2,0),IF($A57=3,VLOOKUP($C57,FDE!$1:$1048576,2,0),"ERRO"))) -> Concreto usinado, fck = 25 MPa | F57: =IF($A57=1,VLOOKUP($C57,'SINAPI JAN26'!$1:$1048576,3,0),IF($A57=2,VLOOKUP($C57,'CDHU 200'!$1:$1048576,3,0),IF($A57=3,VLOOKUP($C57,FDE!$1:$1048576,3,0)))) -> M3 | G57: 7.81 | H57: =IF($A57=1,VLOOKUP($C57,'SINAPI JAN26'!$1:$1048576,4,0),IF($A57=2,VLOOKUP($C57,'CDHU 200'!$1:$1048576,6,0),IF($A57=3,VLOOKUP($C57,FDE!$1:$1048576,4,0)))) -> 519.37 | I57: =(H57*$H$3)+H57 -> 629.84 | J57: =I57*G57 -> 4919.0504
A58: 2 | B58: =IF(A58=1,"SINAPI",IF(A58=2,"CDHU",IF(A58=3,"FDE",IF(A58=4,"SICRO","ERRO")))) -> CDHU | C58: 11.16.060 | D58: 4.5 | E58: =IF($A58=1,VLOOKUP($C58,'SINAPI JAN26'!$1:$1048576,2,0),IF($A58=2,VLOOKUP($C58,'CDHU 200'!$1:$1048576,2,0),IF($A58=3,VLOOKUP($C58,FDE!$1:$1048576,2,0),"ERRO"))) -> Lançamento e adensamento de concreto ou massa em estrutura | F58: =IF($A58=1,VLOOKUP($C58,'SINAPI JAN26'!$1:$1048576,3,0),IF($A58=2,VLOOKUP($C58,'CDHU 200'!$1:$1048576,3,0),IF($A58=3,VLOOKUP($C58,FDE!$1:$1048576,3,0)))) -> M3 | G58: =G57 -> 7.81 | H58: =IF($A58=1,VLOOKUP($C58,'SINAPI JAN26'!$1:$1048576,4,0),IF($A58=2,VLOOKUP($C58,'CDHU 200'!$1:$1048576,6,0),IF($A58=3,VLOOKUP($C58,FDE!$1:$1048576,4,0)))) -> 132.3 | I58: =(H58*$H$3)+H58 -> 160.44021 | J58: =I58*G58 -> 1253.038
A59: 2 | B59: =IF(A59=1,"SINAPI",IF(A59=2,"CDHU",IF(A59=3,"FDE",IF(A59=4,"SICRO","ERRO")))) -> CDHU | C59: 10.01.040 | D59: 4.6 | E59: =IF($A59=1,VLOOKUP($C59,'SINAPI JAN26'!$1:$1048576,2,0),IF($A59=2,VLOOKUP($C59,'CDHU 200'!$1:$1048576,2,0),IF($A59=3,VLOOKUP($C59,FDE!$1:$1048576,2,0),"ERRO"))) -> Armadura em barra de aço CA-50 (A ou B) fyk = 500 MPa | F59: =IF($A59=1,VLOOKUP($C59,'SINAPI JAN26'!$1:$1048576,3,0),IF($A59=2,VLOOKUP($C59,'CDHU 200'!$1:$1048576,3,0),IF($A59=3,VLOOKUP($C59,FDE!$1:$1048576,3,0)))) -> KG | G59: 429.81 | H59: =IF($A59=1,VLOOKUP($C59,'SINAPI JAN26'!$1:$1048576,4,0),IF($A59=2,VLOOKUP($C59,'CDHU 200'!$1:$1048576,6,0),IF($A59=3,VLOOKUP($C59,FDE!$1:$1048576,4,0)))) -> 10.14 | I59: =(H59*$H$3)+H59 -> 12.296778 | J59: =I59*G59 -> 5285.2782
A60: 2 | B60: =IF(A60=1,"SINAPI",IF(A60=2,"CDHU",IF(A60=3,"FDE",IF(A60=4,"SICRO","ERRO")))) -> CDHU | C60: 10.01.060 | D60: 4.7 | E60: =IF($A60=1,VLOOKUP($C60,'SINAPI JAN26'!$1:$1048576,2,0),IF($A60=2,VLOOKUP($C60,'CDHU 200'!$1:$1048576,2,0),IF($A60=3,VLOOKUP($C60,FDE!$1:$1048576,2,0),"ERRO"))) -> Armadura em barra de aço CA-60 (A ou B) fyk = 600 MPa | F60: =IF($A60=1,VLOOKUP($C60,'SINAPI JAN26'!$1:$1048576,3,0),IF($A60=2,VLOOKUP($C60,'CDHU 200'!$1:$1048576,3,0),IF($A60=3,VLOOKUP($C60,FDE!$1:$1048576,3,0)))) -> KG | G60: 129.39 | H60: =IF($A60=1,VLOOKUP($C60,'SINAPI JAN26'!$1:$1048576,4,0),IF($A60=2,VLOOKUP($C60,'CDHU 200'!$1:$1048576,6,0),IF($A60=3,VLOOKUP($C60,FDE!$1:$1048576,4,0)))) -> 10.47 | I60: =(H60*$H$3)+H60 -> 12.696969 | J60: =I60*G60 -> 1642.8608
A61: 2 | B61: =IF(A61=1,"SINAPI",IF(A61=2,"CDHU",IF(A61=3,"FDE",IF(A61=4,"SICRO","ERRO")))) -> CDHU | C61: 13.01.130 | D61: 4.8 | E61: =IF($A61=1,VLOOKUP($C61,'SINAPI JAN26'!$1:$1048576,2,0),IF($A61=2,VLOOKUP($C61,'CDHU 200'!$1:$1048576,2,0),IF($A61=3,VLOOKUP($C61,FDE!$1:$1048576,2,0),"ERRO"))) -> Laje pré-fabricada mista vigota treliçada/lajota cerâmica - LT 12 (8+4) e capa com concreto de 25 MPa | F61: =IF($A61=1,VLOOKUP($C61,'SINAPI JAN26'!$1:$1048576,3,0),IF($A61=2,VLOOKUP($C61,'CDHU 200'!$1:$1048576,3,0),IF($A61=3,VLOOKUP($C61,FDE!$1:$1048576,3,0)))) -> M2 | G61: 33.69 | H61: =IF($A61=1,VLOOKUP($C61,'SINAPI JAN26'!$1:$1048576,4,0),IF($A61=2,VLOOKUP($C61,'CDHU 200'!$1:$1048576,6,0),IF($A61=3,VLOOKUP($C61,FDE!$1:$1048576,4,0)))) -> 153.71 | I61: =(H61*$H$3)+H61 -> 186.40412 | J61: =I61*G61 -> 6279.9547
D63: 5 | E63: COBERTURA | J63: =SUBTOTAL(9,J64:J66) -> 146546.51
A64: 2 | B64: =IF(A64=1,"SINAPI",IF(A64=2,"CDHU",IF(A64=3,"FDE",IF(A64=4,"SICRO","ERRO")))) -> CDHU | C64: 15.03.150 | D64: 5.1 | E64: =IF($A64=1,VLOOKUP($C64,'SINAPI JAN26'!$1:$1048576,2,0),IF($A64=2,VLOOKUP($C64,'CDHU 200'!$1:$1048576,2,0),IF($A64=3,VLOOKUP($C64,FDE!$1:$1048576,2,0),"ERRO"))) -> Fornecimento e montagem de estrutura metálica em perfil metalon, sem pintura | F64: =IF($A64=1,VLOOKUP($C64,'SINAPI JAN26'!$1:$1048576,3,0),IF($A64=2,VLOOKUP($C64,'CDHU 200'!$1:$1048576,3,0),IF($A64=3,VLOOKUP($C64,FDE!$1:$1048576,3,0)))) -> KG | G64: 3040 | H64: =IF($A64=1,VLOOKUP($C64,'SINAPI JAN26'!$1:$1048576,4,0),IF($A64=2,VLOOKUP($C64,'CDHU 200'!$1:$1048576,6,0),IF($A64=3,VLOOKUP($C64,FDE!$1:$1048576,4,0)))) -> 17.34 | I64: =(H64*$H$3)+H64 -> 21.028218 | J64: =I64*G64 -> 63925.783
A65: 2 | B65: =IF(A65=1,"SINAPI",IF(A65=2,"CDHU",IF(A65=3,"FDE",IF(A65=4,"SICRO","ERRO")))) -> CDHU | C65: 16.13.070 | D65: 5.2 | E65: =IF($A65=1,VLOOKUP($C65,'SINAPI JAN26'!$1:$1048576,2,0),IF($A65=2,VLOOKUP($C65,'CDHU 200'!$1:$1048576,2,0),IF($A65=3,VLOOKUP($C65,FDE!$1:$1048576,2,0),"ERRO"))) -> Telhamento em chapa de aço pré-pintada, tipo sanduíche, espessura de 0,50mm, com poliisocianurato (PIR) | F65: =IF($A65=1,VLOOKUP($C65,'SINAPI JAN26'!$1:$1048576,3,0),IF($A65=2,VLOOKUP($C65,'CDHU 200'!$1:$1048576,3,0),IF($A65=3,VLOOKUP($C65,FDE!$1:$1048576,3,0)))) -> M2 | G65: 234.98 | H65: =IF($A65=1,VLOOKUP($C65,'SINAPI JAN26'!$1:$1048576,4,0),IF($A65=2,VLOOKUP($C65,'CDHU 200'!$1:$1048576,6,0),IF($A65=3,VLOOKUP($C65,FDE!$1:$1048576,4,0)))) -> 200.92 | I65: =(H65*$H$3)+H65 -> 243.65568 | J65: =I65*G65 -> 57254.213
A66: 2 | B66: =IF(A66=1,"SINAPI",IF(A66=2,"CDHU",IF(A66=3,"FDE",IF(A66=4,"SICRO","ERRO")))) -> CDHU | C66: 16.33.022 | D66: 5.3 | E66: =IF($A66=1,VLOOKUP($C66,'SINAPI JAN26'!$1:$1048576,2,0),IF($A66=2,VLOOKUP($C66,'CDHU 200'!$1:$1048576,2,0),IF($A66=3,VLOOKUP($C66,FDE!$1:$1048576,2,0),"ERRO"))) -> Calha, rufo, afins em chapa galvanizada nº 24 - corte 0,33 m | F66: =IF($A66=1,VLOOKUP($C66,'SINAPI JAN26'!$1:$1048576,3,0),IF($A66=2,VLOOKUP($C66,'CDHU 200'!$1:$1048576,3,0),IF($A66=3,VLOOKUP($C66,FDE!$1:$1048576,3,0)))) -> M | G66: 176.28 | H66: =IF($A66=1,VLOOKUP($C66,'SINAPI JAN26'!$1:$1048576,4,0),IF($A66=2,VLOOKUP($C66,'CDHU 200'!$1:$1048576,6,0),IF($A66=3,VLOOKUP($C66,FDE!$1:$1048576,4,0)))) -> 118.66 | I66: =(H66*$H$3)+H66 -> 143.89898 | J66: =I66*G66 -> 25366.513
D68: 6 | E68: INSTALAÇÕES ELÉTRICAS | J68: =SUBTOTAL(9,J69:J105) -> 67066.457
A69: 2 | B69: =IF(A69=1,"SINAPI",IF(A69=2,"CDHU",IF(A69=3,"FDE",IF(A69=4,"SICRO","ERRO")))) -> CDHU | C69: 36.03.020 | D69: 6.1 | E69: =IF($A69=1,VLOOKUP($C69,'SINAPI JAN26'!$1:$1048576,2,0),IF($A69=2,VLOOKUP($C69,'CDHU 200'!$1:$1048576,2,0),IF($A69=3,VLOOKUP($C69,FDE!$1:$1048576,2,0),"ERRO"))) -> Caixa de medição polifásica (500 x 600 x 200) mm, padrão concessionárias | F69: =IF($A69=1,VLOOKUP($C69,'SINAPI JAN26'!$1:$1048576,3,0),IF($A69=2,VLOOKUP($C69,'CDHU 200'!$1:$1048576,3,0),IF($A69=3,VLOOKUP($C69,FDE!$1:$1048576,3,0)))) -> UN | G69: 1 | H69: =IF($A69=1,VLOOKUP($C69,'SINAPI JAN26'!$1:$1048576,4,0),IF($A69=2,VLOOKUP($C69,'CDHU 200'!$1:$1048576,6,0),IF($A69=3,VLOOKUP($C69,FDE!$1:$1048576,4,0)))) -> 431.47 | I69: =(H69*$H$3)+H69 -> 523.24367 | J69: =I69*G69 -> 523.24367
A70: 2 | B70: =IF(A70=1,"SINAPI",IF(A70=2,"CDHU",IF(A70=3,"FDE",IF(A70=4,"SICRO","ERRO")))) -> CDHU | C70: 37.03.210 | D70: 6.2 | E70: =IF($A70=1,VLOOKUP($C70,'SINAPI JAN26'!$1:$1048576,2,0),IF($A70=2,VLOOKUP($C70,'CDHU 200'!$1:$1048576,2,0),IF($A70=3,VLOOKUP($C70,FDE!$1:$1048576,2,0),"ERRO"))) -> Quadro de distribuição universal de embutir, para disjuntores 24 DIN / 18 Bolt-on - 150 A - sem componentes | F70: =IF($A70=1,VLOOKUP($C70,'SINAPI JAN26'!$1:$1048576,3,0),IF($A70=2,VLOOKUP($C70,'CDHU 200'!$1:$1048576,3,0),IF($A70=3,VLOOKUP($C70,FDE!$1:$1048576,3,0)))) -> UN | G70: 1 | H70: =IF($A70=1,VLOOKUP($C70,'SINAPI JAN26'!$1:$1048576,4,0),IF($A70=2,VLOOKUP($C70,'CDHU 200'!$1:$1048576,6,0),IF($A70=3,VLOOKUP($C70,FDE!$1:$1048576,4,0)))) -> 612.3 | I70: =(H70*$H$3)+H70 -> 742.53621 | J70: =I70*G70 -> 742.53621
A71: 2 | B71: =IF(A71=1,"SINAPI",IF(A71=2,"CDHU",IF(A71=3,"FDE",IF(A71=4,"SICRO","ERRO")))) -> CDHU | C71: 37.03.220 | D71: 6.3 | E71: =IF($A71=1,VLOOKUP($C71,'SINAPI JAN26'!$1:$1048576,2,0),IF($A71=2,VLOOKUP($C71,'CDHU 200'!$1:$1048576,2,0),IF($A71=3,VLOOKUP($C71,FDE!$1:$1048576,2,0),"ERRO"))) -> Quadro de distribuição universal de embutir, para disjuntores 34 DIN / 24 Bolt-on - 150 A - sem componentes | F71: =IF($A71=1,VLOOKUP($C71,'SINAPI JAN26'!$1:$1048576,3,0),IF($A71=2,VLOOKUP($C71,'CDHU 200'!$1:$1048576,3,0),IF($A71=3,VLOOKUP($C71,FDE!$1:$1048576,3,0)))) -> UN | G71: 2 | H71: =IF($A71=1,VLOOKUP($C71,'SINAPI JAN26'!$1:$1048576,4,0),IF($A71=2,VLOOKUP($C71,'CDHU 200'!$1:$1048576,6,0),IF($A71=3,VLOOKUP($C71,FDE!$1:$1048576,4,0)))) -> 832.66 | I71: =(H71*$H$3)+H71 -> 1009.7668 | J71: =I71*G71 -> 2019.5336
A72: 2 | B72: =IF(A72=1,"SINAPI",IF(A72=2,"CDHU",IF(A72=3,"FDE",IF(A72=4,"SICRO","ERRO")))) -> CDHU | C72: 37.24.031 | D72: 6.4 | E72: =IF($A72=1,VLOOKUP($C72,'SINAPI JAN26'!$1:$1048576,2,0),IF($A72=2,VLOOKUP($C72,'CDHU 200'!$1:$1048576,2,0),IF($A72=3,VLOOKUP($C72,FDE!$1:$1048576,2,0),"ERRO"))) -> Supressor de surto monofásico, corrente nominal 4 a 11 kA, Imax. de surto 12 até 15 kA | F72: =IF($A72=1,VLOOKUP($C72,'SINAPI JAN26'!$1:$1048576,3,0),IF($A72=2,VLOOKUP($C72,'CDHU 200'!$1:$1048576,3,0),IF($A72=3,VLOOKUP($C72,FDE!$1:$1048576,3,0)))) -> UN | G72: 4 | H72: =IF($A72=1,VLOOKUP($C72,'SINAPI JAN26'!$1:$1048576,4,0),IF($A72=2,VLOOKUP($C72,'CDHU 200'!$1:$1048576,6,0),IF($A72=3,VLOOKUP($C72,FDE!$1:$1048576,4,0)))) -> 78.01 | I72: =(H72*$H$3)+H72 -> 94.602727 | J72: =I72*G72 -> 378.41091
A73: 2 | B73: =IF(A73=1,"SINAPI",IF(A73=2,"CDHU",IF(A73=3,"FDE",IF(A73=4,"SICRO","ERRO")))) -> CDHU | C73: 37.10.010 | D73: 6.5 | E73: =IF($A73=1,VLOOKUP($C73,'SINAPI JAN26'!$1:$1048576,2,0),IF($A73=2,VLOOKUP($C73,'CDHU 200'!$1:$1048576,2,0),IF($A73=3,VLOOKUP($C73,FDE!$1:$1048576,2,0),"ERRO"))) -> Barramento de cobre nu | F73: =IF($A73=1,VLOOKUP($C73,'SINAPI JAN26'!$1:$1048576,3,0),IF($A73=2,VLOOKUP($C73,'CDHU 200'!$1:$1048576,3,0),IF($A73=3,VLOOKUP($C73,FDE!$1:$1048576,3,0)))) -> KG | G73: 2 | H73: =IF($A73=1,VLOOKUP($C73,'SINAPI JAN26'!$1:$1048576,4,0),IF($A73=2,VLOOKUP($C73,'CDHU 200'!$1:$1048576,6,0),IF($A73=3,VLOOKUP($C73,FDE!$1:$1048576,4,0)))) -> 132.82 | I73: =(H73*$H$3)+H73 -> 161.07081 | J73: =I73*G73 -> 322.14163
A74: 2 | B74: =IF(A74=1,"SINAPI",IF(A74=2,"CDHU",IF(A74=3,"FDE",IF(A74=4,"SICRO","ERRO")))) -> CDHU | C74: 42.05.200 | D74: 6.6 | E74: =IF($A74=1,VLOOKUP($C74,'SINAPI JAN26'!$1:$1048576,2,0),IF($A74=2,VLOOKUP($C74,'CDHU 200'!$1:$1048576,2,0),IF($A74=3,VLOOKUP($C74,FDE!$1:$1048576,2,0),"ERRO"))) -> Haste de aterramento de 5/8" x 2,4 m | F74: =IF($A74=1,VLOOKUP($C74,'SINAPI JAN26'!$1:$1048576,3,0),IF($A74=2,VLOOKUP($C74,'CDHU 200'!$1:$1048576,3,0),IF($A74=3,VLOOKUP($C74,FDE!$1:$1048576,3,0)))) -> UN | G74: 1 | H74: =IF($A74=1,VLOOKUP($C74,'SINAPI JAN26'!$1:$1048576,4,0),IF($A74=2,VLOOKUP($C74,'CDHU 200'!$1:$1048576,6,0),IF($A74=3,VLOOKUP($C74,FDE!$1:$1048576,4,0)))) -> 208.94 | I74: =(H74*$H$3)+H74 -> 253.38154 | J74: =I74*G74 -> 253.38154
A75: 2 | B75: =IF(A75=1,"SINAPI",IF(A75=2,"CDHU",IF(A75=3,"FDE",IF(A75=4,"SICRO","ERRO")))) -> CDHU | C75: 38.01.080 | D75: 6.7 | E75: =IF($A75=1,VLOOKUP($C75,'SINAPI JAN26'!$1:$1048576,2,0),IF($A75=2,VLOOKUP($C75,'CDHU 200'!$1:$1048576,2,0),IF($A75=3,VLOOKUP($C75,FDE!$1:$1048576,2,0),"ERRO"))) -> Eletroduto de PVC rígido roscável de 1 1/4´ - com acessórios | F75: =IF($A75=1,VLOOKUP($C75,'SINAPI JAN26'!$1:$1048576,3,0),IF($A75=2,VLOOKUP($C75,'CDHU 200'!$1:$1048576,3,0),IF($A75=3,VLOOKUP($C75,FDE!$1:$1048576,3,0)))) -> M | G75: 7 | H75: =IF($A75=1,VLOOKUP($C75,'SINAPI JAN26'!$1:$1048576,4,0),IF($A75=2,VLOOKUP($C75,'CDHU 200'!$1:$1048576,6,0),IF($A75=3,VLOOKUP($C75,FDE!$1:$1048576,4,0)))) -> 57.16 | I75: =(H75*$H$3)+H75 -> 69.317932 | J75: =I75*G75 -> 485.22552
A76: 2 | B76: =IF(A76=1,"SINAPI",IF(A76=2,"CDHU",IF(A76=3,"FDE",IF(A76=4,"SICRO","ERRO")))) -> CDHU | C76: 39.04.040 | D76: 6.8 | E76: =IF($A76=1,VLOOKUP($C76,'SINAPI JAN26'!$1:$1048576,2,0),IF($A76=2,VLOOKUP($C76,'CDHU 200'!$1:$1048576,2,0),IF($A76=3,VLOOKUP($C76,FDE!$1:$1048576,2,0),"ERRO"))) -> Cabo de cobre nu, têmpera mole, classe 2, de 10 mm² | F76: =IF($A76=1,VLOOKUP($C76,'SINAPI JAN26'!$1:$1048576,3,0),IF($A76=2,VLOOKUP($C76,'CDHU 200'!$1:$1048576,3,0),IF($A76=3,VLOOKUP($C76,FDE!$1:$1048576,3,0)))) -> M | G76: 7 | H76: =IF($A76=1,VLOOKUP($C76,'SINAPI JAN26'!$1:$1048576,4,0),IF($A76=2,VLOOKUP($C76,'CDHU 200'!$1:$1048576,6,0),IF($A76=3,VLOOKUP($C76,FDE!$1:$1048576,4,0)))) -> 13.72 | I76: =(H76*$H$3)+H76 -> 16.638244 | J76: =I76*G76 -> 116.46771
A77: 2 | B77: =IF(A77=1,"SINAPI",IF(A77=2,"CDHU",IF(A77=3,"FDE",IF(A77=4,"SICRO","ERRO")))) -> CDHU | C77: 38.01.040 | D77: 6.9 | E77: =IF($A77=1,VLOOKUP($C77,'SINAPI JAN26'!$1:$1048576,2,0),IF($A77=2,VLOOKUP($C77,'CDHU 200'!$1:$1048576,2,0),IF($A77=3,VLOOKUP($C77,FDE!$1:$1048576,2,0),"ERRO"))) -> Eletroduto de PVC rígido roscável de 3/4´ - com acessórios | F77: =IF($A77=1,VLOOKUP($C77,'SINAPI JAN26'!$1:$1048576,3,0),IF($A77=2,VLOOKUP($C77,'CDHU 200'!$1:$1048576,3,0),IF($A77=3,VLOOKUP($C77,FDE!$1:$1048576,3,0)))) -> M | G77: 7 | H77: =IF($A77=1,VLOOKUP($C77,'SINAPI JAN26'!$1:$1048576,4,0),IF($A77=2,VLOOKUP($C77,'CDHU 200'!$1:$1048576,6,0),IF($A77=3,VLOOKUP($C77,FDE!$1:$1048576,4,0)))) -> 36.16 | I77: =(H77*$H$3)+H77 -> 43.851232 | J77: =I77*G77 -> 306.95862
A78: 2 | B78: =IF(A78=1,"SINAPI",IF(A78=2,"CDHU",IF(A78=3,"FDE",IF(A78=4,"SICRO","ERRO")))) -> CDHU | C78: 38.01.060 | D78: 6.10 | E78: =IF($A78=1,VLOOKUP($C78,'SINAPI JAN26'!$1:$1048576,2,0),IF($A78=2,VLOOKUP($C78,'CDHU 200'!$1:$1048576,2,0),IF($A78=3,VLOOKUP($C78,FDE!$1:$1048576,2,0),"ERRO"))) -> Eletroduto de PVC rígido roscável de 1´ - com acessórios | F78: =IF($A78=1,VLOOKUP($C78,'SINAPI JAN26'!$1:$1048576,3,0),IF($A78=2,VLOOKUP($C78,'CDHU 200'!$1:$1048576,3,0),IF($A78=3,VLOOKUP($C78,FDE!$1:$1048576,3,0)))) -> M | G78: 30 | H78: =IF($A78=1,VLOOKUP($C78,'SINAPI JAN26'!$1:$1048576,4,0),IF($A78=2,VLOOKUP($C78,'CDHU 200'!$1:$1048576,6,0),IF($A78=3,VLOOKUP($C78,FDE!$1:$1048576,4,0)))) -> 44.81 | I78: =(H78*$H$3)+H78 -> 54.341087 | J78: =I78*G78 -> 1630.2326
A79: 2 | B79: =IF(A79=1,"SINAPI",IF(A79=2,"CDHU",IF(A79=3,"FDE",IF(A79=4,"SICRO","ERRO")))) -> CDHU | C79: 39.21.060 | D79: 6.11 | E79: =IF($A79=1,VLOOKUP($C79,'SINAPI JAN26'!$1:$1048576,2,0),IF($A79=2,VLOOKUP($C79,'CDHU 200'!$1:$1048576,2,0),IF($A79=3,VLOOKUP($C79,FDE!$1:$1048576,2,0),"ERRO"))) -> Cabo de cobre flexível de 16 mm², isolamento 0,6/1kV - isolação HEPR 90°C | F79: =IF($A79=1,VLOOKUP($C79,'SINAPI JAN26'!$1:$1048576,3,0),IF($A79=2,VLOOKUP($C79,'CDHU 200'!$1:$1048576,3,0),IF($A79=3,VLOOKUP($C79,FDE!$1:$1048576,3,0)))) -> M | G79: 30 | H79: =IF($A79=1,VLOOKUP($C79,'SINAPI JAN26'!$1:$1048576,4,0),IF($A79=2,VLOOKUP($C79,'CDHU 200'!$1:$1048576,6,0),IF($A79=3,VLOOKUP($C79,FDE!$1:$1048576,4,0)))) -> 18.06 | I79: =(H79*$H$3)+H79 -> 21.901362 | J79: =I79*G79 -> 657.04086
A80: 2 | B80: =IF(A80=1,"SINAPI",IF(A80=2,"CDHU",IF(A80=3,"FDE",IF(A80=4,"SICRO","ERRO")))) -> CDHU | C80: 37.13.640 | D80: 6.12 | E80: =IF($A80=1,VLOOKUP($C80,'SINAPI JAN26'!$1:$1048576,2,0),IF($A80=2,VLOOKUP($C80,'CDHU 200'!$1:$1048576,2,0),IF($A80=3,VLOOKUP($C80,FDE!$1:$1048576,2,0),"ERRO"))) -> Disjuntor termomagnético, bipolar 220/380 V, corrente de 60 A até 100 A | F80: =IF($A80=1,VLOOKUP($C80,'SINAPI JAN26'!$1:$1048576,3,0),IF($A80=2,VLOOKUP($C80,'CDHU 200'!$1:$1048576,3,0),IF($A80=3,VLOOKUP($C80,FDE!$1:$1048576,3,0)))) -> UN | G80: 1 | H80: =IF($A80=1,VLOOKUP($C80,'SINAPI JAN26'!$1:$1048576,4,0),IF($A80=2,VLOOKUP($C80,'CDHU 200'!$1:$1048576,6,0),IF($A80=3,VLOOKUP($C80,FDE!$1:$1048576,4,0)))) -> 211.88 | I80: =(H80*$H$3)+H80 -> 256.94688 | J80: =I80*G80 -> 256.94688
... A102: 2 | B102: =IF(A102=1,"SINAPI",IF(A102=2,"CDHU",IF(A102=3,"FDE",IF(A102=4,"SICRO","ERRO")))) -> CDHU | C102: 41.14.620 | D102: 6.34 | E102: =IF($A102=1,VLOOKUP($C102,'SINAPI JAN26'!$1:$1048576,2,0),IF($A102=2,VLOOKUP($C102,'CDHU 200'!$1:$1048576,2,0),IF($A102=3,VLOOKUP($C102,FDE!$1:$1048576,2,0),"ERRO"))) -> Luminária retangular de sobrepor tipo calha aberta com refletor e aletas parabólicas para 2 lâmpadas fluorescentes tubulares 28 W/54 W | F102: =IF($A102=1,VLOOKUP($C102,'SINAPI JAN26'!$1:$1048576,3,0),IF($A102=2,VLOOKUP($C102,'CDHU 200'!$1:$1048576,3,0),IF($A102=3,VLOOKUP($C102,FDE!$1:$1048576,3,0)))) -> UN | G102: 46 | H102: =IF($A102=1,VLOOKUP($C102,'SINAPI JAN26'!$1:$1048576,4,0),IF($A102=2,VLOOKUP($C102,'CDHU 200'!$1:$1048576,6,0),IF($A102=3,VLOOKUP($C102,FDE!$1:$1048576,4,0)))) -> 239.11 | I102: =(H102*$H$3)+H102 -> 289.9687 | J102: =I102*G102 -> 13338.56
A103: 2 | B103: =IF(A103=1,"SINAPI",IF(A103=2,"CDHU",IF(A103=3,"FDE",IF(A103=4,"SICRO","ERRO")))) -> CDHU | C103: 41.02.562 | D103: 6.35 | E103: =IF($A103=1,VLOOKUP($C103,'SINAPI JAN26'!$1:$1048576,2,0),IF($A103=2,VLOOKUP($C103,'CDHU 200'!$1:$1048576,2,0),IF($A103=3,VLOOKUP($C103,FDE!$1:$1048576,2,0),"ERRO"))) -> Lâmpada LED tubular T8 com base G13, de 3400 até 4000 Im - 36 a 40 W | F103: =IF($A103=1,VLOOKUP($C103,'SINAPI JAN26'!$1:$1048576,3,0),IF($A103=2,VLOOKUP($C103,'CDHU 200'!$1:$1048576,3,0),IF($A103=3,VLOOKUP($C103,FDE!$1:$1048576,3,0)))) -> UN | G103: =G101*2 -> 64 | H103: =IF($A103=1,VLOOKUP($C103,'SINAPI JAN26'!$1:$1048576,4,0),IF($A103=2,VLOOKUP($C103,'CDHU 200'!$1:$1048576,6,0),IF($A103=3,VLOOKUP($C103,FDE!$1:$1048576,4,0)))) -> 60.19 | I103: =(H103*$H$3)+H103 -> 72.992413 | J103: =I103*G103 -> 4671.5144
A104: 2 | B104: =IF(A104=1,"SINAPI",IF(A104=2,"CDHU",IF(A104=3,"FDE",IF(A104=4,"SICRO","ERRO")))) -> CDHU | C104: 41.13.200 | D104: 6.36 | E104: =IF($A104=1,VLOOKUP($C104,'SINAPI JAN26'!$1:$1048576,2,0),IF($A104=2,VLOOKUP($C104,'CDHU 200'!$1:$1048576,2,0),IF($A104=3,VLOOKUP($C104,FDE!$1:$1048576,2,0),"ERRO"))) -> Luminária blindada oval de sobrepor ou arandela, para lâmpada fluorescentes compacta | F104: =IF($A104=1,VLOOKUP($C104,'SINAPI JAN26'!$1:$1048576,3,0),IF($A104=2,VLOOKUP($C104,'CDHU 200'!$1:$1048576,3,0),IF($A104=3,VLOOKUP($C104,FDE!$1:$1048576,3,0)))) -> UN | G104: 12 | H104: =IF($A104=1,VLOOKUP($C104,'SINAPI JAN26'!$1:$1048576,4,0),IF($A104=2,VLOOKUP($C104,'CDHU 200'!$1:$1048576,6,0),IF($A104=3,VLOOKUP($C104,FDE!$1:$1048576,4,0)))) -> 181.84 | I104: =(H104*$H$3)+H104 -> 220.51737 | J104: =I104*G104 -> 2646.2084
A105: 2 | B105: =IF(A105=1,"SINAPI",IF(A105=2,"CDHU",IF(A105=3,"FDE",IF(A105=4,"SICRO","ERRO")))) -> CDHU | C105: 41.02.580 | D105: 6.37 | E105: =IF($A105=1,VLOOKUP($C105,'SINAPI JAN26'!$1:$1048576,2,0),IF($A105=2,VLOOKUP($C105,'CDHU 200'!$1:$1048576,2,0),IF($A105=3,VLOOKUP($C105,FDE!$1:$1048576,2,0),"ERRO"))) -> Lâmpada LED 13,5W, com base E-27, 1400 até 1510 lm | F105: =IF($A105=1,VLOOKUP($C105,'SINAPI JAN26'!$1:$1048576,3,0),IF($A105=2,VLOOKUP($C105,'CDHU 200'!$1:$1048576,3,0),IF($A105=3,VLOOKUP($C105,FDE!$1:$1048576,3,0)))) -> UN | G105: =G104 -> 12 | H105: =IF($A105=1,VLOOKUP($C105,'SINAPI JAN26'!$1:$1048576,4,0),IF($A105=2,VLOOKUP($C105,'CDHU 200'!$1:$1048576,6,0),IF($A105=3,VLOOKUP($C105,FDE!$1:$1048576,4,0)))) -> 19.39 | I105: =(H105*$H$3)+H105 -> 23.514253 | J105: =I105*G105 -> 282.17104
D107: 7 | E107: TELEFONIA/LÓGICA/ALARME | J107: =SUBTOTAL(9,J108:J121) -> 58178.713
A108: 2 | B108: =IF(A108=1,"SINAPI",IF(A108=2,"CDHU",IF(A108=3,"FDE",IF(A108=4,"SICRO","ERRO")))) -> CDHU | C108: 69.03.140 | D108: 7.1 | E108: =IF($A108=1,VLOOKUP($C108,'SINAPI JAN26'!$1:$1048576,2,0),IF($A108=2,VLOOKUP($C108,'CDHU 200'!$1:$1048576,2,0),IF($A108=3,VLOOKUP($C108,FDE!$1:$1048576,2,0),"ERRO"))) -> Caixa subterrânea de entrada de telefonia, tipo R2 (1050 x 550 x 800) mm, padrão TELEBRÁS, com tampa | F108: =IF($A108=1,VLOOKUP($C108,'SINAPI JAN26'!$1:$1048576,3,0),IF($A108=2,VLOOKUP($C108,'CDHU 200'!$1:$1048576,3,0),IF($A108=3,VLOOKUP($C108,FDE!$1:$1048576,3,0)))) -> UN | G108: 1 | H108: =IF($A108=1,VLOOKUP($C108,'SINAPI JAN26'!$1:$1048576,4,0),IF($A108=2,VLOOKUP($C108,'CDHU 200'!$1:$1048576,6,0),IF($A108=3,VLOOKUP($C108,FDE!$1:$1048576,4,0)))) -> 1486.98 | I108: =(H108*$H$3)+H108 -> 1803.2606 | J108: =I108*G108 -> 1803.2606
A109: 2 | B109: =IF(A109=1,"SINAPI",IF(A109=2,"CDHU",IF(A109=3,"FDE",IF(A109=4,"SICRO","ERRO")))) -> CDHU | C109: 38.06.060 | D109: 7.2 | E109: =IF($A109=1,VLOOKUP($C109,'SINAPI JAN26'!$1:$1048576,2,0),IF($A109=2,VLOOKUP($C109,'CDHU 200'!$1:$1048576,2,0),IF($A109=3,VLOOKUP($C109,FDE!$1:$1048576,2,0),"ERRO"))) -> Eletroduto galvanizado a quente conforme NBR5598 - 1´ com acessórios | F109: =IF($A109=1,VLOOKUP($C109,'SINAPI JAN26'!$1:$1048576,3,0),IF($A109=2,VLOOKUP($C109,'CDHU 200'!$1:$1048576,3,0),IF($A109=3,VLOOKUP($C109,FDE!$1:$1048576,3,0)))) -> M | G109: 6 | H109: =IF($A109=1,VLOOKUP($C109,'SINAPI JAN26'!$1:$1048576,4,0),IF($A109=2,VLOOKUP($C109,'CDHU 200'!$1:$1048576,6,0),IF($A109=3,VLOOKUP($C109,FDE!$1:$1048576,4,0)))) -> 68.8 | I109: =(H109*$H$3)+H109 -> 83.43376 | J109: =I109*G109 -> 500.60256
A110: 2 | B110: =IF(A110=1,"SINAPI",IF(A110=2,"CDHU",IF(A110=3,"FDE",IF(A110=4,"SICRO","ERRO")))) -> CDHU | C110: 40.06.060 | D110: 7.3 | E110: =IF($A110=1,VLOOKUP($C110,'SINAPI JAN26'!$1:$1048576,2,0),IF($A110=2,VLOOKUP($C110,'CDHU 200'!$1:$1048576,2,0),IF($A110=3,VLOOKUP($C110,FDE!$1:$1048576,2,0),"ERRO"))) -> Condulete metálico de 1´ | F110: =IF($A110=1,VLOOKUP($C110,'SINAPI JAN26'!$1:$1048576,3,0),IF($A110=2,VLOOKUP($C110,'CDHU 200'!$1:$1048576,3,0),IF($A110=3,VLOOKUP($C110,FDE!$1:$1048576,3,0)))) -> CJ | G110: 4 | H110: =IF($A110=1,VLOOKUP($C110,'SINAPI JAN26'!$1:$1048576,4,0),IF($A110=2,VLOOKUP($C110,'CDHU 200'!$1:$1048576,6,0),IF($A110=3,VLOOKUP($C110,FDE!$1:$1048576,4,0)))) -> 50.96 | I110: =(H110*$H$3)+H110 -> 61.799192 | J110: =I110*G110 -> 247.19677
A111: 2 | B111: =IF(A111=1,"SINAPI",IF(A111=2,"CDHU",IF(A111=3,"FDE",IF(A111=4,"SICRO","ERRO")))) -> CDHU | C111: 66.08.110 | D111: 7.4 | E111: =IF($A111=1,VLOOKUP($C111,'SINAPI JAN26'!$1:$1048576,2,0),IF($A111=2,VLOOKUP($C111,'CDHU 200'!$1:$1048576,2,0),IF($A111=3,VLOOKUP($C111,FDE!$1:$1048576,2,0),"ERRO"))) -> Rack fechado padrão metálico, 19 x 20 Us x 470 mm | F111: =IF($A111=1,VLOOKUP($C111,'SINAPI JAN26'!$1:$1048576,3,0),IF($A111=2,VLOOKUP($C111,'CDHU 200'!$1:$1048576,3,0),IF($A111=3,VLOOKUP($C111,FDE!$1:$1048576,3,0)))) -> UN | G111: 1 | H111: =IF($A111=1,VLOOKUP($C111,'SINAPI JAN26'!$1:$1048576,4,0),IF($A111=2,VLOOKUP($C111,'CDHU 200'!$1:$1048576,6,0),IF($A111=3,VLOOKUP($C111,FDE!$1:$1048576,4,0)))) -> 1839.57 | I111: =(H111*$H$3)+H111 -> 2230.8465 | J111: =I111*G111 -> 2230.8465
A112: 2 | B112: =IF(A112=1,"SINAPI",IF(A112=2,"CDHU",IF(A112=3,"FDE",IF(A112=4,"SICRO","ERRO")))) -> CDHU | C112: 69.09.260 | D112: 7.5 | E112: =IF($A112=1,VLOOKUP($C112,'SINAPI JAN26'!$1:$1048576,2,0),IF($A112=2,VLOOKUP($C112,'CDHU 200'!$1:$1048576,2,0),IF($A112=3,VLOOKUP($C112,FDE!$1:$1048576,2,0),"ERRO"))) -> Patch panel de 24 portas - categoria 6 | F112: =IF($A112=1,VLOOKUP($C112,'SINAPI JAN26'!$1:$1048576,3,0),IF($A112=2,VLOOKUP($C112,'CDHU 200'!$1:$1048576,3,0),IF($A112=3,VLOOKUP($C112,FDE!$1:$1048576,3,0)))) -> UN | G112: 1 | H112: =IF($A112=1,VLOOKUP($C112,'SINAPI JAN26'!$1:$1048576,4,0),IF($A112=2,VLOOKUP($C112,'CDHU 200'!$1:$1048576,6,0),IF($A112=3,VLOOKUP($C112,FDE!$1:$1048576,4,0)))) -> 785.36 | I112: =(H112*$H$3)+H112 -> 952.40607 | J112: =I112*G112 -> 952.40607
A113: 2 | B113: =IF(A113=1,"SINAPI",IF(A113=2,"CDHU",IF(A113=3,"FDE",IF(A113=4,"SICRO","ERRO")))) -> CDHU | C113: 66.20.225 | D113: 7.6 | E113: =IF($A113=1,VLOOKUP($C113,'SINAPI JAN26'!$1:$1048576,2,0),IF($A113=2,VLOOKUP($C113,'CDHU 200'!$1:$1048576,2,0),IF($A113=3,VLOOKUP($C113,FDE!$1:$1048576,2,0),"ERRO"))) -> Switch Gigabit 24 portas com capacidade de 10/100/1000/Mbps | F113: =IF($A113=1,VLOOKUP($C113,'SINAPI JAN26'!$1:$1048576,3,0),IF($A113=2,VLOOKUP($C113,'CDHU 200'!$1:$1048576,3,0),IF($A113=3,VLOOKUP($C113,FDE!$1:$1048576,3,0)))) -> UN | G113: 1 | H113: =IF($A113=1,VLOOKUP($C113,'SINAPI JAN26'!$1:$1048576,4,0),IF($A113=2,VLOOKUP($C113,'CDHU 200'!$1:$1048576,6,0),IF($A113=3,VLOOKUP($C113,FDE!$1:$1048576,4,0)))) -> 2003.44 | I113: =(H113*$H$3)+H113 -> 2429.5717 | J113: =I113*G113 -> 2429.5717
A114: 2 | B114: =IF(A114=1,"SINAPI",IF(A114=2,"CDHU",IF(A114=3,"FDE",IF(A114=4,"SICRO","ERRO")))) -> CDHU | C114: 39.18.106 | D114: 7.7 | E114: =IF($A114=1,VLOOKUP($C114,'SINAPI JAN26'!$1:$1048576,2,0),IF($A114=2,VLOOKUP($C114,'CDHU 200'!$1:$1048576,2,0),IF($A114=3,VLOOKUP($C114,FDE!$1:$1048576,2,0),"ERRO"))) -> Cabo coaxial tipo RG 59 | F114: =IF($A114=1,VLOOKUP($C114,'SINAPI JAN26'!$1:$1048576,3,0),IF($A114=2,VLOOKUP($C114,'CDHU 200'!$1:$1048576,3,0),IF($A114=3,VLOOKUP($C114,FDE!$1:$1048576,3,0)))) -> M | G114: 10 | H114: =IF($A114=1,VLOOKUP($C114,'SINAPI JAN26'!$1:$1048576,4,0),IF($A114=2,VLOOKUP($C114,'CDHU 200'!$1:$1048576,6,0),IF($A114=3,VLOOKUP($C114,FDE!$1:$1048576,4,0)))) -> 12.78 | I114: =(H114*$H$3)+H114 -> 15.498306 | J114: =I114*G114 -> 154.98306
A115: 2 | B115: =IF(A115=1,"SINAPI",IF(A115=2,"CDHU",IF(A115=3,"FDE",IF(A115=4,"SICRO","ERRO")))) -> CDHU | C115: 39.18.120 | D115: 7.8 | E115: =IF($A115=1,VLOOKUP($C115,'SINAPI JAN26'!$1:$1048576,2,0),IF($A115=2,VLOOKUP($C115,'CDHU 200'!$1:$1048576,2,0),IF($A115=3,VLOOKUP($C115,FDE!$1:$1048576,2,0),"ERRO"))) -> Cabo para rede U/UTP 23 AWG com 4 pares - categoria 6A | F115: =IF($A115=1,VLOOKUP($C115,'SINAPI JAN26'!$1:$1048576,3,0),IF($A115=2,VLOOKUP($C115,'CDHU 200'!$1:$1048576,3,0),IF($A115=3,VLOOKUP($C115,FDE!$1:$1048576,3,0)))) -> M | G115: 680 | H115: =IF($A115=1,VLOOKUP($C115,'SINAPI JAN26'!$1:$1048576,4,0),IF($A115=2,VLOOKUP($C115,'CDHU 200'!$1:$1048576,6,0),IF($A115=3,VLOOKUP($C115,FDE!$1:$1048576,4,0)))) -> 26.92 | I115: =(H115*$H$3)+H115 -> 32.645884 | J115: =I115*G115 -> 22199.201
A116: 2 | B116: =IF(A116=1,"SINAPI",IF(A116=2,"CDHU",IF(A116=3,"FDE",IF(A116=4,"SICRO","ERRO")))) -> CDHU | C116: 40.04.096 | D116: 7.9 | E116: =IF($A116=1,VLOOKUP($C116,'SINAPI JAN26'!$1:$1048576,2,0),IF($A116=2,VLOOKUP($C116,'CDHU 200'!$1:$1048576,2,0),IF($A116=3,VLOOKUP($C116,FDE!$1:$1048576,2,0),"ERRO"))) -> Tomada RJ 45 para rede de dados, com placa | F116: =IF($A116=1,VLOOKUP($C116,'SINAPI JAN26'!$1:$1048576,3,0),IF($A116=2,VLOOKUP($C116,'CDHU 200'!$1:$1048576,3,0),IF($A116=3,VLOOKUP($C116,FDE!$1:$1048576,3,0)))) -> UN | G116: =16*2 -> 32 | H116: =IF($A116=1,VLOOKUP($C116,'SINAPI JAN26'!$1:$1048576,4,0),IF($A116=2,VLOOKUP($C116,'CDHU 200'!$1:$1048576,6,0),IF($A116=3,VLOOKUP($C116,FDE!$1:$1048576,4,0)))) -> 84.15 | I116: =(H116*$H$3)+H116 -> 102.04871 | J116: =I116*G116 -> 3265.5586
A117: 2 | B117: =IF(A117=1,"SINAPI",IF(A117=2,"CDHU",IF(A117=3,"FDE",IF(A117=4,"SICRO","ERRO")))) -> CDHU | C117: 69.09.300 | D117: 7.10 | E117: =IF($A117=1,VLOOKUP($C117,'SINAPI JAN26'!$1:$1048576,2,0),IF($A117=2,VLOOKUP($C117,'CDHU 200'!$1:$1048576,2,0),IF($A117=3,VLOOKUP($C117,FDE!$1:$1048576,2,0),"ERRO"))) -> Voice panel de 50 portas - categoria 3 | F117: =IF($A117=1,VLOOKUP($C117,'SINAPI JAN26'!$1:$1048576,3,0),IF($A117=2,VLOOKUP($C117,'CDHU 200'!$1:$1048576,3,0),IF($A117=3,VLOOKUP($C117,FDE!$1:$1048576,3,0)))) -> UN | G117: 1 | H117: =IF($A117=1,VLOOKUP($C117,'SINAPI JAN26'!$1:$1048576,4,0),IF($A117=2,VLOOKUP($C117,'CDHU 200'!$1:$1048576,6,0),IF($A117=3,VLOOKUP($C117,FDE!$1:$1048576,4,0)))) -> 672.32 | I117: =(H117*$H$3)+H117 -> 815.32246 | J117: =I117*G117 -> 815.32246
A118: 2 | B118: =IF(A118=1,"SINAPI",IF(A118=2,"CDHU",IF(A118=3,"FDE",IF(A118=4,"SICRO","ERRO")))) -> CDHU | C118: 69.09.360 | D118: 7.11 | E118: =IF($A118=1,VLOOKUP($C118,'SINAPI JAN26'!$1:$1048576,2,0),IF($A118=2,VLOOKUP($C118,'CDHU 200'!$1:$1048576,2,0),IF($A118=3,VLOOKUP($C118,FDE!$1:$1048576,2,0),"ERRO"))) -> Patch cords de 2,00 ou 3,00 m - RJ-45 / RJ-45 - categoria 6A | F118: =IF($A118=1,VLOOKUP($C118,'SINAPI JAN26'!$1:$1048576,3,0),IF($A118=2,VLOOKUP($C118,'CDHU 200'!$1:$1048576,3,0),IF($A118=3,VLOOKUP($C118,FDE!$1:$1048576,3,0)))) -> UN | G118: 30 | H118: =IF($A118=1,VLOOKUP($C118,'SINAPI JAN26'!$1:$1048576,4,0),IF($A118=2,VLOOKUP($C118,'CDHU 200'!$1:$1048576,6,0),IF($A118=3,VLOOKUP($C118,FDE!$1:$1048576,4,0)))) -> 220.02 | I118: =(H118*$H$3)+H118 -> 266.81825 | J118: =I118*G118 -> 8004.5476
A119: 2 | B119: =IF(A119=1,"SINAPI",IF(A119=2,"CDHU",IF(A119=3,"FDE",IF(A119=4,"SICRO","ERRO")))) -> CDHU | C119: 69.09.250 | D119: 7.12 | E119: =IF($A119=1,VLOOKUP($C119,'SINAPI JAN26'!$1:$1048576,2,0),IF($A119=2,VLOOKUP($C119,'CDHU 200'!$1:$1048576,2,0),IF($A119=3,VLOOKUP($C119,FDE!$1:$1048576,2,0),"ERRO"))) -> Patch cords de 1,50 ou 3,00 m - RJ-45 / RJ-45 - categoria 6A | F119: =IF($A119=1,VLOOKUP($C119,'SINAPI JAN26'!$1:$1048576,3,0),IF($A119=2,VLOOKUP($C119,'CDHU 200'!$1:$1048576,3,0),IF($A119=3,VLOOKUP($C119,FDE!$1:$1048576,3,0)))) -> UN | G119: 30 | H119: =IF($A119=1,VLOOKUP($C119,'SINAPI JAN26'!$1:$1048576,4,0),IF($A119=2,VLOOKUP($C119,'CDHU 200'!$1:$1048576,6,0),IF($A119=3,VLOOKUP($C119,FDE!$1:$1048576,4,0)))) -> 56.92 | I119: =(H119*$H$3)+H119 -> 69.026884 | J119: =I119*G119 -> 2070.8065
A120: 2 | B120: =IF(A120=1,"SINAPI",IF(A120=2,"CDHU",IF(A120=3,"FDE",IF(A120=4,"SICRO","ERRO")))) -> CDHU | C120: 66.08.324 | D120: 7.13 | E120: =IF($A120=1,VLOOKUP($C120,'SINAPI JAN26'!$1:$1048576,2,0),IF($A120=2,VLOOKUP($C120,'CDHU 200'!$1:$1048576,2,0),IF($A120=3,VLOOKUP($C120,FDE!$1:$1048576,2,0),"ERRO"))) -> Câmera fixa colorida compacta com domo, para áreas internas e externas - 1,3 MP | F120: =IF($A120=1,VLOOKUP($C120,'SINAPI JAN26'!$1:$1048576,3,0),IF($A120=2,VLOOKUP($C120,'CDHU 200'!$1:$1048576,3,0),IF($A120=3,VLOOKUP($C120,FDE!$1:$1048576,3,0)))) -> UN | G120: 8 | H120: =IF($A120=1,VLOOKUP($C120,'SINAPI JAN26'!$1:$1048576,4,0),IF($A120=2,VLOOKUP($C120,'CDHU 200'!$1:$1048576,6,0),IF($A120=3,VLOOKUP($C120,FDE!$1:$1048576,4,0)))) -> 1360.18 | I120: =(H120*$H$3)+H120 -> 1649.4903 | J120: =I120*G120 -> 13195.922
A121: 2 | B121: =IF(A121=1,"SINAPI",IF(A121=2,"CDHU",IF(A121=3,"FDE",IF(A121=4,"SICRO","ERRO")))) -> CDHU | C121: 40.05.350 | D121: 7.14 | E121: =IF($A121=1,VLOOKUP($C121,'SINAPI JAN26'!$1:$1048576,2,0),IF($A121=2,VLOOKUP($C121,'CDHU 200'!$1:$1048576,2,0),IF($A121=3,VLOOKUP($C121,FDE!$1:$1048576,2,0),"ERRO"))) -> Sensor de presença infravermelho passivo e microondas, alcance de 12 m - sem fio | F121: =IF($A121=1,VLOOKUP($C121,'SINAPI JAN26'!$1:$1048576,3,0),IF($A121=2,VLOOKUP($C121,'CDHU 200'!$1:$1048576,3,0),IF($A121=3,VLOOKUP($C121,FDE!$1:$1048576,3,0)))) -> UN | G121: 2 | H121: =IF($A121=1,VLOOKUP($C121,'SINAPI JAN26'!$1:$1048576,4,0),IF($A121=2,VLOOKUP($C121,'CDHU 200'!$1:$1048576,6,0),IF($A121=3,VLOOKUP($C121,FDE!$1:$1048576,4,0)))) -> 127.19 | I121: =(H121*$H$3)+H121 -> 154.24331 | J121: =I121*G121 -> 308.48663
D123: 8 | E123: INSTALAÇÕES HIDRO-SANITÁRIAS | J123: =SUBTOTAL(9,J124:J172) -> 95958.349
D124: 8.1 | E124: Interligação Hidrômetro | J124: =SUBTOTAL(9,J125:J127) -> 2111.0803
A125: 2 | B125: =IF(A125=1,"SINAPI",IF(A125=2,"CDHU",IF(A125=3,"FDE",IF(A125=4,"SICRO","ERRO")))) -> CDHU | C125: 45.01.020 | D125: 8.1.1 | E125: =IF($A125=1,VLOOKUP($C125,'SINAPI JAN26'!$1:$1048576,2,0),IF($A125=2,VLOOKUP($C125,'CDHU 200'!$1:$1048576,2,0),IF($A125=3,VLOOKUP($C125,FDE!$1:$1048576,2,0),"ERRO"))) -> Entrada completa de água com abrigo e registro de gaveta, DN= 3/4´ | F125: =IF($A125=1,VLOOKUP($C125,'SINAPI JAN26'!$1:$1048576,3,0),IF($A125=2,VLOOKUP($C125,'CDHU 200'!$1:$1048576,3,0),IF($A125=3,VLOOKUP($C125,FDE!$1:$1048576,3,0)))) -> UN | G125: 1 | H125: =IF($A125=1,VLOOKUP($C125,'SINAPI JAN26'!$1:$1048576,4,0),IF($A125=2,VLOOKUP($C125,'CDHU 200'!$1:$1048576,6,0),IF($A125=3,VLOOKUP($C125,FDE!$1:$1048576,4,0)))) -> 1538.01 | I125: =(H125*$H$3)+H125 -> 1865.1447 | J125: =I125*G125 -> 1865.1447
A126: 1 | B126: =IF(A126=1,"SINAPI",IF(A126=2,"CDHU",IF(A126=3,"FDE",IF(A126=4,"SICRO","ERRO")))) -> SINAPI | C126: 95673 | D126: 8.1.2 | E126: =IF($A126=1,VLOOKUP($C126,'SINAPI JAN26'!$1:$1048576,2,0),IF($A126=2,VLOOKUP($C126,'CDHU 200'!$1:$1048576,2,0),IF($A126=3,VLOOKUP($C126,FDE!$1:$1048576,2,0),"ERRO"))) -> HIDRÔMETRO DN 1/2", 1,5 M3/H - FORNECIMENTO E INSTALAÇÃO. AF_03/2024 | F126: =IF($A126=1,VLOOKUP($C126,'SINAPI JAN26'!$1:$1048576,3,0),IF($A126=2,VLOOKUP($C126,'CDHU 200'!$1:$1048576,3,0),IF($A126=3,VLOOKUP($C126,FDE!$1:$1048576,3,0)))) -> UN | G126: 1 | H126: =IF($A126=1,VLOOKUP($C126,'SINAPI JAN26'!$1:$1048576,4,0),IF($A126=2,VLOOKUP($C126,'CDHU 200'!$1:$1048576,6,0),IF($A126=3,VLOOKUP($C126,FDE!$1:$1048576,4,0)))) -> 136.83 | I126: =(H126*$H$3)+H126 -> 165.93374 | J126: =I126*G126 -> 165.93374
A127: 2 | B127: =IF(A127=1,"SINAPI",IF(A127=2,"CDHU",IF(A127=3,"FDE",IF(A127=4,"SICRO","ERRO")))) -> CDHU | C127: 44.03.380 | D127: 8.1.3 | E127: =IF($A127=1,VLOOKUP($C127,'SINAPI JAN26'!$1:$1048576,2,0),IF($A127=2,VLOOKUP($C127,'CDHU 200'!$1:$1048576,2,0),IF($A127=3,VLOOKUP($C127,FDE!$1:$1048576,2,0),"ERRO"))) -> Torneira curta com rosca para uso geral, em latão fundido sem acabamento, DN= 3/4´ | F127: =IF($A127=1,VLOOKUP($C127,'SINAPI JAN26'!$1:$1048576,3,0),IF($A127=2,VLOOKUP($C127,'CDHU 200'!$1:$1048576,3,0),IF($A127=3,VLOOKUP($C127,FDE!$1:$1048576,3,0)))) -> UN | G127: 1 | H127: =IF($A127=1,VLOOKUP($C127,'SINAPI JAN26'!$1:$1048576,4,0),IF($A127=2,VLOOKUP($C127,'CDHU 200'!$1:$1048576,6,0),IF($A127=3,VLOOKUP($C127,FDE!$1:$1048576,4,0)))) -> 65.97 | I127: =(H127*$H$3)+H127 -> 80.001819 | J127: =I127*G127 -> 80.001819
D129: 8.2 | E129: Água Pluvial | J129: =SUBTOTAL(9,J130:J132) -> 18105.375
A130: 2 | B130: =IF(A130=1,"SINAPI",IF(A130=2,"CDHU",IF(A130=3,"FDE",IF(A130=4,"SICRO","ERRO")))) -> CDHU | C130: 46.03.050 | D130: 8.2.1 | E130: =IF($A130=1,VLOOKUP($C130,'SINAPI JAN26'!$1:$1048576,2,0),IF($A130=2,VLOOKUP($C130,'CDHU 200'!$1:$1048576,2,0),IF($A130=3,VLOOKUP($C130,FDE!$1:$1048576,2,0),"ERRO"))) -> Tubo de PVC rígido PxB com virola e anel de borracha, linha esgoto série reforçada ´R´, DN= 100 mm, inclusive conexões | F130: =IF($A130=1,VLOOKUP($C130,'SINAPI JAN26'!$1:$1048576,3,0),IF($A130=2,VLOOKUP($C130,'CDHU 200'!$1:$1048576,3,0),IF($A130=3,VLOOKUP($C130,FDE!$1:$1048576,3,0)))) -> M | G130: 107.4 | H130: =IF($A130=1,VLOOKUP($C130,'SINAPI JAN26'!$1:$1048576,4,0),IF($A130=2,VLOOKUP($C130,'CDHU 200'!$1:$1048576,6,0),IF($A130=3,VLOOKUP($C130,FDE!$1:$1048576,4,0)))) -> 120.58 | I130: =(H130*$H$3)+H130 -> 146.22737 | J130: =I130*G130 -> 15704.819
A131: 2 | B131: =IF(A131=1,"SINAPI",IF(A131=2,"CDHU",IF(A131=3,"FDE",IF(A131=4,"SICRO","ERRO")))) -> CDHU | C131: 49.06.190 | D131: 8.2.2 | E131: =IF($A131=1,VLOOKUP($C131,'SINAPI JAN26'!$1:$1048576,2,0),IF($A131=2,VLOOKUP($C131,'CDHU 200'!$1:$1048576,2,0),IF($A131=3,VLOOKUP($C131,FDE!$1:$1048576,2,0),"ERRO"))) -> Grelha pré-moldada em concreto, com furos redondos, 79,5 x 24,5 x 8 cm | F131: =IF($A131=1,VLOOKUP($C131,'SINAPI JAN26'!$1:$1048576,3,0),IF($A131=2,VLOOKUP($C131,'CDHU 200'!$1:$1048576,3,0),IF($A131=3,VLOOKUP($C131,FDE!$1:$1048576,3,0)))) -> UN | G131: 3.3 | H131: =IF($A131=1,VLOOKUP($C131,'SINAPI JAN26'!$1:$1048576,4,0),IF($A131=2,VLOOKUP($C131,'CDHU 200'!$1:$1048576,6,0),IF($A131=3,VLOOKUP($C131,FDE!$1:$1048576,4,0)))) -> 101.61 | I131: =(H131*$H$3)+H131 -> 123.22245 | J131: =I131*G131 -> 406.63408
A132: 1 | B132: =IF(A132=1,"SINAPI",IF(A132=2,"CDHU",IF(A132=3,"FDE",IF(A132=4,"SICRO","ERRO")))) -> SINAPI | C132: 99251 | D132: 8.2.3 | E132: =IF($A132=1,VLOOKUP($C132,'SINAPI JAN26'!$1:$1048576,2,0),IF($A132=2,VLOOKUP($C132,'CDHU 200'!$1:$1048576,2,0),IF($A132=3,VLOOKUP($C132,FDE!$1:$1048576,2,0),"ERRO"))) -> CAIXA ENTERRADA HIDRÁULICA RETANGULAR EM ALVENARIA COM TIJOLOS CERÂMICOS MACIÇOS, DIMENSÕES INTERNAS: 0,4X0,4X0,4 M PARA REDE DE DRENAGEM. AF_12/2020 | F132: =IF($A132=1,VLOOKUP($C132,'SINAPI JAN26'!$1:$1048576,3,0),IF($A132=2,VLOOKUP($C132,'CDHU 200'!$1:$1048576,3,0),IF($A132=3,VLOOKUP($C132,FDE!$1:$1048576,3,0)))) -> UN | G132: 5 | H132: =IF($A132=1,VLOOKUP($C132,'SINAPI JAN26'!$1:$1048576,4,0),IF($A132=2,VLOOKUP($C132,'CDHU 200'!$1:$1048576,6,0),IF($A132=3,VLOOKUP($C132,FDE!$1:$1048576,4,0)))) -> 328.84 | I132: =(H132*$H$3)+H132 -> 398.78427 | J132: =I132*G132 -> 1993.9213
D134: 8.3 | E134: Água Fria | J134: =SUBTOTAL(9,J135:J143) -> 13097.572
A135: 2 | B135: =IF(A135=1,"SINAPI",IF(A135=2,"CDHU",IF(A135=3,"FDE",IF(A135=4,"SICRO","ERRO")))) -> CDHU | C135: 48.02.400 | D135: 8.3.1 | E135: =IF($A135=1,VLOOKUP($C135,'SINAPI JAN26'!$1:$1048576,2,0),IF($A135=2,VLOOKUP($C135,'CDHU 200'!$1:$1048576,2,0),IF($A135=3,VLOOKUP($C135,FDE!$1:$1048576,2,0),"ERRO"))) -> Reservatório em polietileno com tampa de rosca - capacidade de 1.000 litros | F135: =IF($A135=1,VLOOKUP($C135,'SINAPI JAN26'!$1:$1048576,3,0),IF($A135=2,VLOOKUP($C135,'CDHU 200'!$1:$1048576,3,0),IF($A135=3,VLOOKUP($C135,FDE!$1:$1048576,3,0)))) -> UN | G135: 2 | H135: =IF($A135=1,VLOOKUP($C135,'SINAPI JAN26'!$1:$1048576,4,0),IF($A135=2,VLOOKUP($C135,'CDHU 200'!$1:$1048576,6,0),IF($A135=3,VLOOKUP($C135,FDE!$1:$1048576,4,0)))) -> 978.9 | I135: =(H135*$H$3)+H135 -> 1187.112 | J135: =I135*G135 -> 2374.2241
A136: 2 | B136: =IF(A136=1,"SINAPI",IF(A136=2,"CDHU",IF(A136=3,"FDE",IF(A136=4,"SICRO","ERRO")))) -> CDHU | C136: 48.05.010 | D136: 8.3.2 | E136: =IF($A136=1,VLOOKUP($C136,'SINAPI JAN26'!$1:$1048576,2,0),IF($A136=2,VLOOKUP($C136,'CDHU 200'!$1:$1048576,2,0),IF($A136=3,VLOOKUP($C136,FDE!$1:$1048576,2,0),"ERRO"))) -> Torneira de boia, DN= 3/4´ | F136: =IF($A136=1,VLOOKUP($C136,'SINAPI JAN26'!$1:$1048576,3,0),IF($A136=2,VLOOKUP($C136,'CDHU 200'!$1:$1048576,3,0),IF($A136=3,VLOOKUP($C136,FDE!$1:$1048576,3,0)))) -> UN | G136: 2 | H136: =IF($A136=1,VLOOKUP($C136,'SINAPI JAN26'!$1:$1048576,4,0),IF($A136=2,VLOOKUP($C136,'CDHU 200'!$1:$1048576,6,0),IF($A136=3,VLOOKUP($C136,FDE!$1:$1048576,4,0)))) -> 107.01 | I136: =(H136*$H$3)+H136 -> 129.77103 | J136: =I136*G136 -> 259.54205
...

Sheet Cronograma GERAL
B1: CRONOGRAMA FÍSICO FINANCEIRO EM BRANCO
B2: Local da Obra: | C2: ='[1]Orçamento GERAL'!D2 -> Rua das Bem Aventuranças nº 255 - Jardim Vista Alegre
A7: Item | B7: Descrição | C7: Valor | D7: SEMANA | F7: 1 | G7: 2 | H7: 3 | I7: 4 | J7: 5 | K7: 6 | L7: 7 | M7: 8 | N7: 9 | O7: 10 | P7: 11 | Q7: 12 | R7: 13 | S7: 14 | T7: 15 | U7: 16 | V7: 17 | W7: 18 | X7: 19 | Y7: 20 | Z7: 21 | AA7: 22 | AB7: 23 | AC7: 24 | AD7: 25 | AE7: 26 | AF7: 27 | AG7: 28 | AH7: 29 | AI7: 30 | AJ7: 31 | AK7: 32 | AL7: 33 | AM7: 34 | AN7: 35 | AO7: 36 | AP7: 37 | AQ7: 38 | AR7: 39 | AS7: 40
D8: INICIO | E8: FINAL | F8: 1º mês | J8: 2º mês | N8: 3º mês | R8: 4º mês | V8: 5º mês | Z8: 6º mês | AD8: 7º mês | AH8: 8º mês | AL8: 9º mês | AP8: 10º mês
A9: ='[1]Orçamento GERAL'!D8 -> 1 | B9: ='[1]Orçamento GERAL'!E8 -> SERVIÇOS PRELIMINARES | D9: 1 | E9: 36 | F9: =SUM(F11:I11) -> 0 | J9: =SUM(J11:M11) -> 0 | N9: =SUM(N11:Q11) -> 0 | R9: =SUM(R11:U11) -> 0 | V9: =SUM(V11:Y11) -> 0 | Z9: =SUM(Z11:AC11) -> 0 | AD9: =SUM(Z11:AC11) -> 0 | AH9: =SUM(Z11:AC11) -> 0 | AL9: =SUM(Z11:AC11) -> 0
F10: =IF($D9<=F$7,1,0)+IF($D9>F$7,-1,0)+IF($E9>=F$7,1,0)+IF($D9<=F$7,-1,0) -> 1 | G10: =IF($D9<=G$7,1,0)+IF($D9>G$7,-1,0)+IF($E9>=G$7,1,0)+IF($D9<=G$7,-1,0) -> 1 | H10: =IF($D9<=H$7,1,0)+IF($D9>H$7,-1,0)+IF($E9>=H$7,1,0)+IF($D9<=H$7,-1,0) -> 1 | I10: =IF($D9<=I$7,1,0)+IF($D9>I$7,-1,0)+IF($E9>=I$7,1,0)+IF($D9<=I$7,-1,0) -> 1 | J10: =IF($D9<=J$7,1,0)+IF($D9>J$7,-1,0)+IF($E9>=J$7,1,0)+IF($D9<=J$7,-1,0) -> 1 | K10: =IF($D9<=K$7,1,0)+IF($D9>K$7,-1,0)+IF($E9>=K$7,1,0)+IF($D9<=K$7,-1,0) -> 1 | L10: =IF($D9<=L$7,1,0)+IF($D9>L$7,-1,0)+IF($E9>=L$7,1,0)+IF($D9<=L$7,-1,0) -> 1 | M10: =IF($D9<=M$7,1,0)+IF($D9>M$7,-1,0)+IF($E9>=M$7,1,0)+IF($D9<=M$7,-1,0) -> 1 | ... AO10: =IF($D9<=AO$7,1,0)+IF($D9>AO$7,-1,0)+IF($E9>=AO$7,1,0)+IF($D9<=AO$7,-1,0) -> 1
F11: =IF(F10>0,($C9/COUNTIF($F10:$AS10,">0")),0) -> 0 | G11: =IF(G10>0,($C9/COUNTIF($F10:$AS10,">0")),0) -> 0 | H11: =IF(H10>0,($C9/COUNTIF($F10:$AS10,">0")),0) -> 0 | I11: =IF(I10>0,($C9/COUNTIF($F10:$AS10,">0")),0) -> 0 | J11: =IF(J10>0,($C9/COUNTIF($F10:$AS10,">0")),0) -> 0 | K11: =IF(K10>0,($C9/COUNTIF($F10:$AS10,">0")),0) -> 0 | L11: =IF(L10>0,($C9/COUNTIF($F10:$AS10,">0")),0) -> 0 | M11: =IF(M10>0,($C9/COUNTIF($F10:$AS10,">0")),0) -> 0 | ... AO11: =IF(AO10>0,($C9/COUNTIF($F10:$AS10,">0")),0) -> 0
A12: ,
A13: ='[1]Orçamento GERAL'!D22 -> 2 | B13: ='[1]Orçamento GERAL'!E22 -> DEMOLIÇÕES E RETIRADAS | D13: 1 | E13: 20 | F13: =SUM(F15:I15) -> 0 | J13: =SUM(J15:M15) -> 0 | N13: =SUM(N15:Q15) -> 0 | R13: =SUM(R15:U15) -> 0 | V13: =SUM(V15:Y15) -> 0 | Z13: =SUM(Z15:AC15) -> 0 | AD13: =SUM(AD15:AG15) -> 0 | AH13: =SUM(AH15:AK15) -> 0 | AL13: =SUM(AL15:AO15) -> 0
F14: =IF($D13<=F$7,1,0)+IF($D13>F$7,-1,0)+IF($E13>=F$7,1,0)+IF($D13<=F$7,-1,0) -> 1 | G14: 1 | H14: =IF($D13<=H$7,1,0)+IF($D13>H$7,-1,0)+IF($E13>=H$7,1,0)+IF($D13<=H$7,-1,0) -> 1 | I14: =IF($D13<=I$7,1,0)+IF($D13>I$7,-1,0)+IF($E13>=I$7,1,0)+IF($D13<=I$7,-1,0) -> 1 | J14: 0 | K14: 0 | L14: 0 | M14: 0 | N14: 0 | O14: 0 | P14: 0 | Q14: 0 | R14: 0 | S14: 0 | T14: 0 | U14: 0 | V14: =IF($D13<=V$7,1,0)+IF($D13>V$7,-1,0)+IF($E13>=V$7,1,0)+IF($D13<=V$7,-1,0) -> 1 | W14: =IF($D13<=W$7,1,0)+IF($D13>W$7,-1,0)+IF($E13>=W$7,1,0)+IF($D13<=W$7,-1,0) -> 1 | X14: =IF($D13<=X$7,1,0)+IF($D13>X$7,-1,0)+IF($E13>=X$7,1,0)+IF($D13<=X$7,-1,0) -> 1 | Y14: =IF($D13<=Y$7,1,0)+IF($D13>Y$7,-1,0)+IF($E13>=Y$7,1,0)+IF($D13<=Y$7,-1,0) -> 1 | Z14: =IF($D13<=Z$7,1,0)+IF($D13>Z$7,-1,0)+IF($E13>=Z$7,1,0)+IF($D13<=Z$7,-1,0) -> 0 | AA14: =IF($D13<=AA$7,1,0)+IF($D13>AA$7,-1,0)+IF($E13>=AA$7,1,0)+IF($D13<=AA$7,-1,0) -> 0 | AB14: =IF($D13<=AB$7,1,0)+IF($D13>AB$7,-1,0)+IF($E13>=AB$7,1,0)+IF($D13<=AB$7,-1,0) -> 0 | AC14: =IF($D13<=AC$7,1,0)+IF($D13>AC$7,-1,0)+IF($E13>=AC$7,1,0)+IF($D13<=AC$7,-1,0) -> 0 | ... AO14: =IF($D13<=AO$7,1,0)+IF($D13>AO$7,-1,0)+IF($E13>=AO$7,1,0)+IF($D13<=AO$7,-1,0) -> 0
F15: =IF(F14>0,($C13/COUNTIF($F14:$AS14,">0")),0) -> 0 | G15: =IF(G14>0,($C13/COUNTIF($F14:$AS14,">0")),0) -> 0 | H15: =IF(H14>0,($C13/COUNTIF($F14:$AS14,">0")),0) -> 0 | I15: =IF(I14>0,($C13/COUNTIF($F14:$AS14,">0")),0) -> 0 | J15: =IF(J14>0,($C13/COUNTIF($F14:$AS14,">0")),0) -> 0 | K15: =IF(K14>0,($C13/COUNTIF($F14:$AS14,">0")),0) -> 0 | L15: =IF(L14>0,($C13/COUNTIF($F14:$AS14,">0")),0) -> 0 | M15: =IF(M14>0,($C13/COUNTIF($F14:$AS14,">0")),0) -> 0 | ... AO15: =IF(AO14>0,($C13/COUNTIF($F14:$AS14,">0")),0) -> 0
A16: ,
A17: ='[1]Orçamento GERAL'!D46 -> 3 | B17: ='[1]Orçamento GERAL'!E46 -> INFRAESTRUTURA | D17: 5 | E17: 20 | F17: =SUM(F19:I19) -> 0 | J17: =SUM(J19:M19) -> 0 | N17: =SUM(N19:Q19) -> 0 | R17: =SUM(R19:U19) -> 0 | V17: =SUM(V19:Y19) -> 0 | Z17: =SUM(Z19:AC19) -> 0 | AD17: =SUM(AD19:AG19) -> 0 | AH17: =SUM(AH19:AK19) -> 0 | AL17: =SUM(AL19:AO19) -> 0
F18: =IF($D17<=F$7,1,0)+IF($D17>F$7,-1,0)+IF($E17>=F$7,1,0)+IF($D17<=F$7,-1,0) -> 0 | G18: =IF($D17<=G$7,1,0)+IF($D17>G$7,-1,0)+IF($E17>=G$7,1,0)+IF($D17<=G$7,-1,0) -> 0 | H18: =IF($D17<=H$7,1,0)+IF($D17>H$7,-1,0)+IF($E17>=H$7,1,0)+IF($D17<=H$7,-1,0) -> 0 | I18: =IF($D17<=I$7,1,0)+IF($D17>I$7,-1,0)+IF($E17>=I$7,1,0)+IF($D17<=I$7,-1,0) -> 0 | J18: =IF($D17<=J$7,1,0)+IF($D17>J$7,-1,0)+IF($E17>=J$7,1,0)+IF($D17<=J$7,-1,0) -> 1 | K18: =IF($D17<=K$7,1,0)+IF($D17>K$7,-1,0)+IF($E17>=K$7,1,0)+IF($D17<=K$7,-1,0) -> 1 | L18: =IF($D17<=L$7,1,0)+IF($D17>L$7,-1,0)+IF($E17>=L$7,1,0)+IF($D17<=L$7,-1,0) -> 1 | M18: =IF($D17<=M$7,1,0)+IF($D17>M$7,-1,0)+IF($E17>=M$7,1,0)+IF($D17<=M$7,-1,0) -> 1 | N18: 0 | O18: 0 | P18: 0 | Q18: 0 | R18: 0 | S18: 0 | T18: 0 | U18: 0 | V18: =IF($D17<=V$7,1,0)+IF($D17>V$7,-1,0)+IF($E17>=V$7,1,0)+IF($D17<=V$7,-1,0) -> 1 | W18: =IF($D17<=W$7,1,0)+IF($D17>W$7,-1,0)+IF($E17>=W$7,1,0)+IF($D17<=W$7,-1,0) -> 1 | X18: =IF($D17<=X$7,1,0)+IF($D17>X$7,-1,0)+IF($E17>=X$7,1,0)+IF($D17<=X$7,-1,0) -> 1 | Y18: =IF($D17<=Y$7,1,0)+IF($D17>Y$7,-1,0)+IF($E17>=Y$7,1,0)+IF($D17<=Y$7,-1,0) -> 1 | Z18: 0 | AA18: 0 | AB18: 0 | AC18: 0 | AD18: =IF($D17<=AD$7,1,0)+IF($D17>AD$7,-1,0)+IF($E17>=AD$7,1,0)+IF($D17<=AD$7,-1,0) -> 0 | AE18: =IF($D17<=AE$7,1,0)+IF($D17>AE$7,-1,0)+IF($E17>=AE$7,1,0)+IF($D17<=AE$7,-1,0) -> 0 | AF18: =IF($D17<=AF$7,1,0)+IF($D17>AF$7,-1,0)+IF($E17>=AF$7,1,0)+IF($D17<=AF$7,-1,0) -> 0 | AG18: =IF($D17<=AG$7,1,0)+IF($D17>AG$7,-1,0)+IF($E17>=AG$7,1,0)+IF($D17<=AG$7,-1,0) -> 0 | AH18: =IF($D17<=AH$7,1,0)+IF($D17>AH$7,-1,0)+IF($E17>=AH$7,1,0)+IF($D17<=AH$7,-1,0) -> 0 | AI18: =IF($D17<=AI$7,1,0)+IF($D17>AI$7,-1,0)+IF($E17>=AI$7,1,0)+IF($D17<=AI$7,-1,0) -> 0 | AJ18: =IF($D17<=AJ$7,1,0)+IF($D17>AJ$7,-1,0)+IF($E17>=AJ$7,1,0)+IF($D17<=AJ$7,-1,0) -> 0 | AK18: =IF($D17<=AK$7,1,0)+IF($D17>AK$7,-1,0)+IF($E17>=AK$7,1,0)+IF($D17<=AK$7,-1,0) -> 0 | ... AO18: =IF($D17<=AO$7,1,0)+IF($D17>AO$7,-1,0)+IF($E17>=AO$7,1,0)+IF($D17<=AO$7,-1,0) -> 0
F19: =IF(F18>0,($C17/COUNTIF($F18:$AS18,">0")),0) -> 0 | G19: =IF(G18>0,($C17/COUNTIF($F18:$AS18,">0")),0) -> 0 | H19: =IF(H18>0,($C17/COUNTIF($F18:$AS18,">0")),0) -> 0 | I19: =IF(I18>0,($C17/COUNTIF($F18:$AS18,">0")),0) -> 0 | J19: =IF(J18>0,($C17/COUNTIF($F18:$AS18,">0")),0) -> 0 | K19: =IF(K18>0,($C17/COUNTIF($F18:$AS18,">0")),0) -> 0 | L19: =IF(L18>0,($C17/COUNTIF($F18:$AS18,">0")),0) -> 0 | M19: =IF(M18>0,($C17/COUNTIF($F18:$AS18,">0")),0) -> 0 | ... AO19: =IF(AO18>0,($C17/COUNTIF($F18:$AS18,">0")),0) -> 0
A20: ,
A21: ='[1]Orçamento GERAL'!D67 -> 4 | B21: ='[1]Orçamento GERAL'!E67 -> SUPERESTRUTURA | D21: 9 | E21: 24 | F21: =SUM(F23:I23) -> 0 | J21: =SUM(J23:M23) -> 0 | N21: =SUM(N23:Q23) -> 0 | R21: =SUM(R23:U23) -> 0 | V21: =SUM(V23:Y23) -> 0 | Z21: =SUM(Z23:AC23) -> 0 | AD21: =SUM(AD23:AG23) -> 0 | AH21: =SUM(AH23:AK23) -> 0 | AL21: =SUM(AL23:AO23) -> 0
F22: =IF($D21<=F$7,1,0)+IF($D21>F$7,-1,0)+IF($E21>=F$7,1,0)+IF($D21<=F$7,-1,0) -> 0 | G22: =IF($D21<=G$7,1,0)+IF($D21>G$7,-1,0)+IF($E21>=G$7,1,0)+IF($D21<=G$7,-1,0) -> 0 | H22: =IF($D21<=H$7,1,0)+IF($D21>H$7,-1,0)+IF($E21>=H$7,1,0)+IF($D21<=H$7,-1,0) -> 0 | I22: =IF($D21<=I$7,1,0)+IF($D21>I$7,-1,0)+IF($E21>=I$7,1,0)+IF($D21<=I$7,-1,0) -> 0 | J22: =IF($D21<=J$7,1,0)+IF($D21>J$7,-1,0)+IF($E21>=J$7,1,0)+IF($D21<=J$7,-1,0) -> 0 | K22: =IF($D21<=K$7,1,0)+IF($D21>K$7,-1,0)+IF($E21>=K$7,1,0)+IF($D21<=K$7,-1,0) -> 0 | L22: =IF($D21<=L$7,1,0)+IF($D21>L$7,-1,0)+IF($E21>=L$7,1,0)+IF($D21<=L$7,-1,0) -> 0 | M22: =IF($D21<=M$7,1,0)+IF($D21>M$7,-1,0)+IF($E21>=M$7,1,0)+IF($D21<=M$7,-1,0) -> 0 | ... Q22: =IF($D21<=Q$7,1,0)+IF($D21>Q$7,-1,0)+IF($E21>=Q$7,1,0)+IF($D21<=Q$7,-1,0) -> 1 | R22: 0 | S22: 0 | T22: 0 | U22: 0 | V22: 0 | W22: 0 | X22: 0 | Y22: 0 | Z22: 1 | AA22: 1 | AB22: 1 | AC22: 1 | AD22: =IF($D21<=AD$7,1,0)+IF($D21>AD$7,-1,0)+IF($E21>=AD$7,1,0)+IF($D21<=AD$7,-1,0) -> 0 | AE22: =IF($D21<=AE$7,1,0)+IF($D21>AE$7,-1,0)+IF($E21>=AE$7,1,0)+IF($D21<=AE$7,-1,0) -> 0 | AF22: =IF($D21<=AF$7,1,0)+IF($D21>AF$7,-1,0)+IF($E21>=AF$7,1,0)+IF($D21<=AF$7,-1,0) -> 0 | AG22: =IF($D21<=AG$7,1,0)+IF($D21>AG$7,-1,0)+IF($E21>=AG$7,1,0)+IF($D21<=AG$7,-1,0) -> 0 | AH22: =IF($D21<=AH$7,1,0)+IF($D21>AH$7,-1,0)+IF($E21>=AH$7,1,0)+IF($D21<=AH$7,-1,0) -> 0 | AI22: =IF($D21<=AI$7,1,0)+IF($D21>AI$7,-1,0)+IF($E21>=AI$7,1,0)+IF($D21<=AI$7,-1,0) -> 0 | AJ22: =IF($D21<=AJ$7,1,0)+IF($D21>AJ$7,-1,0)+IF($E21>=AJ$7,1,0)+IF($D21<=AJ$7,-1,0) -> 0 | AK22: =IF($D21<=AK$7,1,0)+IF($D21>AK$7,-1,0)+IF($E21>=AK$7,1,0)+IF($D21<=AK$7,-1,0) -> 0 | ... AO22: =IF($D21<=AO$7,1,0)+IF($D21>AO$7,-1,0)+IF($E21>=AO$7,1,0)+IF($D21<=AO$7,-1,0) -> 0
F23: =IF(F22>0,($C21/COUNTIF($F22:$AS22,">0")),0) -> 0 | G23: =IF(G22>0,($C21/COUNTIF($F22:$AS22,">0")),0) -> 0 | H23: =IF(H22>0,($C21/COUNTIF($F22:$AS22,">0")),0) -> 0 | I23: =IF(I22>0,($C21/COUNTIF($F22:$AS22,">0")),0) -> 0 | J23: =IF(J22>0,($C21/COUNTIF($F22:$AS22,">0")),0) -> 0 | K23: =IF(K22>0,($C21/COUNTIF($F22:$AS22,">0")),0) -> 0 | L23: =IF(L22>0,($C21/COUNTIF($F22:$AS22,">0")),0) -> 0 | M23: =IF(M22>0,($C21/COUNTIF($F22:$AS22,">0")),0) -> 0 | ... AO23: =IF(AO22>0,($C21/COUNTIF($F22:$AS22,">0")),0) -> 0
A24: ,
A25: ='[1]Orçamento GERAL'!D81 -> 5 | B25: ='[1]Orçamento GERAL'!E81 -> COBERTURA | D25: 11 | E25: 12 | F25: =SUM(F27:I27) -> 0 | J25: =SUM(J27:M27) -> 0 | N25: =SUM(N27:Q27) -> 0 | R25: =SUM(R27:U27) -> 0 | V25: =SUM(V27:Y27) -> 0 | Z25: =SUM(Z27:AC27) -> 0 | AD25: =SUM(AD27:AG27) -> 0 | AH25: =SUM(AH27:AK27) -> 0 | AL25: =SUM(AL27:AO27) -> 0
F26: =IF($D25<=F$7,1,0)+IF($D25>F$7,-1,0)+IF($E25>=F$7,1,0)+IF($D25<=F$7,-1,0) -> 0 | G26: =IF($D25<=G$7,1,0)+IF($D25>G$7,-1,0)+IF($E25>=G$7,1,0)+IF($D25<=G$7,-1,0) -> 0 | H26: =IF($D25<=H$7,1,0)+IF($D25>H$7,-1,0)+IF($E25>=H$7,1,0)+IF($D25<=H$7,-1,0) -> 0 | I26: =IF($D25<=I$7,1,0)+IF($D25>I$7,-1,0)+IF($E25>=I$7,1,0)+IF($D25<=I$7,-1,0) -> 0 | J26: =IF($D25<=J$7,1,0)+IF($D25>J$7,-1,0)+IF($E25>=J$7,1,0)+IF($D25<=J$7,-1,0) -> 0 | K26: =IF($D25<=K$7,1,0)+IF($D25>K$7,-1,0)+IF($E25>=K$7,1,0)+IF($D25<=K$7,-1,0) -> 0 | L26: =IF($D25<=L$7,1,0)+IF($D25>L$7,-1,0)+IF($E25>=L$7,1,0)+IF($D25<=L$7,-1,0) -> 0 | M26: =IF($D25<=M$7,1,0)+IF($D25>M$7,-1,0)+IF($E25>=M$7,1,0)+IF($D25<=M$7,-1,0) -> 0 | N26: 0 | O26: 0 | P26: 1 | Q26: 1 | R26: 0 | S26: 0 | T26: 0 | U26: 0 | V26: 0 | W26: 0 | X26: 0 | Y26: 0 | Z26: =IF($D25<=Z$7,1,0)+IF($D25>Z$7,-1,0)+IF($E25>=Z$7,1,0)+IF($D25<=Z$7,-1,0) -> 0 | AA26: =IF($D25<=AA$7,1,0)+IF($D25>AA$7,-1,0)+IF($E25>=AA$7,1,0)+IF($D25<=AA$7,-1,0) -> 0 | AB26: =IF($D25<=AB$7,1,0)+IF($D25>AB$7,-1,0)+IF($E25>=AB$7,1,0)+IF($D25<=AB$7,-1,0) -> 0 | AC26: =IF($D25<=AC$7,1,0)+IF($D25>AC$7,-1,0)+IF($E25>=AC$7,1,0)+IF($D25<=AC$7,-1,0) -> 0 | AD26: =IF($D25<=AD$7,1,0)+IF($D25>AD$7,-1,0)+IF($E25>=AD$7,1,0)+IF($D25<=AD$7,-1,0) -> 0 | AE26: =IF($D25<=AE$7,1,0)+IF($D25>AE$7,-1,0)+IF($E25>=AE$7,1,0)+IF($D25<=AE$7,-1,0) -> 0 | AF26: =IF($D25<=AF$7,1,0)+IF($D25>AF$7,-1,0)+IF($E25>=AF$7,1,0)+IF($D25<=AF$7,-1,0) -> 0 | AG26: =IF($D25<=AG$7,1,0)+IF($D25>AG$7,-1,0)+IF($E25>=AG$7,1,0)+IF($D25<=AG$7,-1,0) -> 0 | ... AO26: =IF($D25<=AO$7,1,0)+IF($D25>AO$7,-1,0)+IF($E25>=AO$7,1,0)+IF($D25<=AO$7,-1,0) -> 0
F27: =IF(F26>0,($C25/COUNTIF($F26:$AS26,">0")),0) -> 0 | G27: =IF(G26>0,($C25/COUNTIF($F26:$AS26,">0")),0) -> 0 | H27: =IF(H26>0,($C25/COUNTIF($F26:$AS26,">0")),0) -> 0 | I27: =IF(I26>0,($C25/COUNTIF($F26:$AS26,">0")),0) -> 0 | J27: =IF(J26>0,($C25/COUNTIF($F26:$AS26,">0")),0) -> 0 | K27: =IF(K26>0,($C25/COUNTIF($F26:$AS26,">0")),0) -> 0 | L27: =IF(L26>0,($C25/COUNTIF($F26:$AS26,">0")),0) -> 0 | M27: =IF(M26>0,($C25/COUNTIF($F26:$AS26,">0")),0) -> 0 | ... AO27: =IF(AO26>0,($C25/COUNTIF($F26:$AS26,">0")),0) -> 0
A28: ,
A29: ='[1]Orçamento GERAL'!D86 -> 6 | B29: ='[1]Orçamento GERAL'!E86 -> INSTALAÇÕES ELÉTRICAS | D29: 12 | E29: 25 | F29: =SUM(F31:I31) -> 0 | J29: =SUM(J31:M31) -> 0 | N29: =SUM(N31:Q31) -> 0 | R29: =SUM(R31:U31) -> 0 | V29: =SUM(V31:Y31) -> 0 | Z29: =SUM(Z31:AC31) -> 0 | AD29: =SUM(Z31:AC31) -> 0 | AH29: =SUM(AH31:AK31) -> 0 | AL29: =SUM(AL31:AO31) -> 0
F30: =IF($D29<=F$7,1,0)+IF($D29>F$7,-1,0)+IF($E29>=F$7,1,0)+IF($D29<=F$7,-1,0) -> 0 | G30: =IF($D29<=G$7,1,0)+IF($D29>G$7,-1,0)+IF($E29>=G$7,1,0)+IF($D29<=G$7,-1,0) -> 0 | H30: =IF($D29<=H$7,1,0)+IF($D29>H$7,-1,0)+IF($E29>=H$7,1,0)+IF($D29<=H$7,-1,0) -> 0 | I30: =IF($D29<=I$7,1,0)+IF($D29>I$7,-1,0)+IF($E29>=I$7,1,0)+IF($D29<=I$7,-1,0) -> 0 | J30: =IF($D29<=J$7,1,0)+IF($D29>J$7,-1,0)+IF($E29>=J$7,1,0)+IF($D29<=J$7,-1,0) -> 0 | K30: =IF($D29<=K$7,1,0)+IF($D29>K$7,-1,0)+IF($E29>=K$7,1,0)+IF($D29<=K$7,-1,0) -> 0 | L30: =IF($D29<=L$7,1,0)+IF($D29>L$7,-1,0)+IF($E29>=L$7,1,0)+IF($D29<=L$7,-1,0) -> 0 | M30: =IF($D29<=M$7,1,0)+IF($D29>M$7,-1,0)+IF($E29>=M$7,1,0)+IF($D29<=M$7,-1,0) -> 0 | ... R30: =IF($D29<=R$7,1,0)+IF($D29>R$7,-1,0)+IF($E29>=R$7,1,0)+IF($D29<=R$7,-1,0) -> 1 | S30: 0 | T30: 0 | U30: 0 | V30: 0 | W30: 0 | X30: 0 | Y30: 0 | Z30: 0 | AA30: 0 | AB30: 0 | AC30: =IF($D29<=AC$7,1,0)+IF($D29>AC$7,-1,0)+IF($E29>=AC$7,1,0)+IF($D29<=AC$7,-1,0) -> 1 | AD30: =IF($D29<=AD$7,1,0)+IF($D29>AD$7,-1,0)+IF($E29>=AD$7,1,0)+IF($D29<=AD$7,-1,0) -> 1 | AE30: =IF($D29<=AE$7,1,0)+IF($D29>AE$7,-1,0)+IF($E29>=AE$7,1,0)+IF($D29<=AE$7,-1,0) -> 0 | AF30: =IF($D29<=AF$7,1,0)+IF($D29>AF$7,-1,0)+IF($E29>=AF$7,1,0)+IF($D29<=AF$7,-1,0) -> 0 | AG30: =IF($D29<=AG$7,1,0)+IF($D29>AG$7,-1,0)+IF($E29>=AG$7,1,0)+IF($D29<=AG$7,-1,0) -> 0 | AH30: =IF($D29<=AH$7,1,0)+IF($D29>AH$7,-1,0)+IF($E29>=AH$7,1,0)+IF($D29<=AH$7,-1,0) -> 0 | AI30: =IF($D29<=AI$7,1,0)+IF($D29>AI$7,-1,0)+IF($E29>=AI$7,1,0)+IF($D29<=AI$7,-1,0) -> 0 | AJ30: =IF($D29<=AJ$7,1,0)+IF($D29>AJ$7,-1,0)+IF($E29>=AJ$7,1,0)+IF($D29<=AJ$7,-1,0) -> 0 | ... AO30: =IF($D29<=AO$7,1,0)+IF($D29>AO$7,-1,0)+IF($E29>=AO$7,1,0)+IF($D29<=AO$7,-1,0) -> 0
F31: =IF(F30>0,($C29/COUNTIF($F30:$AS30,">0")),0) -> 0 | G31: =IF(G30>0,($C29/COUNTIF($F30:$AS30,">0")),0) -> 0 | H31: =IF(H30>0,($C29/COUNTIF($F30:$AS30,">0")),0) -> 0 | I31: =IF(I30>0,($C29/COUNTIF($F30:$AS30,">0")),0) -> 0 | J31: =IF(J30>0,($C29/COUNTIF($F30:$AS30,">0")),0) -> 0 | K31: =IF(K30>0,($C29/COUNTIF($F30:$AS30,">0")),0) -> 0 | L31: =IF(L30>0,($C29/COUNTIF($F30:$AS30,">0")),0) -> 0 | M31: =IF(M30>0,($C29/COUNTIF($F30:$AS30,">0")),0) -> 0 | ... AO31: =IF(AO30>0,($C29/COUNTIF($F30:$AS30,">0")),0) -> 0
A32: ='[1]Orçamento GERAL'!D124 -> 7 | B32: ='[1]Orçamento GERAL'!E124 -> TELEFONIA/LÓGICA/ALARME | D32: 12 | E32: 25 | F32: =SUM(F34:I34) -> 0 | J32: =SUM(J34:M34) -> 0 | N32: =SUM(N34:Q34) -> 0 | R32: =SUM(R34:U34) -> 0 | V32: =SUM(V34:Y34) -> 0 | Z32: =SUM(Z34:AC34) -> 0 | AD32: =SUM(Z34:AC34) -> 0 | AH32: =SUM(AH34:AK34) -> 0 | AL32: =SUM(AL34:AO34) -> 0
F33: =IF($D32<=F$7,1,0)+IF($D32>F$7,-1,0)+IF($E32>=F$7,1,0)+IF($D32<=F$7,-1,0) -> 0 | G33: =IF($D32<=G$7,1,0)+IF($D32>G$7,-1,0)+IF($E32>=G$7,1,0)+IF($D32<=G$7,-1,0) -> 0 | H33: =IF($D32<=H$7,1,0)+IF($D32>H$7,-1,0)+IF($E32>=H$7,1,0)+IF($D32<=H$7,-1,0) -> 0 | I33: =IF($D32<=I$7,1,0)+IF($D32>I$7,-1,0)+IF($E32>=I$7,1,0)+IF($D32<=I$7,-1,0) -> 0 | J33: =IF($D32<=J$7,1,0)+IF($D32>J$7,-1,0)+IF($E32>=J$7,1,0)+IF($D32<=J$7,-1,0) -> 0 | K33: =IF($D32<=K$7,1,0)+IF($D32>K$7,-1,0)+IF($E32>=K$7,1,0)+IF($D32<=K$7,-1,0) -> 0 | L33: =IF($D32<=L$7,1,0)+IF($D32>L$7,-1,0)+IF($E32>=L$7,1,0)+IF($D32<=L$7,-1,0) -> 0 | M33: =IF($D32<=M$7,1,0)+IF($D32>M$7,-1,0)+IF($E32>=M$7,1,0)+IF($D32<=M$7,-1,0) -> 0 | ... R33: =IF($D32<=R$7,1,0)+IF($D32>R$7,-1,0)+IF($E32>=R$7,1,0)+IF($D32<=R$7,-1,0) -> 1 | S33: 0 | T33: 0 | U33: 0 | V33: 0 | W33: 0 | X33: 0 | Y33: 0 | Z33: 0 | AA33: 0 | AB33: 0 | AC33: =IF($D32<=AC$7,1,0)+IF($D32>AC$7,-1,0)+IF($E32>=AC$7,1,0)+IF($D32<=AC$7,-1,0) -> 1 | AD33: =IF($D32<=AD$7,1,0)+IF($D32>AD$7,-1,0)+IF($E32>=AD$7,1,0)+IF($D32<=AD$7,-1,0) -> 1 | AE33: =IF($D32<=AE$7,1,0)+IF($D32>AE$7,-1,0)+IF($E32>=AE$7,1,0)+IF($D32<=AE$7,-1,0) -> 0 | AF33: 0 | AG33: 0 | AH33: =IF($D32<=AH$7,1,0)+IF($D32>AH$7,-1,0)+IF($E32>=AH$7,1,0)+IF($D32<=AH$7,-1,0) -> 0 | AI33: =IF($D32<=AI$7,1,0)+IF($D32>AI$7,-1,0)+IF($E32>=AI$7,1,0)+IF($D32<=AI$7,-1,0) -> 0 | AJ33: 0 | AK33: 0 | AL33: =IF($D32<=AL$7,1,0)+IF($D32>AL$7,-1,0)+IF($E32>=AL$7,1,0)+IF($D32<=AL$7,-1,0) -> 0 | AM33: =IF($D32<=AM$7,1,0)+IF($D32>AM$7,-1,0)+IF($E32>=AM$7,1,0)+IF($D32<=AM$7,-1,0) -> 0 | AN33: 0 | AO33: 0
F34: =IF(F33>0,($C32/COUNTIF($F33:$AS33,">0")),0) -> 0 | G34: =IF(G33>0,($C32/COUNTIF($F33:$AS33,">0")),0) -> 0 | H34: =IF(H33>0,($C32/COUNTIF($F33:$AS33,">0")),0) -> 0 | I34: =IF(I33>0,($C32/COUNTIF($F33:$AS33,">0")),0) -> 0 | J34: =IF(J33>0,($C32/COUNTIF($F33:$AS33,">0")),0) -> 0 | K34: =IF(K33>0,($C32/COUNTIF($F33:$AS33,">0")),0) -> 0 | L34: =IF(L33>0,($C32/COUNTIF($F33:$AS33,">0")),0) -> 0 | M34: =IF(M33>0,($C32/COUNTIF($F33:$AS33,">0")),0) -> 0 | ... AO34: =IF(AO33>0,($C32/COUNTIF($F33:$AS33,">0")),0) -> 0
A35: ,
A36: ='[1]Orçamento GERAL'!D137 -> 8 | B36: ='[1]Orçamento GERAL'!E137 -> INSTALAÇÕES HIDRO-SANITÁRIAS | D36: 9 | E36: 25 | F36: =SUM(F38:I38) -> 0 | J36: =SUM(J38:M38) -> 0 | N36: =SUM(N38:Q38) -> 0 | R36: =SUM(R38:U38) -> 0 | V36: =SUM(V38:Y38) -> 0 | Z36: =SUM(Z38:AC38) -> 0 | AD36: =SUM(R38:U38) -> 0 | AH36: =SUM(AH38:AK38) -> 0 | AL36: =SUM(AL38:AO38) -> 0
F37: =IF($D36<=F$7,1,0)+IF($D36>F$7,-1,0)+IF($E36>=F$7,1,0)+IF($D36<=F$7,-1,0) -> 0 | G37: =IF($D36<=G$7,1,0)+IF($D36>G$7,-1,0)+IF($E36>=G$7,1,0)+IF($D36<=G$7,-1,0) -> 0 | H37: =IF($D36<=H$7,1,0)+IF($D36>H$7,-1,0)+IF($E36>=H$7,1,0)+IF($D36<=H$7,-1,0) -> 0 | I37: =IF($D36<=I$7,1,0)+IF($D36>I$7,-1,0)+IF($E36>=I$7,1,0)+IF($D36<=I$7,-1,0) -> 0 | J37: =IF($D36<=J$7,1,0)+IF($D36>J$7,-1,0)+IF($E36>=J$7,1,0)+IF($D36<=J$7,-1,0) -> 0 | K37: =IF($D36<=K$7,1,0)+IF($D36>K$7,-1,0)+IF($E36>=K$7,1,0)+IF($D36<=K$7,-1,0) -> 0 | L37: =IF($D36<=L$7,1,0)+IF($D36>L$7,-1,0)+IF($E36>=L$7,1,0)+IF($D36<=L$7,-1,0) -> 0 | M37: =IF($D36<=M$7,1,0)+IF($D36>M$7,-1,0)+IF($E36>=M$7,1,0)+IF($D36<=M$7,-1,0) -> 0 | ... R37: =IF($D36<=R$7,1,0)+IF($D36>R$7,-1,0)+IF($E36>=R$7,1,0)+IF($D36<=R$7,-1,0) -> 1 | S37: 0 | T37: 0 | U37: 0 | V37: 0 | W37: 0 | X37: 0 | Y37: 0 | Z37: 1 | AA37: 1 | AB37: 1 | AC37: 1 | AD37: 1 | AE37: 0 | AF37: =IF($D36<=AF$7,1,0)+IF($D36>AF$7,-1,0)+IF($E36>=AF$7,1,0)+IF($D36<=AF$7,-1,0) -> 0 | AG37: =IF($D36<=AG$7,1,0)+IF($D36>AG$7,-1,0)+IF($E36>=AG$7,1,0)+IF($D36<=AG$7,-1,0) -> 0 | AH37: =IF($D36<=AH$7,1,0)+IF($D36>AH$7,-1,0)+IF($E36>=AH$7,1,0)+IF($D36<=AH$7,-1,0) -> 0 | AI37: =IF($D36<=AI$7,1,0)+IF($D36>AI$7,-1,0)+IF($E36>=AI$7,1,0)+IF($D36<=AI$7,-1,0) -> 0 | AJ37: =IF($D36<=AJ$7,1,0)+IF($D36>AJ$7,-1,0)+IF($E36>=AJ$7,1,0)+IF($D36<=AJ$7,-1,0) -> 0 | AK37: =IF($D36<=AK$7,1,0)+IF($D36>AK$7,-1,0)+IF($E36>=AK$7,1,0)+IF($D36<=AK$7,-1,0) -> 0 | AL37: =IF($D36<=AL$7,1,0)+IF($D36>AL$7,-1,0)+IF($E36>=AL$7,1,0)+IF($D36<=AL$7,-1,0) -> 0 | AM37: =IF($D36<=AM$7,1,0)+IF($D36>AM$7,-1,0)+IF($E36>=AM$7,1,0)+IF($D36<=AM$7,-1,0) -> 0 | ... AO37: =IF($D36<=AO$7,1,0)+IF($D36>AO$7,-1,0)+IF($E36>=AO$7,1,0)+IF($D36<=AO$7,-1,0) -> 0
F38: =IF(F37>0,($C36/COUNTIF($F37:$AS37,">0")),0) -> 0 | G38: =IF(G37>0,($C36/COUNTIF($F37:$AS37,">0")),0) -> 0 | H38: =IF(H37>0,($C36/COUNTIF($F37:$AS37,">0")),0) -> 0 | I38: =IF(I37>0,($C36/COUNTIF($F37:$AS37,">0")),0) -> 0 | J38: =IF(J37>0,($C36/COUNTIF($F37:$AS37,">0")),0) -> 0 | K38: =IF(K37>0,($C36/COUNTIF($F37:$AS37,">0")),0) -> 0 | L38: =IF(L37>0,($C36/COUNTIF($F37:$AS37,">0")),0) -> 0 | M38: =IF(M37>0,($C36/COUNTIF($F37:$AS37,">0")),0) -> 0 | ... AO38: =IF(AO37>0,($C36/COUNTIF($F37:$AS37,">0")),0) -> 0
A39: ,
A40: ='[1]Orçamento GERAL'!D189 -> 9 | B40: ='[1]Orçamento GERAL'!E189 -> INCENDIO | D40: 33 | E40: 34 | F40: =SUM(F42:I42) -> 0 | J40: =SUM(J42:M42) -> 0 | N40: =SUM(N42:Q42) -> 0 | R40: =SUM(R42:U42) -> 0 | V40: =SUM(V42:Y42) -> 0 | Z40: =SUM(Z42:AC42) -> 0 | AD40: =SUM(AD42:AG42) -> 0 | AH40: =SUM(AH42:AK42) -> 0 | AL40: =SUM(AL42:AO42) -> 0
F41: =IF($D40<=F$7,1,0)+IF($D40>F$7,-1,0)+IF($E40>=F$7,1,0)+IF($D40<=F$7,-1,0) -> 0 | G41: =IF($D40<=G$7,1,0)+IF($D40>G$7,-1,0)+IF($E40>=G$7,1,0)+IF($D40<=G$7,-1,0) -> 0 | H41: =IF($D40<=H$7,1,0)+IF($D40>H$7,-1,0)+IF($E40>=H$7,1,0)+IF($D40<=H$7,-1,0) -> 0 | I41: =IF($D40<=I$7,1,0)+IF($D40>I$7,-1,0)+IF($E40>=I$7,1,0)+IF($D40<=I$7,-1,0) -> 0 | J41: =IF($D40<=J$7,1,0)+IF($D40>J$7,-1,0)+IF($E40>=J$7,1,0)+IF($D40<=J$7,-1,0) -> 0 | K41: =IF($D40<=K$7,1,0)+IF($D40>K$7,-1,0)+IF($E40>=K$7,1,0)+IF($D40<=K$7,-1,0) -> 0 | L41: =IF($D40<=L$7,1,0)+IF($D40>L$7,-1,0)+IF($E40>=L$7,1,0)+IF($D40<=L$7,-1,0) -> 0 | M41: =IF($D40<=M$7,1,0)+IF($D40>M$7,-1,0)+IF($E40>=M$7,1,0)+IF($D40<=M$7,-1,0) -> 0 | N41: 0 | O41: 0 | P41: 0 | Q41: 0 | R41: 0 | S41: 0 | T41: 0 | U41: 0 | V41: 0 | W41: 0 | X41: 0 | Y41: 0 | Z41: 0 | AA41: 0 | AB41: 0 | AC41: 0 | AD41: 0 | AE41: 0 | AF41: =IF($D40<=AF$7,1,0)+IF($D40>AF$7,-1,0)+IF($E40>=AF$7,1,0)+IF($D40<=AF$7,-1,0) -> 0 | AG41: =IF($D40<=AG$7,1,0)+IF($D40>AG$7,-1,0)+IF($E40>=AG$7,1,0)+IF($D40<=AG$7,-1,0) -> 0 | AH41: =IF($D40<=AH$7,1,0)+IF($D40>AH$7,-1,0)+IF($E40>=AH$7,1,0)+IF($D40<=AH$7,-1,0) -> 0 | AI41: =IF($D40<=AI$7,1,0)+IF($D40>AI$7,-1,0)+IF($E40>=AI$7,1,0)+IF($D40<=AI$7,-1,0) -> 0 | AJ41: =IF($D40<=AJ$7,1,0)+IF($D40>AJ$7,-1,0)+IF($E40>=AJ$7,1,0)+IF($D40<=AJ$7,-1,0) -> 0 | AK41: =IF($D40<=AK$7,1,0)+IF($D40>AK$7,-1,0)+IF($E40>=AK$7,1,0)+IF($D40<=AK$7,-1,0) -> 0 | AL41: 1 | AM41: 1 | AN41: 0 | AO41: 0
F42: =IF(F41>0,($C40/COUNTIF($F41:$AS41,">0")),0) -> 0 | G42: =IF(G41>0,($C40/COUNTIF($F41:$AS41,">0")),0) -> 0 | H42: =IF(H41>0,($C40/COUNTIF($F41:$AS41,">0")),0) -> 0 | I42: =IF(I41>0,($C40/COUNTIF($F41:$AS41,">0")),0) -> 0 | J42: =IF(J41>0,($C40/COUNTIF($F41:$AS41,">0")),0) -> 0 | K42: =IF(K41>0,($C40/COUNTIF($F41:$AS41,">0")),0) -> 0 | L42: =IF(L41>0,($C40/COUNTIF($F41:$AS41,">0")),0) -> 0 | M42: =IF(M41>0,($C40/COUNTIF($F41:$AS41,">0")),0) -> 0 | ... AO42: =IF(AO41>0,($C40/COUNTIF($F41:$AS41,">0")),0) -> 0
A43: ,
A44: ='[1]Orçamento GERAL'!D197 -> 10 | B44: ='[1]Orçamento GERAL'!E197 -> PISOS E REVESTIMENTOS | D44: 13 | E44: 28 | F44: =SUM(F46:I46) -> 0 | J44: =SUM(J46:M46) -> 0 | N44: =SUM(N46:Q46) -> 0 | R44: =SUM(R46:U46) -> 0 | V44: =SUM(V46:Y46) -> 0 | Z44: =SUM(Z46:AC46) -> 0 | AD44: =SUM(R46:U46) -> 0 | AH44: =SUM(AH46:AK46) -> 0 | AL44: =SUM(AL46:AO46) -> 0
F45: =IF($D44<=F$7,1,0)+IF($D44>F$7,-1,0)+IF($E44>=F$7,1,0)+IF($D44<=F$7,-1,0) -> 0 | G45: =IF($D44<=G$7,1,0)+IF($D44>G$7,-1,0)+IF($E44>=G$7,1,0)+IF($D44<=G$7,-1,0) -> 0 | H45: =IF($D44<=H$7,1,0)+IF($D44>H$7,-1,0)+IF($E44>=H$7,1,0)+IF($D44<=H$7,-1,0) -> 0 | I45: =IF($D44<=I$7,1,0)+IF($D44>I$7,-1,0)+IF($E44>=I$7,1,0)+IF($D44<=I$7,-1,0) -> 0 | J45: =IF($D44<=J$7,1,0)+IF($D44>J$7,-1,0)+IF($E44>=J$7,1,0)+IF($D44<=J$7,-1,0) -> 0 | K45: =IF($D44<=K$7,1,0)+IF($D44>K$7,-1,0)+IF($E44>=K$7,1,0)+IF($D44<=K$7,-1,0) -> 0 | L45: =IF($D44<=L$7,1,0)+IF($D44>L$7,-1,0)+IF($E44>=L$7,1,0)+IF($D44<=L$7,-1,0) -> 0 | M45: =IF($D44<=M$7,1,0)+IF($D44>M$7,-1,0)+IF($E44>=M$7,1,0)+IF($D44<=M$7,-1,0) -> 0 | ... U45: =IF($D44<=U$7,1,0)+IF($D44>U$7,-1,0)+IF($E44>=U$7,1,0)+IF($D44<=U$7,-1,0) -> 1 | V45: 0 | W45: 0 | X45: 0 | Y45: 0 | Z45: 0 | AA45: 0 | AB45: 0 | AC45: 0 | AD45: 1 | AE45: 1 | AF45: 1 | AG45: 1 | AH45: 0 | AI45: 0 | AJ45: 0 | AK45: 0 | AL45: 0 | AM45: 0 | AN45: 0 | AO45: 0
F46: =IF(F45>0,($C44/COUNTIF($F45:$AS45,">0")),0) -> 0 | G46: =IF(G45>0,($C44/COUNTIF($F45:$AS45,">0")),0) -> 0 | H46: =IF(H45>0,($C44/COUNTIF($F45:$AS45,">0")),0) -> 0 | I46: =IF(I45>0,($C44/COUNTIF($F45:$AS45,">0")),0) -> 0 | J46: =IF(J45>0,($C44/COUNTIF($F45:$AS45,">0")),0) -> 0 | K46: =IF(K45>0,($C44/COUNTIF($F45:$AS45,">0")),0) -> 0 | L46: =IF(L45>0,($C44/COUNTIF($F45:$AS45,">0")),0) -> 0 | M46: =IF(M45>0,($C44/COUNTIF($F45:$AS45,">0")),0) -> 0 | ... AO46: =IF(AO45>0,($C44/COUNTIF($F45:$AS45,">0")),0) -> 0
A47: ,
A48: ='[1]Orçamento GERAL'!D226 -> 11 | B48: ='[1]Orçamento GERAL'!E226 -> ESQUADRIAS | D48: 13 | E48: 26 | F48: =SUM(F50:I50) -> 0 | J48: =SUM(J50:M50) -> 0 | N48: =SUM(N50:Q50) -> 0 | R48: =SUM(R50:U50) -> 0 | V48: =SUM(V50:Y50) -> 0 | Z48: =SUM(Z50:AC50) -> 0 | AD48: =SUM(R50:U50) -> 0 | AH48: =SUM(AH50:AK50) -> 0 | AL48: =SUM(AL50:AO50) -> 0
F49: =IF($D48<=F$7,1,0)+IF($D48>F$7,-1,0)+IF($E48>=F$7,1,0)+IF($D48<=F$7,-1,0) -> 0 | G49: =IF($D48<=G$7,1,0)+IF($D48>G$7,-1,0)+IF($E48>=G$7,1,0)+IF($D48<=G$7,-1,0) -> 0 | H49: =IF($D48<=H$7,1,0)+IF($D48>H$7,-1,0)+IF($E48>=H$7,1,0)+IF($D48<=H$7,-1,0) -> 0 | I49: =IF($D48<=I$7,1,0)+IF($D48>I$7,-1,0)+IF($E48>=I$7,1,0)+IF($D48<=I$7,-1,0) -> 0 | J49: =IF($D48<=J$7,1,0)+IF($D48>J$7,-1,0)+IF($E48>=J$7,1,0)+IF($D48<=J$7,-1,0) -> 0 | K49: =IF($D48<=K$7,1,0)+IF($D48>K$7,-1,0)+IF($E48>=K$7,1,0)+IF($D48<=K$7,-1,0) -> 0 | L49: =IF($D48<=L$7,1,0)+IF($D48>L$7,-1,0)+IF($E48>=L$7,1,0)+IF($D48<=L$7,-1,0) -> 0 | M49: =IF($D48<=M$7,1,0)+IF($D48>M$7,-1,0)+IF($E48>=M$7,1,0)+IF($D48<=M$7,-1,0) -> 0 | ... Q49: =IF($D48<=Q$7,1,0)+IF($D48>Q$7,-1,0)+IF($E48>=Q$7,1,0)+IF($D48<=Q$7,-1,0) -> 0 | R49: 1 | S49: 1 | T49: 0 | U49: 0 | V49: 0 | W49: 0 | X49: 0 | Y49: 0 | Z49: 0 | AA49: 0 | AB49: 0 | AC49: 0 | AD49: 1 | AE49: =IF($D48<=AE$7,1,0)+IF($D48>AE$7,-1,0)+IF($E48>=AE$7,1,0)+IF($D48<=AE$7,-1,0) -> 1 | AF49: 0 | AG49: 0 | AH49: =IF($D48<=AH$7,1,0)+IF($D48>AH$7,-1,0)+IF($E48>=AH$7,1,0)+IF($D48<=AH$7,-1,0) -> 0 | AI49: =IF($D48<=AI$7,1,0)+IF($D48>AI$7,-1,0)+IF($E48>=AI$7,1,0)+IF($D48<=AI$7,-1,0) -> 0 | AJ49: 0 | AK49: 0 | AL49: =IF($D48<=AL$7,1,0)+IF($D48>AL$7,-1,0)+IF($E48>=AL$7,1,0)+IF($D48<=AL$7,-1,0) -> 0 | AM49: =IF($D48<=AM$7,1,0)+IF($D48>AM$7,-1,0)+IF($E48>=AM$7,1,0)+IF($D48<=AM$7,-1,0) -> 0 | AN49: 0 | AO49: 0
F50: =IF(F49>0,($C48/COUNTIF($F49:$AS49,">0")),0) -> 0 | G50: =IF(G49>0,($C48/COUNTIF($F49:$AS49,">0")),0) -> 0 | H50: =IF(H49>0,($C48/COUNTIF($F49:$AS49,">0")),0) -> 0 | I50: =IF(I49>0,($C48/COUNTIF($F49:$AS49,">0")),0) -> 0 | J50: =IF(J49>0,($C48/COUNTIF($F49:$AS49,">0")),0) -> 0 | K50: =IF(K49>0,($C48/COUNTIF($F49:$AS49,">0")),0) -> 0 | L50: =IF(L49>0,($C48/COUNTIF($F49:$AS49,">0")),0) -> 0 | M50: =IF(M49>0,($C48/COUNTIF($F49:$AS49,">0")),0) -> 0 | ... AO50: =IF(AO49>0,($C48/COUNTIF($F49:$AS49,">0")),0) -> 0
A51: ,
F52: =#N/A -> #N/A | G52: =#N/A -> #N/A | H52: =#N/A -> #N/A | I52: =#N/A -> #N/A | J52: =#N/A -> #N/A | K52: =#N/A -> #N/A | L52: =#N/A -> #N/A | M52: =#N/A -> #N/A | ... AS52: =#N/A -> #N/A
A53: ='[1]Orçamento GERAL'!D245 -> 12 | B53: ='[1]Orçamento GERAL'!E245 -> PINTURA | D53: 17 | E53: 36 | F53: =SUM(F55:I55) -> 0 | J53: =SUM(J55:M55) -> 0 | N53: =SUM(N55:Q55) -> 0 | R53: =SUM(R55:U55) -> 0 | V53: =SUM(V55:Y55) -> 0 | Z53: =SUM(Z55:AC55) -> 0 | AD53: =SUM(AD55:AG55) -> 0 | AH53: =SUM(AH55:AK55) -> 0 | AL53: =SUM(AL55:AO55) -> 0
F54: =IF($D53<=F$7,1,0)+IF($D53>F$7,-1,0)+IF($E53>=F$7,1,0)+IF($D53<=F$7,-1,0) -> 0 | G54: =IF($D53<=G$7,1,0)+IF($D53>G$7,-1,0)+IF($E53>=G$7,1,0)+IF($D53<=G$7,-1,0) -> 0 | H54: =IF($D53<=H$7,1,0)+IF($D53>H$7,-1,0)+IF($E53>=H$7,1,0)+IF($D53<=H$7,-1,0) -> 0 | I54: =IF($D53<=I$7,1,0)+IF($D53>I$7,-1,0)+IF($E53>=I$7,1,0)+IF($D53<=I$7,-1,0) -> 0 | J54: =IF($D53<=J$7,1,0)+IF($D53>J$7,-1,0)+IF($E53>=J$7,1,0)+IF($D53<=J$7,-1,0) -> 0 | K54: =IF($D53<=K$7,1,0)+IF($D53>K$7,-1,0)+IF($E53>=K$7,1,0)+IF($D53<=K$7,-1,0) -> 0 | L54: =IF($D53<=L$7,1,0)+IF($D53>L$7,-1,0)+IF($E53>=L$7,1,0)+IF($D53<=L$7,-1,0) -> 0 | M54: =IF($D53<=M$7,1,0)+IF($D53>M$7,-1,0)+IF($E53>=M$7,1,0)+IF($D53<=M$7,-1,0) -> 0 | ... Y54: =IF($D53<=Y$7,1,0)+IF($D53>Y$7,-1,0)+IF($E53>=Y$7,1,0)+IF($D53<=Y$7,-1,0) -> 1 | Z54: 0 | AA54: 0 | AB54: 0 | AC54: 0 | AD54: 0 | AE54: 0 | AF54: 0 | AG54: 0 | AH54: =IF($D53<=AH$7,1,0)+IF($D53>AH$7,-1,0)+IF($E53>=AH$7,1,0)+IF($D53<=AH$7,-1,0) -> 1 | AI54: =IF($D53<=AI$7,1,0)+IF($D53>AI$7,-1,0)+IF($E53>=AI$7,1,0)+IF($D53<=AI$7,-1,0) -> 1 | AJ54: =IF($D53<=AJ$7,1,0)+IF($D53>AJ$7,-1,0)+IF($E53>=AJ$7,1,0)+IF($D53<=AJ$7,-1,0) -> 1 | AK54: =IF($D53<=AK$7,1,0)+IF($D53>AK$7,-1,0)+IF($E53>=AK$7,1,0)+IF($D53<=AK$7,-1,0) -> 1 | AL54: =IF($D53<=AL$7,1,0)+IF($D53>AL$7,-1,0)+IF($E53>=AL$7,1,0)+IF($D53<=AL$7,-1,0) -> 1 | AM54: =IF($D53<=AM$7,1,0)+IF($D53>AM$7,-1,0)+IF($E53>=AM$7,1,0)+IF($D53<=AM$7,-1,0) -> 1 | AN54: =IF($D53<=AN$7,1,0)+IF($D53>AN$7,-1,0)+IF($E53>=AN$7,1,0)+IF($D53<=AN$7,-1,0) -> 1 | AO54: =IF($D53<=AO$7,1,0)+IF($D53>AO$7,-1,0)+IF($E53>=AO$7,1,0)+IF($D53<=AO$7,-1,0) -> 1
F55: =IF(F54>0,($C53/COUNTIF($F54:$AS54,">0")),0) -> 0 | G55: =IF(G54>0,($C53/COUNTIF($F54:$AS54,">0")),0) -> 0 | H55: =IF(H54>0,($C53/COUNTIF($F54:$AS54,">0")),0) -> 0 | I55: =IF(I54>0,($C53/COUNTIF($F54:$AS54,">0")),0) -> 0 | J55: =IF(J54>0,($C53/COUNTIF($F54:$AS54,">0")),0) -> 0 | K55: =IF(K54>0,($C53/COUNTIF($F54:$AS54,">0")),0) -> 0 | L55: =IF(L54>0,($C53/COUNTIF($F54:$AS54,">0")),0) -> 0 | M55: =IF(M54>0,($C53/COUNTIF($F54:$AS54,">0")),0) -> 0 | ... AO55: =IF(AO54>0,($C53/COUNTIF($F54:$AS54,">0")),0) -> 0
A56: ,
A57: ='[1]Orçamento GERAL'!D251 -> 13 | B57: ='[1]Orçamento GERAL'!E251 -> ACESSÓRIOS | D57: 17 | E57: 36 | F57: =SUM(F59:I59) -> 0 | J57: =SUM(J59:M59) -> 0 | N57: =SUM(N59:Q59) -> 0 | R57: =SUM(R59:U59) -> 0 | V57: =SUM(V59:Y59) -> 0 | Z57: =SUM(Z59:AC59) -> 0 | AD57: =SUM(AD59:AG59) -> 0 | AH57: =SUM(AH59:AK59) -> 0 | AL57: =SUM(AL59:AO59) -> 0
F58: =IF($D57<=F$7,1,0)+IF($D57>F$7,-1,0)+IF($E57>=F$7,1,0)+IF($D57<=F$7,-1,0) -> 0 | G58: =IF($D57<=G$7,1,0)+IF($D57>G$7,-1,0)+IF($E57>=G$7,1,0)+IF($D57<=G$7,-1,0) -> 0 | H58: =IF($D57<=H$7,1,0)+IF($D57>H$7,-1,0)+IF($E57>=H$7,1,0)+IF($D57<=H$7,-1,0) -> 0 | I58: =IF($D57<=I$7,1,0)+IF($D57>I$7,-1,0)+IF($E57>=I$7,1,0)+IF($D57<=I$7,-1,0) -> 0 | J58: =IF($D57<=J$7,1,0)+IF($D57>J$7,-1,0)+IF($E57>=J$7,1,0)+IF($D57<=J$7,-1,0) -> 0 | K58: =IF($D57<=K$7,1,0)+IF($D57>K$7,-1,0)+IF($E57>=K$7,1,0)+IF($D57<=K$7,-1,0) -> 0 | L58: =IF($D57<=L$7,1,0)+IF($D57>L$7,-1,0)+IF($E57>=L$7,1,0)+IF($D57<=L$7,-1,0) -> 0 | M58: =IF($D57<=M$7,1,0)+IF($D57>M$7,-1,0)+IF($E57>=M$7,1,0)+IF($D57<=M$7,-1,0) -> 0 | ... Y58: =IF($D57<=Y$7,1,0)+IF($D57>Y$7,-1,0)+IF($E57>=Y$7,1,0)+IF($D57<=Y$7,-1,0) -> 1 | Z58: 0 | AA58: 0 | AB58: 0 | AC58: 0 | AD58: 0 | AE58: 0 | AF58: 0 | AG58: 0 | AH58: 0 | AI58: 0 | AJ58: 0 | AK58: 0 | AL58: 1 | AM58: 1 | AN58: 1 | AO58: 1
F59: =IF(F58>0,($C57/COUNTIF($F58:$AS58,">0")),0) -> 0 | G59: =IF(G58>0,($C57/COUNTIF($F58:$AS58,">0")),0) -> 0 | H59: =IF(H58>0,($C57/COUNTIF($F58:$AS58,">0")),0) -> 0 | I59: =IF(I58>0,($C57/COUNTIF($F58:$AS58,">0")),0) -> 0 | J59: =IF(J58>0,($C57/COUNTIF($F58:$AS58,">0")),0) -> 0 | K59: =IF(K58>0,($C57/COUNTIF($F58:$AS58,">0")),0) -> 0 | L59: =IF(L58>0,($C57/COUNTIF($F58:$AS58,">0")),0) -> 0 | M59: =IF(M58>0,($C57/COUNTIF($F58:$AS58,">0")),0) -> 0 | ... AO59: =IF(AO58>0,($C57/COUNTIF($F58:$AS58,">0")),0) -> 0
A60: ,
A61: ='[1]Orçamento GERAL'!D269 -> 14 | B61: ='[1]Orçamento GERAL'!E269 -> CLIMATIZAÇÃO | D61: 12 | E61: 34 | F61: =SUM(F63:I63) -> 0 | J61: =SUM(J63:M63) -> 0 | N61: =SUM(N63:Q63) -> 0 | R61: =SUM(R63:U63) -> 0 | V61: =SUM(V63:Y63) -> 0 | Z61: =SUM(Z63:AC63) -> 0 | AD61: =SUM(AD63:AG63) -> 0 | AH61: =SUM(AH63:AK63) -> 0 | AL61: =SUM(AL63:AO63) -> 0
F62: =IF($D61<=F$7,1,0)+IF($D61>F$7,-1,0)+IF($E61>=F$7,1,0)+IF($D61<=F$7,-1,0) -> 0 | G62: =IF($D61<=G$7,1,0)+IF($D61>G$7,-1,0)+IF($E61>=G$7,1,0)+IF($D61<=G$7,-1,0) -> 0 | H62: =IF($D61<=H$7,1,0)+IF($D61>H$7,-1,0)+IF($E61>=H$7,1,0)+IF($D61<=H$7,-1,0) -> 0 | I62: =IF($D61<=I$7,1,0)+IF($D61>I$7,-1,0)+IF($E61>=I$7,1,0)+IF($D61<=I$7,-1,0) -> 0 | J62: =IF($D61<=J$7,1,0)+IF($D61>J$7,-1,0)+IF($E61>=J$7,1,0)+IF($D61<=J$7,-1,0) -> 0 | K62: =IF($D61<=K$7,1,0)+IF($D61>K$7,-1,0)+IF($E61>=K$7,1,0)+IF($D61<=K$7,-1,0) -> 0 | L62: =IF($D61<=L$7,1,0)+IF($D61>L$7,-1,0)+IF($E61>=L$7,1,0)+IF($D61<=L$7,-1,0) -> 0 | M62: =IF($D61<=M$7,1,0)+IF($D61>M$7,-1,0)+IF($E61>=M$7,1,0)+IF($D61<=M$7,-1,0) -> 0 | ... S62: =IF($D61<=S$7,1,0)+IF($D61>S$7,-1,0)+IF($E61>=S$7,1,0)+IF($D61<=S$7,-1,0) -> 1 | T62: 0 | U62: 0 | V62: 0 | W62: 0 | X62: 0 | Y62: 0 | Z62: =IF($D61<=Z$7,1,0)+IF($D61>Z$7,-1,0)+IF($E61>=Z$7,1,0)+IF($D61<=Z$7,-1,0) -> 1 | AA62: 0 | AB62: 0 | AC62: 1 | AD62: =IF($D61<=AD$7,1,0)+IF($D61>AD$7,-1,0)+IF($E61>=AD$7,1,0)+IF($D61<=AD$7,-1,0) -> 1 | AE62: =IF($D61<=AE$7,1,0)+IF($D61>AE$7,-1,0)+IF($E61>=AE$7,1,0)+IF($D61<=AE$7,-1,0) -> 1 | AF62: 0 | AG62: 0 | AH62: 0 | AI62: 0 | AJ62: 0 | AK62: 0 | AL62: =IF($D61<=AL$7,1,0)+IF($D61>AL$7,-1,0)+IF($E61>=AL$7,1,0)+IF($D61<=AL$7,-1,0) -> 1 | AM62: =IF($D61<=AM$7,1,0)+IF($D61>AM$7,-1,0)+IF($E61>=AM$7,1,0)+IF($D61<=AM$7,-1,0) -> 1 | AN62: =IF($D61<=AN$7,1,0)+IF($D61>AN$7,-1,0)+IF($E61>=AN$7,1,0)+IF($D61<=AN$7,-1,0) -> 0 | AO62: =IF($D61<=AO$7,1,0)+IF($D61>AO$7,-1,0)+IF($E61>=AO$7,1,0)+IF($D61<=AO$7,-1,0) -> 0
F63: =IF(F62>0,($C61/COUNTIF($F62:$AS62,">0")),0) -> 0 | G63: =IF(G62>0,($C61/COUNTIF($F62:$AS62,">0")),0) -> 0 | H63: =IF(H62>0,($C61/COUNTIF($F62:$AS62,">0")),0) -> 0 | I63: =IF(I62>0,($C61/COUNTIF($F62:$AS62,">0")),0) -> 0 | J63: =IF(J62>0,($C61/COUNTIF($F62:$AS62,">0")),0) -> 0 | K63: =IF(K62>0,($C61/COUNTIF($F62:$AS62,">0")),0) -> 0 | L63: =IF(L62>0,($C61/COUNTIF($F62:$AS62,">0")),0) -> 0 | M63: =IF(M62>0,($C61/COUNTIF($F62:$AS62,">0")),0) -> 0 | ... AO63: =IF(AO62>0,($C61/COUNTIF($F62:$AS62,">0")),0) -> 0 | AP63: =IF(#REF!>0,(#REF!/COUNTIF(#REF!,">0")),0) -> #REF! | AQ63: =IF(#REF!>0,(#REF!/COUNTIF(#REF!,">0")),0) -> #REF! | AR63: =IF(#REF!>0,(#REF!/COUNTIF(#REF!,">0")),0) -> #REF! | AS63: =IF(#REF!>0,(#REF!/COUNTIF(#REF!,">0")),0) -> #REF!
A64: ='[1]Orçamento GERAL'!D282 -> 15 | B64: ='[1]Orçamento GERAL'!E282 -> SINALIZAÇÃO VIÁRIA | D64: 35 | E64: 36 | F64: =SUM(F66:I66) -> 0 | J64: =SUM(J66:M66) -> 0 | N64: =SUM(N66:Q66) -> 0 | R64: =SUM(R66:U66) -> 0 | V64: =SUM(V66:Y66) -> 0 | Z64: =SUM(Z66:AC66) -> 0 | AD64: =SUM(AD66:AG66) -> 0 | AH64: =SUM(AH66:AK66) -> 0 | AL64: =SUM(AL66:AO66) -> 0
F65: =IF($D64<=F$7,1,0)+IF($D64>F$7,-1,0)+IF($E64>=F$7,1,0)+IF($D64<=F$7,-1,0) -> 0 | G65: =IF($D64<=G$7,1,0)+IF($D64>G$7,-1,0)+IF($E64>=G$7,1,0)+IF($D64<=G$7,-1,0) -> 0 | H65: =IF($D64<=H$7,1,0)+IF($D64>H$7,-1,0)+IF($E64>=H$7,1,0)+IF($D64<=H$7,-1,0) -> 0 | I65: =IF($D64<=I$7,1,0)+IF($D64>I$7,-1,0)+IF($E64>=I$7,1,0)+IF($D64<=I$7,-1,0) -> 0 | J65: =IF($D64<=J$7,1,0)+IF($D64>J$7,-1,0)+IF($E64>=J$7,1,0)+IF($D64<=J$7,-1,0) -> 0 | K65: =IF($D64<=K$7,1,0)+IF($D64>K$7,-1,0)+IF($E64>=K$7,1,0)+IF($D64<=K$7,-1,0) -> 0 | L65: =IF($D64<=L$7,1,0)+IF($D64>L$7,-1,0)+IF($E64>=L$7,1,0)+IF($D64<=L$7,-1,0) -> 0 | M65: =IF($D64<=M$7,1,0)+IF($D64>M$7,-1,0)+IF($E64>=M$7,1,0)+IF($D64<=M$7,-1,0) -> 0 | ... AO65: =IF($D64<=AO$7,1,0)+IF($D64>AO$7,-1,0)+IF($E64>=AO$7,1,0)+IF($D64<=AO$7,-1,0) -> 1
F66: =IF(F65>0,($C64/COUNTIF($F65:$AS65,">0")),0) -> 0 | G66: =IF(G65>0,($C64/COUNTIF($F65:$AS65,">0")),0) -> 0 | H66: =IF(H65>0,($C64/COUNTIF($F65:$AS65,">0")),0) -> 0 | I66: =IF(I65>0,($C64/COUNTIF($F65:$AS65,">0")),0) -> 0 | J66: =IF(J65>0,($C64/COUNTIF($F65:$AS65,">0")),0) -> 0 | K66: =IF(K65>0,($C64/COUNTIF($F65:$AS65,">0")),0) -> 0 | L66: =IF(L65>0,($C64/COUNTIF($F65:$AS65,">0")),0) -> 0 | M66: =IF(M65>0,($C64/COUNTIF($F65:$AS65,">0")),0) -> 0 | ... AO66: =IF(AO65>0,($C64/COUNTIF($F65:$AS65,">0")),0) -> 0
A67: ,
A68: ='[1]Orçamento GERAL'!D287 -> 16 | B68: ='[1]Orçamento GERAL'!E287 -> SERVIÇOS COMPLEMENTARES | D68: 21 | E68: 36 | F68: =SUM(F70:I70) -> 0 | J68: =SUM(J70:M70) -> 0 | N68: =SUM(N70:Q70) -> 0 | R68: =SUM(R70:U70) -> 0 | V68: =SUM(V70:Y70) -> 0 | Z68: =SUM(Z70:AC70) -> 0 | AD68: =SUM(AD70:AG70) -> 0 | AH68: =SUM(AH70:AK70) -> 0 | AL68: =SUM(Z70:AC70) -> 0
F69: =IF($D68<=F$7,1,0)+IF($D68>F$7,-1,0)+IF($E68>=F$7,1,0)+IF($D68<=F$7,-1,0) -> 0 | G69: =IF($D68<=G$7,1,0)+IF($D68>G$7,-1,0)+IF($E68>=G$7,1,0)+IF($D68<=G$7,-1,0) -> 0 | H69: =IF($D68<=H$7,1,0)+IF($D68>H$7,-1,0)+IF($E68>=H$7,1,0)+IF($D68<=H$7,-1,0) -> 0 | I69: =IF($D68<=I$7,1,0)+IF($D68>I$7,-1,0)+IF($E68>=I$7,1,0)+IF($D68<=I$7,-1,0) -> 0 | J69: =IF($D68<=J$7,1,0)+IF($D68>J$7,-1,0)+IF($E68>=J$7,1,0)+IF($D68<=J$7,-1,0) -> 0 | K69: =IF($D68<=K$7,1,0)+IF($D68>K$7,-1,0)+IF($E68>=K$7,1,0)+IF($D68<=K$7,-1,0) -> 0 | L69: =IF($D68<=L$7,1,0)+IF($D68>L$7,-1,0)+IF($E68>=L$7,1,0)+IF($D68<=L$7,-1,0) -> 0 | M69: =IF($D68<=M$7,1,0)+IF($D68>M$7,-1,0)+IF($E68>=M$7,1,0)+IF($D68<=M$7,-1,0) -> 0 | ... AC69: =IF($D68<=AC$7,1,0)+IF($D68>AC$7,-1,0)+IF($E68>=AC$7,1,0)+IF($D68<=AC$7,-1,0) -> 1 | AD69: 0 | AE69: 0 | AF69: 0 | AG69: 0 | AH69: 0 | AI69: 0 | AJ69: 0 | AK69: 0 | AL69: =IF($D68<=AL$7,1,0)+IF($D68>AL$7,-1,0)+IF($E68>=AL$7,1,0)+IF($D68<=AL$7,-1,0) -> 1 | AM69: =IF($D68<=AM$7,1,0)+IF($D68>AM$7,-1,0)+IF($E68>=AM$7,1,0)+IF($D68<=AM$7,-1,0) -> 1 | AN69: =IF($D68<=AN$7,1,0)+IF($D68>AN$7,-1,0)+IF($E68>=AN$7,1,0)+IF($D68<=AN$7,-1,0) -> 1 | AO69: =IF($D68<=AO$7,1,0)+IF($D68>AO$7,-1,0)+IF($E68>=AO$7,1,0)+IF($D68<=AO$7,-1,0) -> 1
F70: =IF(F69>0,($C68/COUNTIF($F69:$AS69,">0")),0) -> 0 | G70: =IF(G69>0,($C68/COUNTIF($F69:$AS69,">0")),0) -> 0 | H70: =IF(H69>0,($C68/COUNTIF($F69:$AS69,">0")),0) -> 0 | I70: =IF(I69>0,($C68/COUNTIF($F69:$AS69,">0")),0) -> 0 | J70: =IF(J69>0,($C68/COUNTIF($F69:$AS69,">0")),0) -> 0 | K70: =IF(K69>0,($C68/COUNTIF($F69:$AS69,">0")),0) -> 0 | L70: =IF(L69>0,($C68/COUNTIF($F69:$AS69,">0")),0) -> 0 | M70: =IF(M69>0,($C68/COUNTIF($F69:$AS69,">0")),0) -> 0 | ... AO70: =IF(AO69>0,($C68/COUNTIF($F69:$AS69,">0")),0) -> 0
A71: ,
F72: =#N/A -> #N/A | G72: =#N/A -> #N/A | H72: =#N/A -> #N/A | I72: =#N/A -> #N/A | J72: =#N/A -> #N/A | K72: =#N/A -> #N/A | L72: =#N/A -> #N/A | M72: =#N/A -> #N/A | ... AS72: =#N/A -> #N/A
B73: TOTAL GERAL
B74: Total Do Mês em Reais
B75: Total do Mês em %
B76: Total Acumulado em Reais
B77: Total Acumulado em %
